Workbook
Name Курс_EUR: Содержание!$C$5
Name Скидка_3M_AM: '3M АМ'!$M$4
Name Скидка_3M_EUR: #REF!
Name Скидка_3M_RUB: #REF!
Name Скидка_ABREX: Abrex!$L$4
Name Скидка_JTAPE: Jtape!$K$4
Name Скидка_ROXELPRO: 'RP CR'!$L$4
Name Скидка_ROXELPRO_burrs: 'RP BR'!$Q$4
Name Скидка_ROXELPRO_Ind: 'RP IND'!$M$4
Name Скидка_RP_CST: 'RP CST'!$L$4
Name Скидка_RP_ind: 'RP CR'!$L$5
Name Скидка_RP_СИЗ: 'RP СИЗ'!$L$4
Name Скидка_SATA: Sata!$Q$4
Name Скидка_SM_CST: 'SM CST'!$L$4
Name Скидка_SUNMIGHT: Sunmight!$L$4

Sheet Содержание
A3: Содержание прайс-листа
A4: 46300 | B4: Сумма заявки
B5: Курс | C5: 105
B6: У.Е. | C6: РУБ
A7: Абразивные материалы SUNMIGHT/ SUNTEX (Южная Корея) | B7: =Sunmight!J5 -> 0 | C7: =B7*Курс_EUR -> 0
A8: Абразивные материалы SUNMIGHT/ RoxelPro для строительного рынка | B8: ='SM CST'!J5 -> 0 | C8: =B8*Курс_EUR -> 0
A9: Материалы для кузовного авторемонта RoxelPro | B9: ='RP CR'!J6 -> 0 | C9: =B9*Курс_EUR -> 0
A10: Абразивные материалы для индустрии RoxelPro | B10: ='RP IND'!K5 -> 0 | C10: =B10*Курс_EUR -> 0
A11: Твердосплавные борфрезы по металлу RoxelPro | B11: ='RP BR'!O5 -> 0 | C11: =B11*Курс_EUR -> 0
A12: Материалы для строительного рынка RoxelPro | B12: ='RP CST'!J5 -> 0 | C12: =B12*Курс_EUR -> 0
A13: Средства индивидуальной защиты RoxelPro | B13: ='RP СИЗ'!J5 -> 0 | C13: =B13*Курс_EUR -> 0
A14: Окрасочное оборудование и средства защиты SATA (Германия) | B14: =Sata!O5 -> 0 | C14: =B14*Курс_EUR -> 0
A15: Абразивные материалы 3М (США) | B15: ='3M АМ'!K5 -> 0 | C15: =B15*Курс_EUR -> 0
A16: Маскирующие материалы JTAPE (Англия) | B16: =Jtape!I5 -> 0 | C16: =B16*Курс_EUR -> 0
A17: Шлифовальный ручной инструмент ABREX-SYSTEM (Италия) | B17: =Abrex!J5 -> 0 | C17: =B17*Курс_EUR -> 0
A18: Итого: | B18: =SUM(B7:B17) -> 0 | C18: =SUM(C7:C17) -> 0

Sheet Sunmight
B2: Прайс - лист
B3: на абразивные материалы SUNMIGHT/ SUNTEX (Ю.Корея)
B4: Санкт-Петербург, 194362, пос.Парголово, Горское шоссе 6, логопарк "Осиновая Роща" | K4: Скидка:
B5: т./ф. + 7 (812) 640 4240 e-mail: info@lion-group.ru www.lion-group.ru | E5: Содержание | F5: =Курс_EUR -> 105 | I5: Сумма заказа, У.Е.: | J5: =SUM(J9:J904) -> 0 | K5: РУБ: | L5: =SUM(L9:L904) -> 0
A6: Изм. цены % | B6: Код | C6: Наименование товара | D6: Зерно | E6: Кол-во в упаковке | F6: Рекоменд. Цена У.Е. | G6: Рекоменд. Цена РУБ | H6: Заказ | I6: Цена со скидкой | J6: Сумма У.Е. | K6: Цена со скидкой | L6: Сумма РУБ
B7: Абразивный материал на основе синтетической плёнки с керамическим зерном CERAMIC L712T
B8: для удаления старого ЛКП, сухого шлифования шпаклёвки, грунтов, лакокрасочных материалов
A9: 0 | B9: 76308 | C9: Шлифовальный круг CERAMIC L712T 77мм на липучке с мультипылеотводом | D9: 120 | E9: 50 / 400 | F9: 0.33 | G9: =ROUND(F9*Курс_EUR,2) -> 34.65 | I9: =F9*(1-Скидка_SUNMIGHT) -> 0.33 | J9: =I9*H9 -> 0 | K9: =G9*(1-Скидка_SUNMIGHT) -> 34.65 | L9: =H9*K9 -> 0
A10: 0 | B10: 76310 | C10: Шлифовальный круг CERAMIC L712T 77мм на липучке с мультипылеотводом | D10: 180 | E10: 50 / 400 | F10: 0.33 | G10: =ROUND(F10*Курс_EUR,2) -> 34.65 | I10: =F10*(1-Скидка_SUNMIGHT) -> 0.33 | J10: =I10*H10 -> 0 | K10: =G10*(1-Скидка_SUNMIGHT) -> 34.65 | L10: =H10*K10 -> 0
A11: 0 | B11: 76314 | C11: Шлифовальный круг CERAMIC L712T 77мм на липучке с мультипылеотводом | D11: 320 | E11: 50 / 400 | F11: 0.33 | G11: =ROUND(F11*Курс_EUR,2) -> 34.65 | I11: =F11*(1-Скидка_SUNMIGHT) -> 0.33 | J11: =I11*H11 -> 0 | K11: =G11*(1-Скидка_SUNMIGHT) -> 34.65 | L11: =H11*K11 -> 0
A13: 0 | B13: 76403 | C13: Шлифовальный круг CERAMIC L712 125мм на липучке с мультипылеотводом | D13: 40 | E13: 25 / 200 | F13: 0.73 | G13: =ROUND(F13*Курс_EUR,2) -> 76.65 | I13: =F13*(1-Скидка_SUNMIGHT) -> 0.73 | J13: =I13*H13 -> 0 | K13: =G13*(1-Скидка_SUNMIGHT) -> 76.65 | L13: =H13*K13 -> 0
A14: 0 | B14: 76405 | C14: Шлифовальный круг CERAMIC L712 125мм на липучке с мультипылеотводом | D14: 60 | E14: 25 / 200 | F14: 0.61 | G14: =ROUND(F14*Курс_EUR,2) -> 64.05 | I14: =F14*(1-Скидка_SUNMIGHT) -> 0.61 | J14: =I14*H14 -> 0 | K14: =G14*(1-Скидка_SUNMIGHT) -> 64.05 | L14: =H14*K14 -> 0
A15: 0 | B15: 76406 | C15: Шлифовальный круг CERAMIC L712T 125мм на липучке с мультипылеотводом | D15: 80 | E15: 50 / 400 | F15: 0.46 | G15: =ROUND(F15*Курс_EUR,2) -> 48.3 | I15: =F15*(1-Скидка_SUNMIGHT) -> 0.46 | J15: =I15*H15 -> 0 | K15: =G15*(1-Скидка_SUNMIGHT) -> 48.3 | L15: =H15*K15 -> 0
A16: 0 | B16: 76407 | C16: Шлифовальный круг CERAMIC L712T 125мм на липучке с мультипылеотводом | D16: 100 | E16: 50 / 400 | F16: 0.42 | G16: =ROUND(F16*Курс_EUR,2) -> 44.1 | I16: =F16*(1-Скидка_SUNMIGHT) -> 0.42 | J16: =I16*H16 -> 0 | K16: =G16*(1-Скидка_SUNMIGHT) -> 44.1 | L16: =H16*K16 -> 0
A17: 0 | B17: 76408 | C17: Шлифовальный круг CERAMIC L712T 125мм на липучке с мультипылеотводом | D17: 120 | E17: 50 / 400 | F17: 0.42 | G17: =ROUND(F17*Курс_EUR,2) -> 44.1 | I17: =F17*(1-Скидка_SUNMIGHT) -> 0.42 | J17: =I17*H17 -> 0 | K17: =G17*(1-Скидка_SUNMIGHT) -> 44.1 | L17: =H17*K17 -> 0
A18: 0 | B18: 76409 | C18: Шлифовальный круг CERAMIC L712T 125мм на липучке с мультипылеотводом | D18: 150 | E18: 50 / 400 | F18: 0.42 | G18: =ROUND(F18*Курс_EUR,2) -> 44.1 | I18: =F18*(1-Скидка_SUNMIGHT) -> 0.42 | J18: =I18*H18 -> 0 | K18: =G18*(1-Скидка_SUNMIGHT) -> 44.1 | L18: =H18*K18 -> 0
A19: 0 | B19: 76410 | C19: Шлифовальный круг CERAMIC L712T 125мм на липучке с мультипылеотводом | D19: 180 | E19: 50 / 400 | F19: 0.42 | G19: =ROUND(F19*Курс_EUR,2) -> 44.1 | I19: =F19*(1-Скидка_SUNMIGHT) -> 0.42 | J19: =I19*H19 -> 0 | K19: =G19*(1-Скидка_SUNMIGHT) -> 44.1 | L19: =H19*K19 -> 0
A20: 0 | B20: 76411 | C20: Шлифовальный круг CERAMIC L712T 125мм на липучке с мультипылеотводом | D20: 220 | E20: 50 / 400 | F20: 0.42 | G20: =ROUND(F20*Курс_EUR,2) -> 44.1 | I20: =F20*(1-Скидка_SUNMIGHT) -> 0.42 | J20: =I20*H20 -> 0 | K20: =G20*(1-Скидка_SUNMIGHT) -> 44.1 | L20: =H20*K20 -> 0
A21: 0 | B21: 76412 | C21: Шлифовальный круг CERAMIC L712T 125мм на липучке с мультипылеотводом | D21: 240 | E21: 50 / 400 | F21: 0.42 | G21: =ROUND(F21*Курс_EUR,2) -> 44.1 | I21: =F21*(1-Скидка_SUNMIGHT) -> 0.42 | J21: =I21*H21 -> 0 | K21: =G21*(1-Скидка_SUNMIGHT) -> 44.1 | L21: =H21*K21 -> 0
... A65: 0 | B65: 77214 | C65: Шлиф.материал CERAMIC L712T в перфорир.рулонах 115мм х 12м на липучке с мультипылеотводом | D65: 320 | E65: 1 / 4 | F65: 51.72 | G65: =ROUND(F65*Курс_EUR,2) -> 5430.6 | I65: =F65*(1-Скидка_SUNMIGHT) -> 51.72 | J65: =I65*H65 -> 0 | K65: =G65*(1-Скидка_SUNMIGHT) -> 5430.6 | L65: =H65*K65 -> 0
B67: Сетчатый абразивный материал с керамическим зерном SUN NET CERAMIC X713T
B68: для беспыльного шлифования композитов, наполнителей, лакокрасочых материалов, пластика, цветных металлов и твёрдых пород древесины
A69: 0 | B69: 35006 | C69: Шлифовальный круг SUN NET CERAMIC X713T 125мм на липучке, сетка | D69: 80 | E69: 50 / 400 | F69: 0.75 | G69: =ROUND(F69*Курс_EUR,2) -> 78.75 | I69: =F69*(1-Скидка_SUNMIGHT) -> 0.75 | J69: =I69*H69 -> 0 | K69: =G69*(1-Скидка_SUNMIGHT) -> 78.75 | L69: =H69*K69 -> 0
A70: 0 | B70: 35007 | C70: Шлифовальный круг SUN NET CERAMIC X713T 125мм на липучке, сетка | D70: 100 | E70: 50 / 400 | F70: 0.65 | G70: =ROUND(F70*Курс_EUR,2) -> 68.25 | I70: =F70*(1-Скидка_SUNMIGHT) -> 0.65 | J70: =I70*H70 -> 0 | K70: =G70*(1-Скидка_SUNMIGHT) -> 68.25 | L70: =H70*K70 -> 0
A71: 0 | B71: 35008 | C71: Шлифовальный круг SUN NET CERAMIC X713T 125мм на липучке, сетка | D71: 120 | E71: 50 / 400 | F71: 0.65 | G71: =ROUND(F71*Курс_EUR,2) -> 68.25 | I71: =F71*(1-Скидка_SUNMIGHT) -> 0.65 | J71: =I71*H71 -> 0 | K71: =G71*(1-Скидка_SUNMIGHT) -> 68.25 | L71: =H71*K71 -> 0
A72: 0 | B72: 35009 | C72: Шлифовальный круг SUN NET CERAMIC X713T 125мм на липучке, сетка | D72: 150 | E72: 50 / 400 | F72: 0.65 | G72: =ROUND(F72*Курс_EUR,2) -> 68.25 | I72: =F72*(1-Скидка_SUNMIGHT) -> 0.65 | J72: =I72*H72 -> 0 | K72: =G72*(1-Скидка_SUNMIGHT) -> 68.25 | L72: =H72*K72 -> 0
A73: 0 | B73: 35010 | C73: Шлифовальный круг SUN NET CERAMIC X713T 125мм на липучке, сетка | D73: 180 | E73: 50 / 400 | F73: 0.65 | G73: =ROUND(F73*Курс_EUR,2) -> 68.25 | I73: =F73*(1-Скидка_SUNMIGHT) -> 0.65 | J73: =I73*H73 -> 0 | K73: =G73*(1-Скидка_SUNMIGHT) -> 68.25 | L73: =H73*K73 -> 0
A74: 0 | B74: 35011 | C74: Шлифовальный круг SUN NET CERAMIC X713T 125мм на липучке, сетка | D74: 220 | E74: 50 / 400 | F74: 0.65 | G74: =ROUND(F74*Курс_EUR,2) -> 68.25 | I74: =F74*(1-Скидка_SUNMIGHT) -> 0.65 | J74: =I74*H74 -> 0 | K74: =G74*(1-Скидка_SUNMIGHT) -> 68.25 | L74: =H74*K74 -> 0
A75: 0 | B75: 35012 | C75: Шлифовальный круг SUN NET CERAMIC X713T 125мм на липучке, сетка | D75: 240 | E75: 50 / 400 | F75: 0.65 | G75: =ROUND(F75*Курс_EUR,2) -> 68.25 | I75: =F75*(1-Скидка_SUNMIGHT) -> 0.65 | J75: =I75*H75 -> 0 | K75: =G75*(1-Скидка_SUNMIGHT) -> 68.25 | L75: =H75*K75 -> 0
A76: 0 | B76: 35014 | C76: Шлифовальный круг SUN NET CERAMIC X713T 125мм на липучке, сетка | D76: 320 | E76: 50 / 400 | F76: 0.65 | G76: =ROUND(F76*Курс_EUR,2) -> 68.25 | I76: =F76*(1-Скидка_SUNMIGHT) -> 0.65 | J76: =I76*H76 -> 0 | K76: =G76*(1-Скидка_SUNMIGHT) -> 68.25 | L76: =H76*K76 -> 0
A77: 0 | B77: 35016 | C77: Шлифовальный круг SUN NET CERAMIC X713T 125мм на липучке, сетка | D77: 400 | E77: 50 / 400 | F77: 0.65 | G77: =ROUND(F77*Курс_EUR,2) -> 68.25 | I77: =F77*(1-Скидка_SUNMIGHT) -> 0.65 | J77: =I77*H77 -> 0 | K77: =G77*(1-Скидка_SUNMIGHT) -> 68.25 | L77: =H77*K77 -> 0
A78: 0 | B78: 35017 | C78: Шлифовальный круг SUN NET CERAMIC X713T 125мм на липучке, сетка | D78: 500 | E78: 50 / 400 | F78: 0.65 | G78: =ROUND(F78*Курс_EUR,2) -> 68.25 | I78: =F78*(1-Скидка_SUNMIGHT) -> 0.65 | J78: =I78*H78 -> 0 | K78: =G78*(1-Скидка_SUNMIGHT) -> 68.25 | L78: =H78*K78 -> 0
A79: 0 | B79: 35018 | C79: Шлифовальный круг SUN NET CERAMIC X713T 125мм на липучке, сетка | D79: 600 | E79: 50 / 400 | F79: 0.65 | G79: =ROUND(F79*Курс_EUR,2) -> 68.25 | I79: =F79*(1-Скидка_SUNMIGHT) -> 0.65 | J79: =I79*H79 -> 0 | K79: =G79*(1-Скидка_SUNMIGHT) -> 68.25 | L79: =H79*K79 -> 0
A80: 0 | B80: 35019 | C80: Шлифовальный круг SUN NET CERAMIC X713T 125мм на липучке, сетка | D80: 800 | E80: 50 / 400 | F80: 0.65 | G80: =ROUND(F80*Курс_EUR,2) -> 68.25 | I80: =F80*(1-Скидка_SUNMIGHT) -> 0.65 | J80: =I80*H80 -> 0 | K80: =G80*(1-Скидка_SUNMIGHT) -> 68.25 | L80: =H80*K80 -> 0
... A138: 0 | B138: 35516 | C138: Шлифовальный материал SUN NET CERAMIC X713T в рулонах 115мм х 10м на липучке, сетка | D138: 400 | E138: 1 / 8 | F138: 51.02 | G138: =ROUND(F138*Курс_EUR,2) -> 5357.1 | I138: =F138*(1-Скидка_SUNMIGHT) -> 51.02 | J138: =I138*H138 -> 0 | K138: =G138*(1-Скидка_SUNMIGHT) -> 5357.1 | L138: =H138*K138 -> 0
B140: Сетчатый абразивный материал SUN NET X313T
B141: для беспыльного шлифования композитов, наполнителей, лакокрасочых материалов, пластика, цветных металлов и твёрдых пород древесины
A142: 0 | B142: 82106 | C142: Шлифовальный круг SUN NET X313T 125мм на липучке, сетка | D142: P 80 | E142: 50 / 400 | F142: 0.62 | G142: =ROUND(F142*Курс_EUR,2) -> 65.1 | I142: =F142*(1-Скидка_SUNMIGHT) -> 0.62 | J142: =I142*H142 -> 0 | K142: =G142*(1-Скидка_SUNMIGHT) -> 65.1 | L142: =H142*K142 -> 0
A143: 0 | B143: 82107 | C143: Шлифовальный круг SUN NET X313T 125мм на липучке, сетка | D143: P 100 | E143: 50 / 400 | F143: 0.54 | G143: =ROUND(F143*Курс_EUR,2) -> 56.7 | I143: =F143*(1-Скидка_SUNMIGHT) -> 0.54 | J143: =I143*H143 -> 0 | K143: =G143*(1-Скидка_SUNMIGHT) -> 56.7 | L143: =H143*K143 -> 0
A144: 0 | B144: 82108 | C144: Шлифовальный круг SUN NET X313T 125мм на липучке, сетка | D144: P 120 | E144: 50 / 400 | F144: 0.54 | G144: =ROUND(F144*Курс_EUR,2) -> 56.7 | I144: =F144*(1-Скидка_SUNMIGHT) -> 0.54 | J144: =I144*H144 -> 0 | K144: =G144*(1-Скидка_SUNMIGHT) -> 56.7 | L144: =H144*K144 -> 0
A145: 0 | B145: 82109 | C145: Шлифовальный круг SUN NET X313T 125мм на липучке, сетка | D145: P 150 | E145: 50 / 400 | F145: 0.54 | G145: =ROUND(F145*Курс_EUR,2) -> 56.7 | I145: =F145*(1-Скидка_SUNMIGHT) -> 0.54 | J145: =I145*H145 -> 0 | K145: =G145*(1-Скидка_SUNMIGHT) -> 56.7 | L145: =H145*K145 -> 0
A146: 0 | B146: 82110 | C146: Шлифовальный круг SUN NET X313T 125мм на липучке, сетка | D146: P 180 | E146: 50 / 400 | F146: 0.54 | G146: =ROUND(F146*Курс_EUR,2) -> 56.7 | I146: =F146*(1-Скидка_SUNMIGHT) -> 0.54 | J146: =I146*H146 -> 0 | K146: =G146*(1-Скидка_SUNMIGHT) -> 56.7 | L146: =H146*K146 -> 0
A147: 0 | B147: 82112 | C147: Шлифовальный круг SUN NET X313T 125мм на липучке, сетка | D147: P 240 | E147: 50 / 400 | F147: 0.54 | G147: =ROUND(F147*Курс_EUR,2) -> 56.7 | I147: =F147*(1-Скидка_SUNMIGHT) -> 0.54 | J147: =I147*H147 -> 0 | K147: =G147*(1-Скидка_SUNMIGHT) -> 56.7 | L147: =H147*K147 -> 0
A148: 0 | B148: 82114 | C148: Шлифовальный круг SUN NET X313T 125мм на липучке, сетка | D148: P 320 | E148: 50 / 400 | F148: 0.54 | G148: =ROUND(F148*Курс_EUR,2) -> 56.7 | I148: =F148*(1-Скидка_SUNMIGHT) -> 0.54 | J148: =I148*H148 -> 0 | K148: =G148*(1-Скидка_SUNMIGHT) -> 56.7 | L148: =H148*K148 -> 0
A149: 0 | B149: 82116 | C149: Шлифовальный круг SUN NET X313T 125мм на липучке, сетка | D149: P 400 | E149: 50 / 400 | F149: 0.54 | G149: =ROUND(F149*Курс_EUR,2) -> 56.7 | I149: =F149*(1-Скидка_SUNMIGHT) -> 0.54 | J149: =I149*H149 -> 0 | K149: =G149*(1-Скидка_SUNMIGHT) -> 56.7 | L149: =H149*K149 -> 0
A150: 0 | B150: 82117 | C150: Шлифовальный круг SUN NET X313T 125мм на липучке, сетка | D150: P 500 | E150: 50 / 400 | F150: 0.54 | G150: =ROUND(F150*Курс_EUR,2) -> 56.7 | I150: =F150*(1-Скидка_SUNMIGHT) -> 0.54 | J150: =I150*H150 -> 0 | K150: =G150*(1-Скидка_SUNMIGHT) -> 56.7 | L150: =H150*K150 -> 0
A151: 0 | B151: 82118 | C151: Шлифовальный круг SUN NET X313T 125мм на липучке, сетка | D151: P 600 | E151: 50 / 400 | F151: 0.54 | G151: =ROUND(F151*Курс_EUR,2) -> 56.7 | I151: =F151*(1-Скидка_SUNMIGHT) -> 0.54 | J151: =I151*H151 -> 0 | K151: =G151*(1-Скидка_SUNMIGHT) -> 56.7 | L151: =H151*K151 -> 0
A153: 0 | B153: 82206 | C153: Шлифовальный круг SUN NET X313T 150мм на липучке, сетка | D153: P 80 | E153: 50 / 400 | F153: 0.82 | G153: =ROUND(F153*Курс_EUR,2) -> 86.1 | I153: =F153*(1-Скидка_SUNMIGHT) -> 0.82 | J153: =I153*H153 -> 0 | K153: =G153*(1-Скидка_SUNMIGHT) -> 86.1 | L153: =H153*K153 -> 0
A154: 0 | B154: 82207 | C154: Шлифовальный круг SUN NET X313T 150мм на липучке, сетка | D154: P 100 | E154: 50 / 400 | F154: 0.71 | G154: =ROUND(F154*Курс_EUR,2) -> 74.55 | I154: =F154*(1-Скидка_SUNMIGHT) -> 0.71 | J154: =I154*H154 -> 0 | K154: =G154*(1-Скидка_SUNMIGHT) -> 74.55 | L154: =H154*K154 -> 0
... A184: 0 | B184: 83514 | C184: Шлифовальная полоска SUN NET X313T 80х230мм на липучке, сетка | D184: P 320 | E184: 50 / 400 | F184: 0.96 | G184: =ROUND(F184*Курс_EUR,2) -> 100.8 | I184: =F184*(1-Скидка_SUNMIGHT) -> 0.96 | J184: =I184*H184 -> 0 | K184: =G184*(1-Скидка_SUNMIGHT) -> 100.8 | L184: =H184*K184 -> 0
B186: Абразивный материал на основе синтетической плёнки FILM L312T
B187: для удаления старого ЛКП, сухого шлифования композитов, наполнителей, лакокрасочных материалов и твёрдой древесины
A188: 0 | B188: 01205 | C188: Шлифовальный круг FILM L312 125мм на липучке, без отв, зелёный | D188: P 60 | E188: 50 / 400 | F188: 0.44 | G188: =ROUND(F188*Курс_EUR,2) -> 46.2 | I188: =F188*(1-Скидка_SUNMIGHT) -> 0.44 | J188: =I188*H188 -> 0 | K188: =G188*(1-Скидка_SUNMIGHT) -> 46.2 | L188: =H188*K188 -> 0
A189: 0 | B189: 01206 | C189: Шлифовальный круг FILM L312 125мм на липучке, без отв, зелёный | D189: P 80 | E189: 100 / 800 | F189: 0.4 | G189: =ROUND(F189*Курс_EUR,2) -> 42 | I189: =F189*(1-Скидка_SUNMIGHT) -> 0.4 | J189: =I189*H189 -> 0 | K189: =G189*(1-Скидка_SUNMIGHT) -> 42 | L189: =H189*K189 -> 0
A190: 0 | B190: 01207 | C190: Шлифовальный круг FILM L312 125мм на липучке, без отв, зелёный | D190: P 100 | E190: 100 / 800 | F190: 0.36 | G190: =ROUND(F190*Курс_EUR,2) -> 37.8 | I190: =F190*(1-Скидка_SUNMIGHT) -> 0.36 | J190: =I190*H190 -> 0 | K190: =G190*(1-Скидка_SUNMIGHT) -> 37.8 | L190: =H190*K190 -> 0
A191: 0 | B191: 01208 | C191: Шлифовальный круг FILM L312 125мм на липучке, без отв, зелёный | D191: P 120 | E191: 100 / 800 | F191: 0.36 | G191: =ROUND(F191*Курс_EUR,2) -> 37.8 | I191: =F191*(1-Скидка_SUNMIGHT) -> 0.36 | J191: =I191*H191 -> 0 | K191: =G191*(1-Скидка_SUNMIGHT) -> 37.8 | L191: =H191*K191 -> 0
A192: 0 | B192: 01209 | C192: Шлифовальный круг FILM L312T 125мм на липучке, без отв, зелёный | D192: P 150 | E192: 100 / 800 | F192: 0.36 | G192: =ROUND(F192*Курс_EUR,2) -> 37.8 | I192: =F192*(1-Скидка_SUNMIGHT) -> 0.36 | J192: =I192*H192 -> 0 | K192: =G192*(1-Скидка_SUNMIGHT) -> 37.8 | L192: =H192*K192 -> 0
A193: 0 | B193: 01210 | C193: Шлифовальный круг FILM L312T 125мм на липучке, без отв, зелёный | D193: P 180 | E193: 100 / 800 | F193: 0.36 | G193: =ROUND(F193*Курс_EUR,2) -> 37.8 | I193: =F193*(1-Скидка_SUNMIGHT) -> 0.36 | J193: =I193*H193 -> 0 | K193: =G193*(1-Скидка_SUNMIGHT) -> 37.8 | L193: =H193*K193 -> 0
A194: 0 | B194: 01211 | C194: Шлифовальный круг FILM L312T 125мм на липучке, без отв, зелёный | D194: P 220 | E194: 100 / 800 | F194: 0.36 | G194: =ROUND(F194*Курс_EUR,2) -> 37.8 | I194: =F194*(1-Скидка_SUNMIGHT) -> 0.36 | J194: =I194*H194 -> 0 | K194: =G194*(1-Скидка_SUNMIGHT) -> 37.8 | L194: =H194*K194 -> 0
A195: 0 | B195: 01212 | C195: Шлифовальный круг FILM L312T 125мм на липучке, без отв, зелёный | D195: P 240 | E195: 100 / 800 | F195: 0.36 | G195: =ROUND(F195*Курс_EUR,2) -> 37.8 | I195: =F195*(1-Скидка_SUNMIGHT) -> 0.36 | J195: =I195*H195 -> 0 | K195: =G195*(1-Скидка_SUNMIGHT) -> 37.8 | L195: =H195*K195 -> 0
A197: 0 | B197: 53202 | C197: Шлифовальный круг FILM L312 125мм на липучке, 8 отв, зелёный | D197: P 36 | E197: 50 / 400 | F197: 0.66 | G197: =ROUND(F197*Курс_EUR,2) -> 69.3 | I197: =F197*(1-Скидка_SUNMIGHT) -> 0.66 | J197: =I197*H197 -> 0 | K197: =G197*(1-Скидка_SUNMIGHT) -> 69.3 | L197: =H197*K197 -> 0
A198: 0 | B198: 53203 | C198: Шлифовальный круг FILM L312 125мм на липучке, 8 отв, зелёный | D198: P 40 | E198: 50 / 400 | F198: 0.6 | G198: =ROUND(F198*Курс_EUR,2) -> 63 | I198: =F198*(1-Скидка_SUNMIGHT) -> 0.6 | J198: =I198*H198 -> 0 | K198: =G198*(1-Скидка_SUNMIGHT) -> 63 | L198: =H198*K198 -> 0
A199: 0 | B199: 53205 | C199: Шлифовальный круг FILM L312 125мм на липучке, 8 отв, зелёный | D199: P 60 | E199: 50 / 400 | F199: 0.44 | G199: =ROUND(F199*Курс_EUR,2) -> 46.2 | I199: =F199*(1-Скидка_SUNMIGHT) -> 0.44 | J199: =I199*H199 -> 0 | K199: =G199*(1-Скидка_SUNMIGHT) -> 46.2 | L199: =H199*K199 -> 0
A200: 0 | B200: 53206 | C200: Шлифовальный круг FILM L312 125мм на липучке, 8 отв, зелёный | D200: P 80 | E200: 100 / 800 | F200: 0.4 | G200: =ROUND(F200*Курс_EUR,2) -> 42 | I200: =F200*(1-Скидка_SUNMIGHT) -> 0.4 | J200: =I200*H200 -> 0 | K200: =G200*(1-Скидка_SUNMIGHT) -> 42 | L200: =H200*K200 -> 0
... A426: 0 | B426: 31123 | C426: Шлиф. бумага FILM L312T+ Soft Flex Pad перфорир. рулон 114мм х 25м, 200 шт. 114 х 125мм | D426: P 2000 | E426: 1 / 4 | F426: 57.34 | G426: =ROUND(F426*Курс_EUR,2) -> 6020.7 | I426: =F426*(1-Скидка_SUNMIGHT) -> 57.34 | J426: =I426*H426 -> 0 | K426: =G426*(1-Скидка_SUNMIGHT) -> 6020.7 | L426: =H426*K426 -> 0
B428: Абразивный материал на основе синтетической плёнки ORANGE Q128OM
B429: для удаления старого ЛКП, сухого шлифования композитов, наполнителей, лакокрасочных материалов и древесины
B430: в судостроении, авиастроении, деревообработке, металлургии, мебельной промышленности
A431: 0 | B431: 20605 | C431: Шлифовальный круг ORANGE FILM Q128O 125мм на липучке, без отв, оранжевый | D431: P 60 | E431: 100 / 800 | F431: 0.4 | G431: =ROUND(F431*Курс_EUR,2) -> 42 | I431: =F431*(1-Скидка_SUNMIGHT) -> 0.4 | J431: =I431*H431 -> 0 | K431: =G431*(1-Скидка_SUNMIGHT) -> 42 | L431: =H431*K431 -> 0
A432: 0 | B432: 20606 | C432: Шлифовальный круг ORANGE FILM Q128O 125мм на липучке, без отв, оранжевый | D432: P 80 | E432: 100 / 800 | F432: 0.36 | G432: =ROUND(F432*Курс_EUR,2) -> 37.8 | I432: =F432*(1-Скидка_SUNMIGHT) -> 0.36 | J432: =I432*H432 -> 0 | K432: =G432*(1-Скидка_SUNMIGHT) -> 37.8 | L432: =H432*K432 -> 0
A433: 0 | B433: 20608 | C433: Шлифовальный круг ORANGE FILM Q128OM 125мм на липучке, без отв, оранжевый | D433: P 120 | E433: 100 / 800 | F433: 0.32 | G433: =ROUND(F433*Курс_EUR,2) -> 33.6 | I433: =F433*(1-Скидка_SUNMIGHT) -> 0.32 | J433: =I433*H433 -> 0 | K433: =G433*(1-Скидка_SUNMIGHT) -> 33.6 | L433: =H433*K433 -> 0
A434: 0 | B434: 20610 | C434: Шлифовальный круг ORANGE FILM Q128OM 125мм на липучке, без отв, оранжевый | D434: P 180 | E434: 100 / 800 | F434: 0.32 | G434: =ROUND(F434*Курс_EUR,2) -> 33.6 | I434: =F434*(1-Скидка_SUNMIGHT) -> 0.32 | J434: =I434*H434 -> 0 | K434: =G434*(1-Скидка_SUNMIGHT) -> 33.6 | L434: =H434*K434 -> 0
A435: 0 | B435: 20612 | C435: Шлифовальный круг ORANGE FILM Q128OM 125мм на липучке, без отв, оранжевый | D435: P 240 | E435: 100 / 800 | F435: 0.32 | G435: =ROUND(F435*Курс_EUR,2) -> 33.6 | I435: =F435*(1-Скидка_SUNMIGHT) -> 0.32 | J435: =I435*H435 -> 0 | K435: =G435*(1-Скидка_SUNMIGHT) -> 33.6 | L435: =H435*K435 -> 0
A436: 0 | B436: 20614 | C436: Шлифовальный круг ORANGE FILM Q128OM 125мм на липучке, без отв, оранжевый | D436: P 320 | E436: 100 / 800 | F436: 0.32 | G436: =ROUND(F436*Курс_EUR,2) -> 33.6 | I436: =F436*(1-Скидка_SUNMIGHT) -> 0.32 | J436: =I436*H436 -> 0 | K436: =G436*(1-Скидка_SUNMIGHT) -> 33.6 | L436: =H436*K436 -> 0
A438: 0 | B438: 23005 | C438: Шлифовальный круг ORANGE FILM Q128O 125мм на липучке, 8 отв, оранжевый | D438: P 60 | E438: 100 / 800 | F438: 0.4 | G438: =ROUND(F438*Курс_EUR,2) -> 42 | I438: =F438*(1-Скидка_SUNMIGHT) -> 0.4 | J438: =I438*H438 -> 0 | K438: =G438*(1-Скидка_SUNMIGHT) -> 42 | L438: =H438*K438 -> 0
A439: 0 | B439: 23006 | C439: Шлифовальный круг ORANGE FILM Q128O 125мм на липучке, 8 отв, оранжевый | D439: P 80 | E439: 100 / 800 | F439: 0.36 | G439: =ROUND(F439*Курс_EUR,2) -> 37.8 | I439: =F439*(1-Скидка_SUNMIGHT) -> 0.36 | J439: =I439*H439 -> 0 | K439: =G439*(1-Скидка_SUNMIGHT) -> 37.8 | L439: =H439*K439 -> 0
A440: 0 | B440: 23007 | C440: Шлифовальный круг ORANGE FILM Q128OM 125мм на липучке, 8 отв, оранжевый | D440: P 100 | E440: 100 / 800 | F440: 0.32 | G440: =ROUND(F440*Курс_EUR,2) -> 33.6 | I440: =F440*(1-Скидка_SUNMIGHT) -> 0.32 | J440: =I440*H440 -> 0 | K440: =G440*(1-Скидка_SUNMIGHT) -> 33.6 | L440: =H440*K440 -> 0
A441: 0 | B441: 23008 | C441: Шлифовальный круг ORANGE FILM Q128OM 125мм на липучке, 8 отв, оранжевый | D441: P 120 | E441: 100 / 800 | F441: 0.32 | G441: =ROUND(F441*Курс_EUR,2) -> 33.6 | I441: =F441*(1-Скидка_SUNMIGHT) -> 0.32 | J441: =I441*H441 -> 0 | K441: =G441*(1-Скидка_SUNMIGHT) -> 33.6 | L441: =H441*K441 -> 0
A442: 0 | B442: 23009 | C442: Шлифовальный круг ORANGE FILM Q128OM 125мм на липучке, 8 отв, оранжевый | D442: P 150 | E442: 100 / 800 | F442: 0.32 | G442: =ROUND(F442*Курс_EUR,2) -> 33.6 | I442: =F442*(1-Скидка_SUNMIGHT) -> 0.32 | J442: =I442*H442 -> 0 | K442: =G442*(1-Скидка_SUNMIGHT) -> 33.6 | L442: =H442*K442 -> 0
A443: 0 | B443: 23010 | C443: Шлифовальный круг ORANGE FILM Q128OM 125мм на липучке, 8 отв, оранжевый | D443: P 180 | E443: 100 / 800 | F443: 0.32 | G443: =ROUND(F443*Курс_EUR,2) -> 33.6 | I443: =F443*(1-Скидка_SUNMIGHT) -> 0.32 | J443: =I443*H443 -> 0 | K443: =G443*(1-Скидка_SUNMIGHT) -> 33.6 | L443: =H443*K443 -> 0
... A469: 0 | B469: 21018 | C469: Шлифовальный круг ORANGE FILM Q128OM 150мм на липучке, 15 отв, оранжевый | D469: P 600 | E469: 100 / 800 | F469: 0.4 | G469: =ROUND(F469*Курс_EUR,2) -> 42 | I469: =F469*(1-Скидка_SUNMIGHT) -> 0.4 | J469: =I469*H469 -> 0 | K469: =G469*(1-Скидка_SUNMIGHT) -> 42 | L469: =H469*K469 -> 0
B471: Абразивный материал на бумажной основе GOLD B312T
B472: для сухого шлифования наполнителей средней жёсткости, лакокрасочных материалов и твёрдой древесины
A473: 0 | B473: 58103 | C473: Шлифовальный круг GOLD B312 125мм на липучке, 8 отв, золотистый | D473: P 40 | E473: 50 / 400 | F473: 0.32 | G473: =ROUND(F473*Курс_EUR,2) -> 33.6 | I473: =F473*(1-Скидка_SUNMIGHT) -> 0.32 | J473: =I473*H473 -> 0 | K473: =G473*(1-Скидка_SUNMIGHT) -> 33.6 | L473: =H473*K473 -> 0
A474: 0 | B474: 58105 | C474: Шлифовальный круг GOLD B312 125мм на липучке, 8 отв, золотистый | D474: P 60 | E474: 50 / 400 | F474: 0.32 | G474: =ROUND(F474*Курс_EUR,2) -> 33.6 | I474: =F474*(1-Скидка_SUNMIGHT) -> 0.32 | J474: =I474*H474 -> 0 | K474: =G474*(1-Скидка_SUNMIGHT) -> 33.6 | L474: =H474*K474 -> 0
A475: 0 | B475: 58106 | C475: Шлифовальный круг GOLD B312 125мм на липучке, 8 отв, золотистый | D475: P 80 | E475: 100 / 800 | F475: 0.27 | G475: =ROUND(F475*Курс_EUR,2) -> 28.35 | I475: =F475*(1-Скидка_SUNMIGHT) -> 0.27 | J475: =I475*H475 -> 0 | K475: =G475*(1-Скидка_SUNMIGHT) -> 28.35 | L475: =H475*K475 -> 0
A476: 0 | B476: 58107 | C476: Шлифовальный круг GOLD B312 125мм на липучке, 8 отв, золотистый | D476: P 100 | E476: 100 / 800 | F476: 0.25 | G476: =ROUND(F476*Курс_EUR,2) -> 26.25 | I476: =F476*(1-Скидка_SUNMIGHT) -> 0.25 | J476: =I476*H476 -> 0 | K476: =G476*(1-Скидка_SUNMIGHT) -> 26.25 | L476: =H476*K476 -> 0
A477: 0 | B477: 58108 | C477: Шлифовальный круг GOLD B312 125мм на липучке, 8 отв, золотистый | D477: P 120 | E477: 100 / 800 | F477: 0.25 | G477: =ROUND(F477*Курс_EUR,2) -> 26.25 | I477: =F477*(1-Скидка_SUNMIGHT) -> 0.25 | J477: =I477*H477 -> 0 | K477: =G477*(1-Скидка_SUNMIGHT) -> 26.25 | L477: =H477*K477 -> 0
A478: 0 | B478: 58109 | C478: Шлифовальный круг GOLD B312T 125мм на липучке, 8 отв, золотистый | D478: P 150 | E478: 100 / 800 | F478: 0.25 | G478: =ROUND(F478*Курс_EUR,2) -> 26.25 | I478: =F478*(1-Скидка_SUNMIGHT) -> 0.25 | J478: =I478*H478 -> 0 | K478: =G478*(1-Скидка_SUNMIGHT) -> 26.25 | L478: =H478*K478 -> 0
A479: 0 | B479: 58110 | C479: Шлифовальный круг GOLD B312T 125мм на липучке, 8 отв, золотистый | D479: P 180 | E479: 100 / 800 | F479: 0.25 | G479: =ROUND(F479*Курс_EUR,2) -> 26.25 | I479: =F479*(1-Скидка_SUNMIGHT) -> 0.25 | J479: =I479*H479 -> 0 | K479: =G479*(1-Скидка_SUNMIGHT) -> 26.25 | L479: =H479*K479 -> 0
A480: 0 | B480: 58111 | C480: Шлифовальный круг GOLD B312T 125мм на липучке, 8 отв, золотистый | D480: P 220 | E480: 100 / 800 | F480: 0.25 | G480: =ROUND(F480*Курс_EUR,2) -> 26.25 | I480: =F480*(1-Скидка_SUNMIGHT) -> 0.25 | J480: =I480*H480 -> 0 | K480: =G480*(1-Скидка_SUNMIGHT) -> 26.25 | L480: =H480*K480 -> 0
A481: 0 | B481: 58112 | C481: Шлифовальный круг GOLD B312T 125мм на липучке, 8 отв, золотистый | D481: P 240 | E481: 100 / 800 | F481: 0.25 | G481: =ROUND(F481*Курс_EUR,2) -> 26.25 | I481: =F481*(1-Скидка_SUNMIGHT) -> 0.25 | J481: =I481*H481 -> 0 | K481: =G481*(1-Скидка_SUNMIGHT) -> 26.25 | L481: =H481*K481 -> 0
A482: 0 | B482: 58114 | C482: Шлифовальный круг GOLD B312T 125мм на липучке, 8 отв, золотистый | D482: P 320 | E482: 100 / 800 | F482: 0.25 | G482: =ROUND(F482*Курс_EUR,2) -> 26.25 | I482: =F482*(1-Скидка_SUNMIGHT) -> 0.25 | J482: =I482*H482 -> 0 | K482: =G482*(1-Скидка_SUNMIGHT) -> 26.25 | L482: =H482*K482 -> 0
A483: 0 | B483: 58116 | C483: Шлифовальный круг GOLD B312T 125мм на липучке, 8 отв, золотистый | D483: P 400 | E483: 100 / 800 | F483: 0.25 | G483: =ROUND(F483*Курс_EUR,2) -> 26.25 | I483: =F483*(1-Скидка_SUNMIGHT) -> 0.25 | J483: =I483*H483 -> 0 | K483: =G483*(1-Скидка_SUNMIGHT) -> 26.25 | L483: =H483*K483 -> 0
A484: 0 | B484: 58117 | C484: Шлифовальный круг GOLD B312T 125мм на липучке, 8 отв, золотистый | D484: P 500 | E484: 100 / 800 | F484: 0.25 | G484: =ROUND(F484*Курс_EUR,2) -> 26.25 | I484: =F484*(1-Скидка_SUNMIGHT) -> 0.25 | J484: =I484*H484 -> 0 | K484: =G484*(1-Скидка_SUNMIGHT) -> 26.25 | L484: =H484*K484 -> 0
... A634: 0 | B634: 32121 | C634: Шлиф. бумага GOLD B312T+ Soft Flex перфорир. рулон 114мм х 25м, 200 шт. 114 х 125мм | D634: P 1200 | E634: 1 / 4 | F634: 51.31 | G634: =ROUND(F634*Курс_EUR,2) -> 5387.55 | I634: =F634*(1-Скидка_SUNMIGHT) -> 51.31 | J634: =I634*H634 -> 0 | K634: =G634*(1-Скидка_SUNMIGHT) -> 5387.55 | L634: =H634*K634 -> 0
B636: Абразивный материал на бумажной основе RED B125T
B637: для сухого шлифования наполнителей средней жёсткости, лакокрасочных материалов, смолистых пород дерева и мягких металлов
A638: 0 | B638: 20006 | C638: Шлифовальный круг RED B125T 125мм на липучке, без отв, розовый | D638: P 80 | E638: 100 / 800 | F638: 0.28 | G638: =ROUND(F638*Курс_EUR,2) -> 29.4 | I638: =F638*(1-Скидка_SUNMIGHT) -> 0.28 | J638: =I638*H638 -> 0 | K638: =G638*(1-Скидка_SUNMIGHT) -> 29.4 | L638: =H638*K638 -> 0
A639: 0 | B639: 20008 | C639: Шлифовальный круг RED B125T 125мм на липучке, без отв, розовый | D639: P 120 | E639: 100 / 800 | F639: 0.25 | G639: =ROUND(F639*Курс_EUR,2) -> 26.25 | I639: =F639*(1-Скидка_SUNMIGHT) -> 0.25 | J639: =I639*H639 -> 0 | K639: =G639*(1-Скидка_SUNMIGHT) -> 26.25 | L639: =H639*K639 -> 0
...

Sheet SM CST
B2: Прайс - лист
B3: на шлифовальные круги SUNMIGHT/ RoxelPro для строительного рынка
B4: Санкт-Петербург, 194362, пос.Парголово, Горское шоссе 6, логопарк "Осиновая Роща" | K4: Скидка: | L4: 0
B5: т./ф. + 7 (812) 640 4240 e-mail: info@lion-group.ru www.lion-group.ru | E5: Содержание | F5: =Курс_EUR -> 105 | I5: Сумма заказа, У.Е.: | J5: =SUM(J9:J69) -> 0 | K5: РУБ: | L5: =SUM(L9:L69) -> 0
A6: Изм. цены % | B6: Код | C6: Наименование товара | D6: Зерно | E6: Кол-во в упаковке | F6: Рекоменд. Цена У.Е. | G6: Рекоменд. Цена РУБ | H6: Заказ | I6: Цена со скидкой | J6: Сумма У.Е. | K6: Цена со скидкой | L6: Сумма РУБ
B7: Абразивный материал на основе синтетической плёнки с керамическим зерном SUNMIGHT CERAMIC L712T
B8: для удаления старого ЛКП, сухого шлифования шпаклёвки, грунтов, лакокрасочных материалов
A9: 0 | B9: 77603 | C9: Шлифовальный круг CERAMIC L712 180мм на липучке с мультипылеотводом | D9: 40 | E9: 25 / 200 | F9: 1.58 | G9: =ROUND(F9*Курс_EUR,2) -> 165.9 | I9: =F9*(1-Скидка_SM_CST) -> 1.58 | J9: =I9*H9 -> 0 | K9: =G9*(1-Скидка_SM_CST) -> 165.9 | L9: =H9*K9 -> 0
A10: 0 | B10: 77605 | C10: Шлифовальный круг CERAMIC L712 180мм на липучке с мультипылеотводом | D10: 60 | E10: 25 / 200 | F10: 1.51 | G10: =ROUND(F10*Курс_EUR,2) -> 158.55 | I10: =F10*(1-Скидка_SM_CST) -> 1.51 | J10: =I10*H10 -> 0 | K10: =G10*(1-Скидка_SM_CST) -> 158.55 | L10: =H10*K10 -> 0
A11: 0 | B11: 77606 | C11: Шлифовальный круг CERAMIC L712T 180мм на липучке с мультипылеотводом | D11: 80 | E11: 50 / 400 | F11: 1.29 | G11: =ROUND(F11*Курс_EUR,2) -> 135.45 | I11: =F11*(1-Скидка_SM_CST) -> 1.29 | J11: =I11*H11 -> 0 | K11: =G11*(1-Скидка_SM_CST) -> 135.45 | L11: =H11*K11 -> 0
A12: 0 | B12: 77608 | C12: Шлифовальный круг CERAMIC L712T 180мм на липучке с мультипылеотводом | D12: 120 | E12: 50 / 400 | F12: 1.12 | G12: =ROUND(F12*Курс_EUR,2) -> 117.6 | I12: =F12*(1-Скидка_SM_CST) -> 1.12 | J12: =I12*H12 -> 0 | K12: =G12*(1-Скидка_SM_CST) -> 117.6 | L12: =H12*K12 -> 0
A13: 0 | B13: 77610 | C13: Шлифовальный круг CERAMIC L712T 180мм на липучке с мультипылеотводом | D13: 180 | E13: 50 / 400 | F13: 1.12 | G13: =ROUND(F13*Курс_EUR,2) -> 117.6 | I13: =F13*(1-Скидка_SM_CST) -> 1.12 | J13: =I13*H13 -> 0 | K13: =G13*(1-Скидка_SM_CST) -> 117.6 | L13: =H13*K13 -> 0
A14: 0 | B14: 77612 | C14: Шлифовальный круг CERAMIC L712T 180мм на липучке с мультипылеотводом | D14: 240 | E14: 50 / 400 | F14: 1.12 | G14: =ROUND(F14*Курс_EUR,2) -> 117.6 | I14: =F14*(1-Скидка_SM_CST) -> 1.12 | J14: =I14*H14 -> 0 | K14: =G14*(1-Скидка_SM_CST) -> 117.6 | L14: =H14*K14 -> 0
A15: 0 | B15: 77614 | C15: Шлифовальный круг CERAMIC L712T 180мм на липучке с мультипылеотводом | D15: 320 | E15: 50 / 400 | F15: 1.12 | G15: =ROUND(F15*Курс_EUR,2) -> 117.6 | I15: =F15*(1-Скидка_SM_CST) -> 1.12 | J15: =I15*H15 -> 0 | K15: =G15*(1-Скидка_SM_CST) -> 117.6 | L15: =H15*K15 -> 0
A17: 2.9 | B17: 78001 | C17: Шлифовальный круг CERAMIC L712 225мм на липучке, 24 отв. | D17: 24 | E17: 25 / 200 | F17: 3.6 | G17: =ROUND(F17*Курс_EUR,2) -> 378 | I17: =F17*(1-Скидка_SM_CST) -> 3.6 | J17: =I17*H17 -> 0 | K17: =G17*(1-Скидка_SM_CST) -> 378 | L17: =H17*K17 -> 0
A18: 3 | B18: 78002 | C18: Шлифовальный круг CERAMIC L712 225мм на липучке, 24 отв. | D18: 36 | E18: 25 / 200 | F18: 3.09 | G18: =ROUND(F18*Курс_EUR,2) -> 324.45 | I18: =F18*(1-Скидка_SM_CST) -> 3.09 | J18: =I18*H18 -> 0 | K18: =G18*(1-Скидка_SM_CST) -> 324.45 | L18: =H18*K18 -> 0
A19: 2.9 | B19: 78003 | C19: Шлифовальный круг CERAMIC L712 225мм на липучке, 24 отв. | D19: 40 | E19: 25 / 200 | F19: 2.83 | G19: =ROUND(F19*Курс_EUR,2) -> 297.15 | I19: =F19*(1-Скидка_SM_CST) -> 2.83 | J19: =I19*H19 -> 0 | K19: =G19*(1-Скидка_SM_CST) -> 297.15 | L19: =H19*K19 -> 0
A20: 3.2 | B20: 78005 | C20: Шлифовальный круг CERAMIC L712 225мм на липучке, 24 отв. | D20: 60 | E20: 25 / 200 | F20: 2.58 | G20: =ROUND(F20*Курс_EUR,2) -> 270.9 | I20: =F20*(1-Скидка_SM_CST) -> 2.58 | J20: =I20*H20 -> 0 | K20: =G20*(1-Скидка_SM_CST) -> 270.9 | L20: =H20*K20 -> 0
A21: 3.2 | B21: 78006 | C21: Шлифовальный круг CERAMIC L712T 225мм на липучке, 24 отв. | D21: 80 | E21: 50 / 400 | F21: 2.25 | G21: =ROUND(F21*Курс_EUR,2) -> 236.25 | I21: =F21*(1-Скидка_SM_CST) -> 2.25 | J21: =I21*H21 -> 0 | K21: =G21*(1-Скидка_SM_CST) -> 236.25 | L21: =H21*K21 -> 0
... A29: 4.8 | B29: 78016 | C29: Шлифовальный круг CERAMIC L712T 225мм на липучке, 24 отв. | D29: 400 | E29: 50 / 400 | F29: 1.98 | G29: =ROUND(F29*Курс_EUR,2) -> 207.9 | I29: =F29*(1-Скидка_SM_CST) -> 1.98 | J29: =I29*H29 -> 0 | K29: =G29*(1-Скидка_SM_CST) -> 207.9 | L29: =H29*K29 -> 0
B31: Сетчатый абразивный материал с керамическим зерном SUN NET CERAMIC X713T
B32: для беспыльного шлифования композитов, наполнителей, лакокрасочых материалов, пластика, цветных металлов и твёрдых пород древесины
A33: 2.8 | B33: 35406 | C33: Шлифовальный круг SUN NET CERAMIC X713T 225мм на липучке, сетка | D33: 80 | E33: 20 / 200 | F33: 2.57 | G33: =ROUND(F33*Курс_EUR,2) -> 269.85 | I33: =F33*(1-Скидка_SUNMIGHT) -> 2.57 | J33: =I33*H33 -> 0 | K33: =G33*(1-Скидка_SM_CST) -> 269.85 | L33: =H33*K33 -> 0
A34: 5.1 | B34: 35407 | C34: Шлифовальный круг SUN NET CERAMIC X713T 225мм на липучке, сетка | D34: 100 | E34: 20 / 200 | F34: 2.28 | G34: =ROUND(F34*Курс_EUR,2) -> 239.4 | I34: =F34*(1-Скидка_SUNMIGHT) -> 2.28 | J34: =I34*H34 -> 0 | K34: =G34*(1-Скидка_SM_CST) -> 239.4 | L34: =H34*K34 -> 0
A35: 5.1 | B35: 35408 | C35: Шлифовальный круг SUN NET CERAMIC X713T 225мм на липучке, сетка | D35: 120 | E35: 20 / 200 | F35: 2.28 | G35: =ROUND(F35*Курс_EUR,2) -> 239.4 | I35: =F35*(1-Скидка_SUNMIGHT) -> 2.28 | J35: =I35*H35 -> 0 | K35: =G35*(1-Скидка_SM_CST) -> 239.4 | L35: =H35*K35 -> 0
A36: 5.1 | B36: 35409 | C36: Шлифовальный круг SUN NET CERAMIC X713T 225мм на липучке, сетка | D36: 150 | E36: 20 / 200 | F36: 2.28 | G36: =ROUND(F36*Курс_EUR,2) -> 239.4 | I36: =F36*(1-Скидка_SUNMIGHT) -> 2.28 | J36: =I36*H36 -> 0 | K36: =G36*(1-Скидка_SM_CST) -> 239.4 | L36: =H36*K36 -> 0
A37: 5.1 | B37: 35410 | C37: Шлифовальный круг SUN NET CERAMIC X713T 225мм на липучке, сетка | D37: 180 | E37: 20 / 200 | F37: 2.28 | G37: =ROUND(F37*Курс_EUR,2) -> 239.4 | I37: =F37*(1-Скидка_SUNMIGHT) -> 2.28 | J37: =I37*H37 -> 0 | K37: =G37*(1-Скидка_SM_CST) -> 239.4 | L37: =H37*K37 -> 0
A38: 5.1 | B38: 35411 | C38: Шлифовальный круг SUN NET CERAMIC X713T 225мм на липучке, сетка | D38: 220 | E38: 20 / 200 | F38: 2.28 | G38: =ROUND(F38*Курс_EUR,2) -> 239.4 | I38: =F38*(1-Скидка_SUNMIGHT) -> 2.28 | J38: =I38*H38 -> 0 | K38: =G38*(1-Скидка_SM_CST) -> 239.4 | L38: =H38*K38 -> 0
A39: 5.1 | B39: 35412 | C39: Шлифовальный круг SUN NET CERAMIC X713T 225мм на липучке, сетка | D39: 240 | E39: 20 / 200 | F39: 2.28 | G39: =ROUND(F39*Курс_EUR,2) -> 239.4 | I39: =F39*(1-Скидка_SUNMIGHT) -> 2.28 | J39: =I39*H39 -> 0 | K39: =G39*(1-Скидка_SM_CST) -> 239.4 | L39: =H39*K39 -> 0
A40: 5.1 | B40: 35414 | C40: Шлифовальный круг SUN NET CERAMIC X713T 225мм на липучке, сетка | D40: 320 | E40: 20 / 200 | F40: 2.28 | G40: =ROUND(F40*Курс_EUR,2) -> 239.4 | I40: =F40*(1-Скидка_SUNMIGHT) -> 2.28 | J40: =I40*H40 -> 0 | K40: =G40*(1-Скидка_SM_CST) -> 239.4 | L40: =H40*K40 -> 0
B42: Сетчатый абразивный материал SUNMIGHT SUN NET X313T
B43: для беспыльного шлифования композитов, наполнителей, лакокрасочых материалов, пластика, цветных металлов и твёрдых пород древесины
A44: 0 | B44: 83406 | C44: Шлифовальный круг SUN NET X313T 225мм на липучке, сетка | D44: P 80 | E44: 20 / 200 | F44: 1.72 | G44: =ROUND(F44*Курс_EUR,2) -> 180.6 | I44: =F44*(1-Скидка_SM_CST) -> 1.72 | J44: =I44*H44 -> 0 | K44: =G44*(1-Скидка_SM_CST) -> 180.6 | L44: =H44*K44 -> 0
A45: 0 | B45: 83408 | C45: Шлифовальный круг SUN NET X313T 225мм на липучке, сетка | D45: P 120 | E45: 20 / 200 | F45: 1.49 | G45: =ROUND(F45*Курс_EUR,2) -> 156.45 | I45: =F45*(1-Скидка_SM_CST) -> 1.49 | J45: =I45*H45 -> 0 | K45: =G45*(1-Скидка_SM_CST) -> 156.45 | L45: =H45*K45 -> 0
B47: Абразивный материал на основе синтетической плёнки FILM L312T
B48: для удаления старого ЛКП, сухого шлифования композитов, наполнителей, лакокрасочных материалов и твёрдой древесины
A49: 0 | B49: 53503 | C49: Шлифовальный круг FILM L312 225мм на липучке, 24 отв, зелёный | D49: P 40 | E49: 25 / 200 | F49: 1.97 | G49: =ROUND(F49*Курс_EUR,2) -> 206.85 | I49: =F49*(1-Скидка_SM_CST) -> 1.97 | J49: =I49*H49 -> 0 | K49: =G49*(1-Скидка_SM_CST) -> 206.85 | L49: =H49*K49 -> 0
A50: 0 | B50: 53505 | C50: Шлифовальный круг FILM L312 225мм на липучке, 24 отв, зелёный | D50: P 60 | E50: 50 / 400 | F50: 1.88 | G50: =ROUND(F50*Курс_EUR,2) -> 197.4 | I50: =F50*(1-Скидка_SM_CST) -> 1.88 | J50: =I50*H50 -> 0 | K50: =G50*(1-Скидка_SM_CST) -> 197.4 | L50: =H50*K50 -> 0
A51: 0 | B51: 53506 | C51: Шлифовальный круг FILM L312 225мм на липучке, 24 отв, зелёный | D51: P 80 | E51: 50 / 400 | F51: 1.71 | G51: =ROUND(F51*Курс_EUR,2) -> 179.55 | I51: =F51*(1-Скидка_SM_CST) -> 1.71 | J51: =I51*H51 -> 0 | K51: =G51*(1-Скидка_SM_CST) -> 179.55 | L51: =H51*K51 -> 0
A52: 0 | B52: 53507 | C52: Шлифовальный круг FILM L312 225мм на липучке, 24 отв, зелёный | D52: P 100 | E52: 50 / 400 | F52: 1.52 | G52: =ROUND(F52*Курс_EUR,2) -> 159.6 | I52: =F52*(1-Скидка_SM_CST) -> 1.52 | J52: =I52*H52 -> 0 | K52: =G52*(1-Скидка_SM_CST) -> 159.6 | L52: =H52*K52 -> 0
A53: 0 | B53: 53508 | C53: Шлифовальный круг FILM L312 225мм на липучке, 24 отв, зелёный | D53: P 120 | E53: 50 / 400 | F53: 1.52 | G53: =ROUND(F53*Курс_EUR,2) -> 159.6 | I53: =F53*(1-Скидка_SM_CST) -> 1.52 | J53: =I53*H53 -> 0 | K53: =G53*(1-Скидка_SM_CST) -> 159.6 | L53: =H53*K53 -> 0
A54: 0 | B54: 53509 | C54: Шлифовальный круг FILM L312T 225мм на липучке, 24 отв, зелёный | D54: P 150 | E54: 50 / 400 | F54: 1.52 | G54: =ROUND(F54*Курс_EUR,2) -> 159.6 | I54: =F54*(1-Скидка_SM_CST) -> 1.52 | J54: =I54*H54 -> 0 | K54: =G54*(1-Скидка_SM_CST) -> 159.6 | L54: =H54*K54 -> 0
A55: 0 | B55: 53510 | C55: Шлифовальный круг FILM L312T 225мм на липучке, 24 отв, зелёный | D55: P 180 | E55: 50 / 400 | F55: 1.52 | G55: =ROUND(F55*Курс_EUR,2) -> 159.6 | I55: =F55*(1-Скидка_SM_CST) -> 1.52 | J55: =I55*H55 -> 0 | K55: =G55*(1-Скидка_SM_CST) -> 159.6 | L55: =H55*K55 -> 0
A56: 0 | B56: 53511 | C56: Шлифовальный круг FILM L312T 225мм на липучке, 24 отв, зелёный | D56: P 220 | E56: 50 / 400 | F56: 1.52 | G56: =ROUND(F56*Курс_EUR,2) -> 159.6 | I56: =F56*(1-Скидка_SM_CST) -> 1.52 | J56: =I56*H56 -> 0 | K56: =G56*(1-Скидка_SM_CST) -> 159.6 | L56: =H56*K56 -> 0
A57: 0 | B57: 53512 | C57: Шлифовальный круг FILM L312T 225мм на липучке, 24 отв, зелёный | D57: P 240 | E57: 50 / 400 | F57: 1.52 | G57: =ROUND(F57*Курс_EUR,2) -> 159.6 | I57: =F57*(1-Скидка_SM_CST) -> 1.52 | J57: =I57*H57 -> 0 | K57: =G57*(1-Скидка_SM_CST) -> 159.6 | L57: =H57*K57 -> 0
A58: 0 | B58: 53513 | C58: Шлифовальный круг FILM L312T 225мм на липучке, 24 отв, зелёный | D58: P 280 | E58: 50 / 400 | F58: 1.52 | G58: =ROUND(F58*Курс_EUR,2) -> 159.6 | I58: =F58*(1-Скидка_SM_CST) -> 1.52 | J58: =I58*H58 -> 0 | K58: =G58*(1-Скидка_SM_CST) -> 159.6 | L58: =H58*K58 -> 0
A59: 0 | B59: 53514 | C59: Шлифовальный круг FILM L312T 225мм на липучке, 24 отв, зелёный | D59: P 320 | E59: 50 / 400 | F59: 1.52 | G59: =ROUND(F59*Курс_EUR,2) -> 159.6 | I59: =F59*(1-Скидка_SM_CST) -> 1.52 | J59: =I59*H59 -> 0 | K59: =G59*(1-Скидка_SM_CST) -> 159.6 | L59: =H59*K59 -> 0
B61: Абразивный материал на бумажной основе ROXTOP WHITE
A62: 0 | B62: 154305 | C62: Шлифовальный круг ROXTOP WHITE 225мм на липучке, 24 отв., белёсый | D62: P60 | E62: 50 / 400 | F62: 1 | G62: =ROUND(F62*Курс_EUR,2) -> 105 | I62: =F62*(1-Скидка_SM_CST) -> 1 | J62: =I62*H62 -> 0 | K62: =G62*(1-Скидка_SM_CST) -> 105 | L62: =H62*K62 -> 0
A63: 0 | B63: 154306 | C63: Шлифовальный круг ROXTOP WHITE 225мм на липучке, 24 отв., белёсый | D63: P80 | E63: 50 / 400 | F63: 0.9 | G63: =ROUND(F63*Курс_EUR,2) -> 94.5 | I63: =F63*(1-Скидка_SM_CST) -> 0.9 | J63: =I63*H63 -> 0 | K63: =G63*(1-Скидка_SM_CST) -> 94.5 | L63: =H63*K63 -> 0
A64: 0 | B64: 154308 | C64: Шлифовальный круг ROXTOP WHITE 225мм на липучке, 24 отв., белёсый | D64: P120 | E64: 50 / 400 | F64: 0.82 | G64: =ROUND(F64*Курс_EUR,2) -> 86.1 | I64: =F64*(1-Скидка_SM_CST) -> 0.82 | J64: =I64*H64 -> 0 | K64: =G64*(1-Скидка_SM_CST) -> 86.1 | L64: =H64*K64 -> 0
A65: 0 | B65: 154309 | C65: Шлифовальный круг ROXTOP WHITE 225мм на липучке, 24 отв., белёсый | D65: P150 | E65: 50 / 400 | F65: 0.82 | G65: =ROUND(F65*Курс_EUR,2) -> 86.1 | I65: =F65*(1-Скидка_SM_CST) -> 0.82 | J65: =I65*H65 -> 0 | K65: =G65*(1-Скидка_SM_CST) -> 86.1 | L65: =H65*K65 -> 0
A66: 0 | B66: 154310 | C66: Шлифовальный круг ROXTOP WHITE 225мм на липучке, 24 отв., белёсый | D66: P180 | E66: 50 / 400 | F66: 0.82 | G66: =ROUND(F66*Курс_EUR,2) -> 86.1 | I66: =F66*(1-Скидка_SM_CST) -> 0.82 | J66: =I66*H66 -> 0 | K66: =G66*(1-Скидка_SM_CST) -> 86.1 | L66: =H66*K66 -> 0
A67: 0 | B67: 154311 | C67: Шлифовальный круг ROXTOP WHITE 225мм на липучке, 24 отв., белёсый | D67: P220 | E67: 50 / 400 | F67: 0.82 | G67: =ROUND(F67*Курс_EUR,2) -> 86.1 | I67: =F67*(1-Скидка_SM_CST) -> 0.82 | J67: =I67*H67 -> 0 | K67: =G67*(1-Скидка_SM_CST) -> 86.1 | L67: =H67*K67 -> 0
A68: 0 | B68: 154312 | C68: Шлифовальный круг ROXTOP WHITE 225мм на липучке, 24 отв., белёсый | D68: P240 | E68: 50 / 400 | F68: 0.82 | G68: =ROUND(F68*Курс_EUR,2) -> 86.1 | I68: =F68*(1-Скидка_SM_CST) -> 0.82 | J68: =I68*H68 -> 0 | K68: =G68*(1-Скидка_SM_CST) -> 86.1 | L68: =H68*K68 -> 0
A69: 0 | B69: 154314 | C69: Шлифовальный круг ROXTOP WHITE 225мм на липучке, 24 отв., белёсый | D69: P320 | E69: 50 / 400 | F69: 0.82 | G69: =ROUND(F69*Курс_EUR,2) -> 86.1 | I69: =F69*(1-Скидка_SM_CST) -> 0.82 | J69: =I69*H69 -> 0 | K69: =G69*(1-Скидка_SM_CST) -> 86.1 | L69: =H69*K69 -> 0
B72: Существует гибкая система скидок для оптовых покупателей

Sheet RP CR
B2: Прайс - лист
B3: на материалы для авторемонта RoxelPro
K4: Скидка: | L4: 0
B5: Санкт-Петербург, 194362, пос.Парголово, Горское шоссе 6, логопарк "Осиновая Роща" | K5: Скидка *: | L5: 0
B6: т./ф. + 7 (812) 640 4240 e-mail: info@lion-group.ru www.lion-group.ru | D6: Содержание | F6: =Курс_EUR -> 105 | I6: Сумма заказа, У.Е.: | J6: =SUM(J10:J697) -> 0 | K6: РУБ: | L6: =SUM(L10:L697) -> 0
A7: Изм. цены % | B7: Артикул | C7: Наименование продукта | D7: Упаковка | E7: Ед.изм. | F7: Рекоменд. Цена У.Е. | G7: Рекоменд. Цена РУБ | H7: Заказ | I7: Цена со скидкой | J7: Сумма | K7: Цена со скидкой | L7: Сумма РУБ
B8: Абразивные материалы
B9: Отрезные круги
A10: 0 | B10: 105144 | C10: RoxelPro Отрезной круг ROXPRO POWER CUT 125 x 1.2 x 22мм, Т41, нерж.сталь, металл | D10: 50 / 500 шт. | E10: шт. | F10: 0.72 | G10: =ROUND(F10*Курс_EUR,2) -> 75.6 | I10: =F10*(1-Скидка_RP_ind) -> 0.72 | J10: =I10*H10 -> 0 | K10: =G10*(1-Скидка_RP_ind) -> 75.6 | L10: =H10*K10 -> 0 | M10: *
A11: 0 | B11: 105243 | C11: RoxelPro Отрезной круг ROXTOP HARD CUT 125 x 1.0 x 22мм, Т41, нерж.сталь, металл | D11: 50 / 500 шт. | E11: шт. | F11: 0.67 | G11: =ROUND(F11*Курс_EUR,2) -> 70.35 | I11: =F11*(1-Скидка_RP_ind) -> 0.67 | J11: =I11*H11 -> 0 | K11: =G11*(1-Скидка_RP_ind) -> 70.35 | L11: =H11*K11 -> 0 | M11: *
A12: 0 | B12: 105323 | C12: RoxelPro Отрезной круг ROXTOP UNI CUT 75 x 1.0 x 9.8мм, Т41, нерж.сталь, металл | D12: 50 / 500 шт. | E12: шт. | F12: 0.56 | G12: =ROUND(F12*Курс_EUR,2) -> 58.8 | I12: =F12*(1-Скидка_RP_ind) -> 0.56 | J12: =I12*H12 -> 0 | K12: =G12*(1-Скидка_RP_ind) -> 58.8 | L12: =H12*K12 -> 0 | M12: *
A13: 0 | B13: 105343 | C13: RoxelPro Отрезной круг ROXTOP UNI CUT 125 x 1.0 x 22мм, Т41, нерж.сталь, металл | D13: 50 / 500 шт. | E13: шт. | F13: 0.67 | G13: =ROUND(F13*Курс_EUR,2) -> 70.35 | I13: =F13*(1-Скидка_RP_ind) -> 0.67 | J13: =I13*H13 -> 0 | K13: =G13*(1-Скидка_RP_ind) -> 70.35 | L13: =H13*K13 -> 0 | M13: *
A14: 0 | B14: 105543 | C14: RoxelPro Отрезной круг ROXTOP FAST CUT 125 x 1.0 x 22мм, Т41, нерж.сталь, металл | D14: 50 / 500 шт. | E14: шт. | F14: 0.63 | G14: =ROUND(F14*Курс_EUR,2) -> 66.15 | I14: =F14*(1-Скидка_RP_ind) -> 0.63 | J14: =I14*H14 -> 0 | K14: =G14*(1-Скидка_RP_ind) -> 66.15 | L14: =H14*K14 -> 0 | M14: *
B16: Фибровые круги
A17: 0 | B17: 110341 | C17: RoxelPro Фибровый шлифовальный круг ROXPRO 125 х 22мм, керамика, Р24 | D17: 25 / 200 шт. | E17: шт. | F17: 2.48 | G17: =ROUND(F17*Курс_EUR,2) -> 260.4 | I17: =F17*(1-Скидка_RP_ind) -> 2.48 | J17: =I17*H17 -> 0 | K17: =G17*(1-Скидка_RP_ind) -> 260.4 | L17: =H17*K17 -> 0 | M17: *
A18: 0 | B18: 110342 | C18: RoxelPro Фибровый шлифовальный круг ROXPRO 125 х 22мм, керамика, Р36 | D18: 25 / 200 шт. | E18: шт. | F18: 2.34 | G18: =ROUND(F18*Курс_EUR,2) -> 245.7 | I18: =F18*(1-Скидка_RP_ind) -> 2.34 | J18: =I18*H18 -> 0 | K18: =G18*(1-Скидка_RP_ind) -> 245.7 | L18: =H18*K18 -> 0 | M18: *
A19: 0 | B19: 110343 | C19: RoxelPro Фибровый шлифовальный круг ROXPRO 125 х 22мм, керамика, Р40 | D19: 25 / 200 шт. | E19: шт. | F19: 1.92 | G19: =ROUND(F19*Курс_EUR,2) -> 201.6 | I19: =F19*(1-Скидка_RP_ind) -> 1.92 | J19: =I19*H19 -> 0 | K19: =G19*(1-Скидка_RP_ind) -> 201.6 | L19: =H19*K19 -> 0 | M19: *
A20: 0 | B20: 110345 | C20: RoxelPro Фибровый шлифовальный круг ROXPRO 125 х 22мм, керамика, Р60 | D20: 25 / 200 шт. | E20: шт. | F20: 1.51 | G20: =ROUND(F20*Курс_EUR,2) -> 158.55 | I20: =F20*(1-Скидка_RP_ind) -> 1.51 | J20: =I20*H20 -> 0 | K20: =G20*(1-Скидка_RP_ind) -> 158.55 | L20: =H20*K20 -> 0 | M20: *
A21: 0 | B21: 110346 | C21: RoxelPro Фибровый шлифовальный круг ROXPRO 125 х 22мм, керамика, Р80 | D21: 25 / 200 шт. | E21: шт. | F21: 1.42 | G21: =ROUND(F21*Курс_EUR,2) -> 149.1 | I21: =F21*(1-Скидка_RP_ind) -> 1.42 | J21: =I21*H21 -> 0 | K21: =G21*(1-Скидка_RP_ind) -> 149.1 | L21: =H21*K21 -> 0 | M21: *
A22: 0 | B22: 110347 | C22: RoxelPro Фибровый шлифовальный круг ROXPRO 125 х 22мм, керамика, Р100 | D22: 25 / 200 шт. | E22: шт. | F22: 1.31 | G22: =ROUND(F22*Курс_EUR,2) -> 137.55 | I22: =F22*(1-Скидка_RP_ind) -> 1.31 | J22: =I22*H22 -> 0 | K22: =G22*(1-Скидка_RP_ind) -> 137.55 | L22: =H22*K22 -> 0 | M22: *
A24: 0 | B24: 110441 | C24: RoxelPro Фибровый шлифовальный круг ROXPRO HARD CUT 125 х 22мм, керамика, Р24 | D24: 25 / 200 шт. | E24: шт. | F24: 1.8 | G24: =ROUND(F24*Курс_EUR,2) -> 189 | I24: =F24*(1-Скидка_RP_ind) -> 1.8 | J24: =I24*H24 -> 0 | K24: =G24*(1-Скидка_RP_ind) -> 189 | L24: =H24*K24 -> 0 | M24: *
A25: 0 | B25: 110442 | C25: RoxelPro Фибровый шлифовальный круг ROXPRO HARD CUT 125 х 22мм, керамика, Р36 | D25: 25 / 200 шт. | E25: шт. | F25: 1.68 | G25: =ROUND(F25*Курс_EUR,2) -> 176.4 | I25: =F25*(1-Скидка_RP_ind) -> 1.68 | J25: =I25*H25 -> 0 | K25: =G25*(1-Скидка_RP_ind) -> 176.4 | L25: =H25*K25 -> 0 | M25: *
A26: 0 | B26: 110443 | C26: RoxelPro Фибровый шлифовальный круг ROXPRO HARD CUT 125 х 22мм, керамика, Р40 | D26: 25 / 200 шт. | E26: шт. | F26: 1.68 | G26: =ROUND(F26*Курс_EUR,2) -> 176.4 | I26: =F26*(1-Скидка_RP_ind) -> 1.68 | J26: =I26*H26 -> 0 | K26: =G26*(1-Скидка_RP_ind) -> 176.4 | L26: =H26*K26 -> 0 | M26: *
A27: 0 | B27: 110445 | C27: RoxelPro Фибровый шлифовальный круг ROXPRO HARD CUT 125 х 22мм, керамика, Р60 | D27: 25 / 200 шт. | E27: шт. | F27: 1.54 | G27: =ROUND(F27*Курс_EUR,2) -> 161.7 | I27: =F27*(1-Скидка_RP_ind) -> 1.54 | J27: =I27*H27 -> 0 | K27: =G27*(1-Скидка_RP_ind) -> 161.7 | L27: =H27*K27 -> 0 | M27: *
A28: 0 | B28: 110446 | C28: RoxelPro Фибровый шлифовальный круг ROXPRO HARD CUT 125 х 22мм, керамика, Р80 | D28: 25 / 200 шт. | E28: шт. | F28: 1.48 | G28: =ROUND(F28*Курс_EUR,2) -> 155.4 | I28: =F28*(1-Скидка_RP_ind) -> 1.48 | J28: =I28*H28 -> 0 | K28: =G28*(1-Скидка_RP_ind) -> 155.4 | L28: =H28*K28 -> 0 | M28: *
A29: 0 | B29: 110448 | C29: RoxelPro Фибровый шлифовальный круг ROXPRO HARD CUT 125 х 22мм, керамика, Р120 | D29: 25 / 200 шт. | E29: шт. | F29: 1.48 | G29: =ROUND(F29*Курс_EUR,2) -> 155.4 | I29: =F29*(1-Скидка_RP_ind) -> 1.48 | J29: =I29*H29 -> 0 | K29: =G29*(1-Скидка_RP_ind) -> 155.4 | L29: =H29*K29 -> 0 | M29: *
... A33: 0 | B33: 110762 | C33: RoxelPro Фибровый шлифовальный круг ROXTOP 180 х 22мм, оксид алюминия, Р36 | D33: 25 / 200 шт. | E33: шт. | F33: 1.8 | G33: =ROUND(F33*Курс_EUR,2) -> 189 | I33: =F33*(1-Скидка_RP_ind) -> 1.8 | J33: =I33*H33 -> 0 | K33: =G33*(1-Скидка_RP_ind) -> 189 | L33: =H33*K33 -> 0 | M33: *
B35: Оправки для фибровых кругов
A36: 9.4 | B36: 110934 | C36: RoxelPro Оправка для фибровых кругов 125мм, особо жёсткая, ребристая M14 | D36: шт. | E36: шт. | F36: 23.59 | G36: =ROUND(F36*Курс_EUR,2) -> 2476.95 | I36: =F36*(1-Скидка_RP_ind) -> 23.59 | J36: =I36*H36 -> 0 | K36: =G36*(1-Скидка_RP_ind) -> 2476.95 | L36: =H36*K36 -> 0 | M36: *
A37: 9.1 | B37: 110944 | C37: RoxelPro Оправка для фибровых кругов 125мм, жёсткая, ребристая M14 | D37: шт. | E37: шт. | F37: 19.13 | G37: =ROUND(F37*Курс_EUR,2) -> 2008.65 | I37: =F37*(1-Скидка_RP_ind) -> 19.13 | J37: =I37*H37 -> 0 | K37: =G37*(1-Скидка_RP_ind) -> 2008.65 | L37: =H37*K37 -> 0 | M37: *
A38: 9.1 | B38: 110954 | C38: RoxelPro Оправка для фибровых кругов 125мм, средней жёсткости, ребристая M14 | D38: шт. | E38: шт. | F38: 15.2 | G38: =ROUND(F38*Курс_EUR,2) -> 1596 | I38: =F38*(1-Скидка_RP_ind) -> 15.2 | J38: =I38*H38 -> 0 | K38: =G38*(1-Скидка_RP_ind) -> 1596 | L38: =H38*K38 -> 0 | M38: *
A39: 8.5 | B39: 110964 | C39: RoxelPro Оправка для фибровых кругов 125мм, мягкая M14 | D39: шт. | E39: шт. | F39: 13.46 | G39: =ROUND(F39*Курс_EUR,2) -> 1413.3 | I39: =F39*(1-Скидка_RP_ind) -> 13.46 | J39: =I39*H39 -> 0 | K39: =G39*(1-Скидка_RP_ind) -> 1413.3 | L39: =H39*K39 -> 0 | M39: *
B41: Лепестковые круги
A42: 0 | B42: 111513 | C42: RoxelPro Быстросъёмный лепестковый круг ROXTOP 50мм, цирконат, Р40 | D42: 10 / 500 | E42: шт. | F42: 3.27 | G42: =ROUND(F42*Курс_EUR,2) -> 343.35 | I42: =F42*(1-Скидка_RP_ind) -> 3.27 | J42: =I42*H42 -> 0 | K42: =G42*(1-Скидка_RP_ind) -> 343.35 | L42: =H42*K42 -> 0 | M42: *
A43: 0 | B43: 111515 | C43: RoxelPro Быстросъёмный лепестковый круг ROXTOP 50мм, цирконат, Р60 | D43: 10 / 500 | E43: шт. | F43: 3.1 | G43: =ROUND(F43*Курс_EUR,2) -> 325.5 | I43: =F43*(1-Скидка_RP_ind) -> 3.1 | J43: =I43*H43 -> 0 | K43: =G43*(1-Скидка_RP_ind) -> 325.5 | L43: =H43*K43 -> 0 | M43: *
A44: 0 | B44: 111516 | C44: RoxelPro Быстросъёмный лепестковый круг ROXTOP 50мм, цирконат, Р80 | D44: 10 / 500 | E44: шт. | F44: 3.1 | G44: =ROUND(F44*Курс_EUR,2) -> 325.5 | I44: =F44*(1-Скидка_RP_ind) -> 3.1 | J44: =I44*H44 -> 0 | K44: =G44*(1-Скидка_RP_ind) -> 325.5 | L44: =H44*K44 -> 0 | M44: *
B46: Зачистные круги QCD
A47: 0 | B47: 113212 | C47: RoxelPro Зачистной круг ROXPRO PLUS QCD 50мм, керамика, Р36 | D47: кор: 100 шт. | E47: шт. | F47: 1.03 | G47: =ROUND(F47*Курс_EUR,2) -> 108.15 | I47: =F47*(1-Скидка_RP_ind) -> 1.03 | J47: =I47*H47 -> 0 | K47: =G47*(1-Скидка_RP_ind) -> 108.15 | L47: =H47*K47 -> 0 | M47: *
A48: 0 | B48: 113215 | C48: RoxelPro Зачистной круг ROXPRO PLUS QCD 50мм, керамика, Р60 | D48: кор: 100 шт. | E48: шт. | F48: 0.99 | G48: =ROUND(F48*Курс_EUR,2) -> 103.95 | I48: =F48*(1-Скидка_RP_ind) -> 0.99 | J48: =I48*H48 -> 0 | K48: =G48*(1-Скидка_RP_ind) -> 103.95 | L48: =H48*K48 -> 0 | M48: *
A49: 0 | B49: 113216 | C49: RoxelPro Зачистной круг ROXPRO PLUS QCD 50мм, керамика, Р80 | D49: кор: 100 шт. | E49: шт. | F49: 0.99 | G49: =ROUND(F49*Курс_EUR,2) -> 103.95 | I49: =F49*(1-Скидка_RP_ind) -> 0.99 | J49: =I49*H49 -> 0 | K49: =G49*(1-Скидка_RP_ind) -> 103.95 | L49: =H49*K49 -> 0 | M49: *
A51: 0 | B51: 113311 | C51: RoxelPro Зачистной круг ROXPRO QCD 50мм, керамика, Р24 | D51: кор: 100 шт. | E51: шт. | F51: 1.18 | G51: =ROUND(F51*Курс_EUR,2) -> 123.9 | I51: =F51*(1-Скидка_RP_ind) -> 1.18 | J51: =I51*H51 -> 0 | K51: =G51*(1-Скидка_RP_ind) -> 123.9 | L51: =H51*K51 -> 0 | M51: *
A52: 0 | B52: 113313 | C52: RoxelPro Зачистной круг ROXPRO QCD 50мм, керамика, Р40 | D52: кор: 100 шт. | E52: шт. | F52: 0.99 | G52: =ROUND(F52*Курс_EUR,2) -> 103.95 | I52: =F52*(1-Скидка_RP_ind) -> 0.99 | J52: =I52*H52 -> 0 | K52: =G52*(1-Скидка_RP_ind) -> 103.95 | L52: =H52*K52 -> 0 | M52: *
A53: 0 | B53: 113315 | C53: RoxelPro Зачистной круг ROXPRO QCD 50мм, керамика, Р60 | D53: кор: 100 шт. | E53: шт. | F53: 0.94 | G53: =ROUND(F53*Курс_EUR,2) -> 98.7 | I53: =F53*(1-Скидка_RP_ind) -> 0.94 | J53: =I53*H53 -> 0 | K53: =G53*(1-Скидка_RP_ind) -> 98.7 | L53: =H53*K53 -> 0 | M53: *
A54: 0 | B54: 113316 | C54: RoxelPro Зачистной круг ROXPRO QCD 50мм, керамика, Р80 | D54: кор: 100 шт. | E54: шт. | F54: 0.91 | G54: =ROUND(F54*Курс_EUR,2) -> 95.55 | I54: =F54*(1-Скидка_RP_ind) -> 0.91 | J54: =I54*H54 -> 0 | K54: =G54*(1-Скидка_RP_ind) -> 95.55 | L54: =H54*K54 -> 0 | M54: *
A55: 0 | B55: 113318 | C55: RoxelPro Зачистной круг ROXPRO QCD 50мм, керамика, Р120 | D55: кор: 100 шт. | E55: шт. | F55: 0.87 | G55: =ROUND(F55*Курс_EUR,2) -> 91.35 | I55: =F55*(1-Скидка_RP_ind) -> 0.87 | J55: =I55*H55 -> 0 | K55: =G55*(1-Скидка_RP_ind) -> 91.35 | L55: =H55*K55 -> 0 | M55: *
B57: Оправки для зачистных кругов QCD
A58: 9.3 | B58: 113923 | C58: RoxelPro Оправка QCD 50мм, тип R, M14 | D58: шт. | E58: шт. | F58: 14.77 | G58: =ROUND(F58*Курс_EUR,2) -> 1550.85 | I58: =F58*(1-Скидка_RP_ind) -> 14.77 | J58: =I58*H58 -> 0 | K58: =G58*(1-Скидка_RP_ind) -> 1550.85 | L58: =H58*K58 -> 0 | M58: *
A59: 8.9 | B59: 113943 | C59: RoxelPro Оправка QCD 50мм, тип R, шпиндель 6мм | D59: шт. | E59: шт. | F59: 12.25 | G59: =ROUND(F59*Курс_EUR,2) -> 1286.25 | I59: =F59*(1-Скидка_RP_ind) -> 12.25 | J59: =I59*H59 -> 0 | K59: =G59*(1-Скидка_RP_ind) -> 1286.25 | L59: =H59*K59 -> 0 | M59: *
B61: Ленты шлифовальные
A62: 0 | B62: 114212 | C62: RoxelPro Шлифовальная лента ROXPRO PLUS 10 х 330мм, керамика, Р36 | D62: 10 / 400 шт. | E62: шт. | F62: 1.49 | G62: =ROUND(F62*Курс_EUR,2) -> 156.45 | I62: =F62*(1-Скидка_RP_ind) -> 1.49 | J62: =I62*H62 -> 0 | K62: =G62*(1-Скидка_RP_ind) -> 156.45 | L62: =H62*K62 -> 0 | M62: *
A63: 0 | B63: 114215 | C63: RoxelPro Шлифовальная лента ROXPRO PLUS 10 х 330мм, керамика, Р60 | D63: 10 / 400 шт. | E63: шт. | F63: 1.49 | G63: =ROUND(F63*Курс_EUR,2) -> 156.45 | I63: =F63*(1-Скидка_RP_ind) -> 1.49 | J63: =I63*H63 -> 0 | K63: =G63*(1-Скидка_RP_ind) -> 156.45 | L63: =H63*K63 -> 0 | M63: *
A64: 0 | B64: 114216 | C64: RoxelPro Шлифовальная лента ROXPRO PLUS 10 х 330мм, керамика, Р80 | D64: 10 / 400 шт. | E64: шт. | F64: 1.49 | G64: =ROUND(F64*Курс_EUR,2) -> 156.45 | I64: =F64*(1-Скидка_RP_ind) -> 1.49 | J64: =I64*H64 -> 0 | K64: =G64*(1-Скидка_RP_ind) -> 156.45 | L64: =H64*K64 -> 0 | M64: *
A65: 0 | B65: 114222 | C65: RoxelPro Шлифовальная лента ROXPRO PLUS 13 х 457мм, керамика, Р36 | D65: 10 / 300 шт. | E65: шт. | F65: 2.04 | G65: =ROUND(F65*Курс_EUR,2) -> 214.2 | I65: =F65*(1-Скидка_RP_ind) -> 2.04 | J65: =I65*H65 -> 0 | K65: =G65*(1-Скидка_RP_ind) -> 214.2 | L65: =H65*K65 -> 0 | M65: *
A66: 0 | B66: 114225 | C66: RoxelPro Шлифовальная лента ROXPRO PLUS 13 х 457мм, керамика, Р60 | D66: 10 / 300 шт. | E66: шт. | F66: 2.04 | G66: =ROUND(F66*Курс_EUR,2) -> 214.2 | I66: =F66*(1-Скидка_RP_ind) -> 2.04 | J66: =I66*H66 -> 0 | K66: =G66*(1-Скидка_RP_ind) -> 214.2 | L66: =H66*K66 -> 0 | M66: *
A67: 0 | B67: 114226 | C67: RoxelPro Шлифовальная лента ROXPRO PLUS 13 х 457мм, керамика, Р80 | D67: 10 / 300 шт. | E67: шт. | F67: 2.04 | G67: =ROUND(F67*Курс_EUR,2) -> 214.2 | I67: =F67*(1-Скидка_RP_ind) -> 2.04 | J67: =I67*H67 -> 0 | K67: =G67*(1-Скидка_RP_ind) -> 214.2 | L67: =H67*K67 -> 0 | M67: *
B69: Круги нетканые для подготовки поверхности
A70: 0 | B70: 121512 | C70: RoxelPro Быстросъёмный нетканый шлифовальный круг ROXPRO QCD 50мм, Coarse | D70: кор: 50 шт. | E70: шт. | F70: 1.51 | G70: =ROUND(F70*Курс_EUR,2) -> 158.55 | I70: =F70*(1-Скидка_RP_ind) -> 1.51 | J70: =I70*H70 -> 0 | K70: =G70*(1-Скидка_RP_ind) -> 158.55 | L70: =H70*K70 -> 0 | M70: *
A71: 0 | B71: 121513 | C71: RoxelPro Быстросъёмный нетканый шлифовальный круг ROXPRO QCD 50мм, Medium | D71: кор: 50 шт. | E71: шт. | F71: 1.51 | G71: =ROUND(F71*Курс_EUR,2) -> 158.55 | I71: =F71*(1-Скидка_RP_ind) -> 1.51 | J71: =I71*H71 -> 0 | K71: =G71*(1-Скидка_RP_ind) -> 158.55 | L71: =H71*K71 -> 0 | M71: *
A72: 0 | B72: 121515 | C72: RoxelPro Быстросъёмный нетканый шлифовальный круг ROXPRO QCD 50мм, Very Fine | D72: кор: 50 шт. | E72: шт. | F72: 1.44 | G72: =ROUND(F72*Курс_EUR,2) -> 151.2 | I72: =F72*(1-Скидка_RP_ind) -> 1.44 | J72: =I72*H72 -> 0 | K72: =G72*(1-Скидка_RP_ind) -> 151.2 | L72: =H72*K72 -> 0 | M72: *
A73: 0 | B73: 121516 | C73: RoxelPro Быстросъёмный нетканый шлифовальный круг ROXPRO QCD 50мм, Super Fine | D73: кор: 50 шт. | E73: шт. | F73: 1.44 | G73: =ROUND(F73*Курс_EUR,2) -> 151.2 | I73: =F73*(1-Скидка_RP_ind) -> 1.44 | J73: =I73*H73 -> 0 | K73: =G73*(1-Скидка_RP_ind) -> 151.2 | L73: =H73*K73 -> 0 | M73: *
B75: Круги Clean & Strip
A76: 0 | B76: 123525 | C76: RoxelPro Пурпурный зачистной круг ROXPRO Clean&Strip II 150х13х13мм | D76: 10 / 240 шт. | E76: шт. | F76: 12.79 | G76: =ROUND(F76*Курс_EUR,2) -> 1342.95 | I76: =F76*(1-Скидка_RP_ind) -> 12.79 | J76: =I76*H76 -> 0 | K76: =G76*(1-Скидка_RP_ind) -> 1342.95 | L76: =H76*K76 -> 0 | M76: *
A77: 0 | B77: 123543 | C77: RoxelPro Пурпурный зачистной круг ROXPRO Clean&Strip II на оправке 115х13х22мм | D77: 10 / 400 шт. | E77: шт. | F77: 11.34 | G77: =ROUND(F77*Курс_EUR,2) -> 1190.7 | I77: =F77*(1-Скидка_RP_ind) -> 11.34 | J77: =I77*H77 -> 0 | K77: =G77*(1-Скидка_RP_ind) -> 1190.7 | L77: =H77*K77 -> 0 | M77: *
A78: 0 | B78: 123544 | C78: RoxelPro Пурпурный зачистной круг ROXPRO Clean&Strip II на оправке 125х13х22мм | D78: 10 / 400 шт. | E78: шт. | F78: 12.48 | G78: =ROUND(F78*Курс_EUR,2) -> 1310.4 | I78: =F78*(1-Скидка_RP_ind) -> 12.48 | J78: =I78*H78 -> 0 | K78: =G78*(1-Скидка_RP_ind) -> 1310.4 | L78: =H78*K78 -> 0 | M78: *
A79: 0 | B79: 123561 | C79: RoxelPro Быстросъёмный Пурпурный зачистной круг ROXPRO Clean&Strip II 75х13мм | D79: 10 / 240 шт. | E79: шт. | F79: 5.58 | G79: =ROUND(F79*Курс_EUR,2) -> 585.9 | I79: =F79*(1-Скидка_RP_ind) -> 5.58 | J79: =I79*H79 -> 0 | K79: =G79*(1-Скидка_RP_ind) -> 585.9 | L79: =H79*K79 -> 0 | M79: *
A80: 0 | B80: 123562 | C80: RoxelPro Быстросъёмный Пурпурный зачистной круг ROXPRO Clean&Strip II 100х13мм | D80: 10 / 240 шт. | E80: шт. | F80: 9.18 | G80: =ROUND(F80*Курс_EUR,2) -> 963.9 | I80: =F80*(1-Скидка_RP_ind) -> 9.18 | J80: =I80*H80 -> 0 | K80: =G80*(1-Скидка_RP_ind) -> 963.9 | L80: =H80*K80 -> 0 | M80: *
A81: 0 | B81: 123582 | C81: RoxelPro Пурпурный зачистной круг ROXPRO Clean&Strip II 100х13х6мм на шпинделе | D81: 10 / 240 шт. | E81: шт. | F81: 9.18 | G81: =ROUND(F81*Курс_EUR,2) -> 963.9 | I81: =F81*(1-Скидка_RP_ind) -> 9.18 | J81: =I81*H81 -> 0 | K81: =G81*(1-Скидка_RP_ind) -> 963.9 | L81: =H81*K81 -> 0 | M81: *
B83: Нетканый абразивный материал для ручного шлифования
A84: 5 | B84: 126143 | C84: RoxelPro Нетканый абразивный материал ROXTOP FAST CUT 115х230мм VERY FINE, красный | D84: 20 шт. | E84: шт. | F84: 1.48 | G84: =ROUND(F84*Курс_EUR,2) -> 155.4 | I84: =F84*(1-Скидка_ROXELPRO) -> 1.48 | J84: =I84*H84 -> 0 | K84: =G84*(1-Скидка_ROXELPRO) -> 155.4 | L84: =H84*K84 -> 0
A85: 5 | B85: 126146 | C85: RoxelPro Нетканый абразивный материал ROXTOP FAST CUT 115х230мм ULTRA FINE, серый | D85: 20 шт. | E85: шт. | F85: 1.48 | G85: =ROUND(F85*Курс_EUR,2) -> 155.4 | I85: =F85*(1-Скидка_ROXELPRO) -> 1.48 | J85: =I85*H85 -> 0 | K85: =G85*(1-Скидка_ROXELPRO) -> 155.4 | L85: =H85*K85 -> 0
A86: 4.9 | B86: 126343 | C86: RoxelPro Нетканый абразивный материал ROXTOP FAST CUT 115мм х 10м VERY FINE, красный | D86: 1 рулон | E86: шт. | F86: 51.43 | G86: =ROUND(F86*Курс_EUR,2) -> 5400.15 | I86: =F86*(1-Скидка_ROXELPRO) -> 51.43 | J86: =I86*H86 -> 0 | K86: =G86*(1-Скидка_ROXELPRO) -> 5400.15 | L86: =H86*K86 -> 0
A87: 4.9 | B87: 126346 | C87: RoxelPro Нетканый абразивный материал ROXTOP FAST CUT 115мм х 10м ULTRA FINE, серый | D87: 1 рулон | E87: шт. | F87: 51.43 | G87: =ROUND(F87*Курс_EUR,2) -> 5400.15 | I87: =F87*(1-Скидка_ROXELPRO) -> 51.43 | J87: =I87*H87 -> 0 | K87: =G87*(1-Скидка_ROXELPRO) -> 5400.15 | L87: =H87*K87 -> 0
A89: 5.3 | B89: 126152 | C89: RoxelPro Нетканый абразивный материал 152х229мм FINE, зелёный | D89: 20 шт. | E89: шт. | F89: 1.59 | G89: =ROUND(F89*Курс_EUR,2) -> 166.95 | I89: =F89*(1-Скидка_ROXELPRO) -> 1.59 | J89: =I89*H89 -> 0 | K89: =G89*(1-Скидка_ROXELPRO) -> 166.95 | L89: =H89*K89 -> 0
A90: 5.3 | B90: 126153 | C90: RoxelPro Нетканый абразивный материал 152х229мм VERY FINE, красный | D90: 20 шт. | E90: шт. | F90: 1.59 | G90: =ROUND(F90*Курс_EUR,2) -> 166.95 | I90: =F90*(1-Скидка_ROXELPRO) -> 1.59 | J90: =I90*H90 -> 0 | K90: =G90*(1-Скидка_ROXELPRO) -> 166.95 | L90: =H90*K90 -> 0
A91: 5.3 | B91: 126156 | C91: RoxelPro Нетканый абразивный материал 152х229мм ULTRA FINE, серый | D91: 20 шт. | E91: шт. | F91: 1.59 | G91: =ROUND(F91*Курс_EUR,2) -> 166.95 | I91: =F91*(1-Скидка_ROXELPRO) -> 1.59 | J91: =I91*H91 -> 0 | K91: =G91*(1-Скидка_ROXELPRO) -> 166.95 | L91: =H91*K91 -> 0
A92: 5.3 | B92: 126157 | C92: RoxelPro Нетканый абразивный материал 152х229мм MICRO FINE, светло-серый | D92: 20 шт. | E92: шт. | F92: 1.59 | G92: =ROUND(F92*Курс_EUR,2) -> 166.95 | I92: =F92*(1-Скидка_ROXELPRO) -> 1.59 | J92: =I92*H92 -> 0 | K92: =G92*(1-Скидка_ROXELPRO) -> 166.95 | L92: =H92*K92 -> 0
A93: 6.2 | B93: 126322 | C93: RoxelPro Нетканый абразивный материал 115мм х10м FINE, зелёный | D93: 1 рулон | E93: шт. | F93: 45.42 | G93: =ROUND(F93*Курс_EUR,2) -> 4769.1 | I93: =F93*(1-Скидка_ROXELPRO) -> 45.42 | J93: =I93*H93 -> 0 | K93: =G93*(1-Скидка_ROXELPRO) -> 4769.1 | L93: =H93*K93 -> 0
A94: 6.2 | B94: 126323 | C94: RoxelPro Нетканый абразивный материал 115мм х10м VERY FINE, красный | D94: 1 рулон | E94: шт. | F94: 45.42 | G94: =ROUND(F94*Курс_EUR,2) -> 4769.1 | I94: =F94*(1-Скидка_ROXELPRO) -> 45.42 | J94: =I94*H94 -> 0 | K94: =G94*(1-Скидка_ROXELPRO) -> 4769.1 | L94: =H94*K94 -> 0
A95: 6.2 | B95: 126326 | C95: RoxelPro Нетканый абразивный материал 115мм х10м ULTRA FINE, серый | D95: 1 рулон | E95: шт. | F95: 45.42 | G95: =ROUND(F95*Курс_EUR,2) -> 4769.1 | I95: =F95*(1-Скидка_ROXELPRO) -> 45.42 | J95: =I95*H95 -> 0 | K95: =G95*(1-Скидка_ROXELPRO) -> 4769.1 | L95: =H95*K95 -> 0
A96: 6.2 | B96: 126327 | C96: RoxelPro Нетканый абразивный материал 115мм х10м MICRO FINE, светло-серый | D96: 1 рулон | E96: шт. | F96: 45.42 | G96: =ROUND(F96*Курс_EUR,2) -> 4769.1 | I96: =F96*(1-Скидка_ROXELPRO) -> 45.42 | J96: =I96*H96 -> 0 | K96: =G96*(1-Скидка_ROXELPRO) -> 4769.1 | L96: =H96*K96 -> 0
... A100: 5.6 | B100: 126657 | C100: RoxelPro Нетканый абразивный материал 150мм MICRO FINE, светло-серый | D100: 15 шт. | E100: шт. | F100: 1.52 | G100: =ROUND(F100*Курс_EUR,2) -> 159.6 | I100: =F100*(1-Скидка_ROXELPRO) -> 1.52 | J100: =I100*H100 -> 0 | K100: =G100*(1-Скидка_ROXELPRO) -> 159.6 | L100: =H100*K100 -> 0
B102: Шлифовальные круги и полосы
A103: 0 | B103: 152103 | C103: RoxelPro Шлифовальный круг ROXTOP FILM 125мм на липучке, 8 отв, синий P40 | D103: 100 / 400 шт. | E103: шт. | F103: 0.63 | G103: =ROUND(F103*Курс_EUR,2) -> 66.15 | I103: =F103*(1-Скидка_ROXELPRO) -> 0.63 | J103: =I103*H103 -> 0 | K103: =G103*(1-Скидка_ROXELPRO) -> 66.15 | L103: =H103*K103 -> 0
A104: 0 | B104: 152105 | C104: RoxelPro Шлифовальный круг ROXTOP FILM 125мм на липучке, 8 отв, синий P60 | D104: 100 / 400 шт. | E104: шт. | F104: 0.41 | G104: =ROUND(F104*Курс_EUR,2) -> 43.05 | I104: =F104*(1-Скидка_ROXELPRO) -> 0.41 | J104: =I104*H104 -> 0 | K104: =G104*(1-Скидка_ROXELPRO) -> 43.05 | L104: =H104*K104 -> 0
A105: 0 | B105: 152106 | C105: RoxelPro Шлифовальный круг ROXTOP FILM 125мм на липучке, 8 отв, синий P80 | D105: 100 / 800 шт. | E105: шт. | F105: 0.37 | G105: =ROUND(F105*Курс_EUR,2) -> 38.85 | I105: =F105*(1-Скидка_ROXELPRO) -> 0.37 | J105: =I105*H105 -> 0 | K105: =G105*(1-Скидка_ROXELPRO) -> 38.85 | L105: =H105*K105 -> 0
A106: 0 | B106: 152107 | C106: RoxelPro Шлифовальный круг ROXTOP FILM 125мм на липучке, 8 отв, синий P100 | D106: 100 / 800 шт. | E106: шт. | F106: 0.35 | G106: =ROUND(F106*Курс_EUR,2) -> 36.75 | I106: =F106*(1-Скидка_ROXELPRO) -> 0.35 | J106: =I106*H106 -> 0 | K106: =G106*(1-Скидка_ROXELPRO) -> 36.75 | L106: =H106*K106 -> 0
A107: 0 | B107: 152108 | C107: RoxelPro Шлифовальный круг ROXTOP FILM 125мм на липучке, 8 отв, синий P120 | D107: 100 / 800 шт. | E107: шт. | F107: 0.35 | G107: =ROUND(F107*Курс_EUR,2) -> 36.75 | I107: =F107*(1-Скидка_ROXELPRO) -> 0.35 | J107: =I107*H107 -> 0 | K107: =G107*(1-Скидка_ROXELPRO) -> 36.75 | L107: =H107*K107 -> 0
A108: 0 | B108: 152109 | C108: RoxelPro Шлифовальный круг ROXTOP FILM 125мм на липучке, 8 отв, синий P150 | D108: 100 / 800 шт. | E108: шт. | F108: 0.35 | G108: =ROUND(F108*Курс_EUR,2) -> 36.75 | I108: =F108*(1-Скидка_ROXELPRO) -> 0.35 | J108: =I108*H108 -> 0 | K108: =G108*(1-Скидка_ROXELPRO) -> 36.75 | L108: =H108*K108 -> 0
A109: 0 | B109: 152110 | C109: RoxelPro Шлифовальный круг ROXTOP FILM 125мм на липучке, 8 отв, синий P180 | D109: 100 / 800 шт. | E109: шт. | F109: 0.35 | G109: =ROUND(F109*Курс_EUR,2) -> 36.75 | I109: =F109*(1-Скидка_ROXELPRO) -> 0.35 | J109: =I109*H109 -> 0 | K109: =G109*(1-Скидка_ROXELPRO) -> 36.75 | L109: =H109*K109 -> 0
A110: 0 | B110: 152111 | C110: RoxelPro Шлифовальный круг ROXTOP FILM 125мм на липучке, 8 отв, синий P220 | D110: 100 / 800 шт. | E110: шт. | F110: 0.35 | G110: =ROUND(F110*Курс_EUR,2) -> 36.75 | I110: =F110*(1-Скидка_ROXELPRO) -> 0.35 | J110: =I110*H110 -> 0 | K110: =G110*(1-Скидка_ROXELPRO) -> 36.75 | L110: =H110*K110 -> 0
A111: 0 | B111: 152112 | C111: RoxelPro Шлифовальный круг ROXTOP FILM 125мм на липучке, 8 отв, синий P240 | D111: 100 / 800 шт. | E111: шт. | F111: 0.35 | G111: =ROUND(F111*Курс_EUR,2) -> 36.75 | I111: =F111*(1-Скидка_ROXELPRO) -> 0.35 | J111: =I111*H111 -> 0 | K111: =G111*(1-Скидка_ROXELPRO) -> 36.75 | L111: =H111*K111 -> 0
A112: 0 | B112: 152114 | C112: RoxelPro Шлифовальный круг ROXTOP FILM 125мм на липучке, 8 отв, синий P320 | D112: 100 / 800 шт. | E112: шт. | F112: 0.35 | G112: =ROUND(F112*Курс_EUR,2) -> 36.75 | I112: =F112*(1-Скидка_ROXELPRO) -> 0.35 | J112: =I112*H112 -> 0 | K112: =G112*(1-Скидка_ROXELPRO) -> 36.75 | L112: =H112*K112 -> 0
A113: 0 | B113: 152116 | C113: RoxelPro Шлифовальный круг ROXTOP FILM 125мм на липучке, 8 отв, синий P400 | D113: 100 / 800 шт. | E113: шт. | F113: 0.35 | G113: =ROUND(F113*Курс_EUR,2) -> 36.75 | I113: =F113*(1-Скидка_ROXELPRO) -> 0.35 | J113: =I113*H113 -> 0 | K113: =G113*(1-Скидка_ROXELPRO) -> 36.75 | L113: =H113*K113 -> 0
A114: 0 | B114: 152117 | C114: RoxelPro Шлифовальный круг ROXTOP FILM 125мм на липучке, 8 отв, синий P500 | D114: 100 / 800 шт. | E114: шт. | F114: 0.35 | G114: =ROUND(F114*Курс_EUR,2) -> 36.75 | I114: =F114*(1-Скидка_ROXELPRO) -> 0.35 | J114: =I114*H114 -> 0 | K114: =G114*(1-Скидка_ROXELPRO) -> 36.75 | L114: =H114*K114 -> 0
... A146: 0 | B146: 152516 | C146: RoxelPro Шлифовальная полоска ROXTOP FILM 70х400мм на липучке без отв, синяя P400 | D146: 100 / 800 шт. | E146: шт. | F146: 0.66 | G146: =ROUND(F146*Курс_EUR,2) -> 69.3 | I146: =F146*(1-Скидка_ROXELPRO) -> 0.66 | J146: =I146*H146 -> 0 | K146: =G146*(1-Скидка_ROXELPRO) -> 69.3 | L146: =H146*K146 -> 0
B148: Шлифовальная бумага
A149: 0 | B149: 155603 | C149: RoxelPro Шлифовальная бумага SUNROX в рулоне 115мм х 5м, золотистая, Р40 | D149: 1 / 6 шт. | E149: шт. | F149: 5.3 | G149: =ROUND(F149*Курс_EUR,2) -> 556.5 | I149: =F149*(1-Скидка_ROXELPRO) -> 5.3 | J149: =I149*H149 -> 0 | K149: =G149*(1-Скидка_ROXELPRO) -> 556.5 | L149: =H149*K149 -> 0
A150: 0 | B150: 155605 | C150: RoxelPro Шлифовальная бумага SUNROX в рулоне 115мм х 5м, золотистая, Р60 | D150: 1 / 6 шт. | E150: шт. | F150: 4.99 | G150: =ROUND(F150*Курс_EUR,2) -> 523.95 | I150: =F150*(1-Скидка_ROXELPRO) -> 4.99 | J150: =I150*H150 -> 0 | K150: =G150*(1-Скидка_ROXELPRO) -> 523.95 | L150: =H150*K150 -> 0
A151: 0 | B151: 155606 | C151: RoxelPro Шлифовальная бумага SUNROX в рулоне 115мм х 5м, золотистая, Р80 | D151: 1 / 6 шт. | E151: шт. | F151: 4.69 | G151: =ROUND(F151*Курс_EUR,2) -> 492.45 | I151: =F151*(1-Скидка_ROXELPRO) -> 4.69 | J151: =I151*H151 -> 0 | K151: =G151*(1-Скидка_ROXELPRO) -> 492.45 | L151: =H151*K151 -> 0
A152: 0 | B152: 155607 | C152: RoxelPro Шлифовальная бумага SUNROX в рулоне 115мм х 5м, золотистая, Р100 | D152: 1 / 6 шт. | E152: шт. | F152: 4.69 | G152: =ROUND(F152*Курс_EUR,2) -> 492.45 | I152: =F152*(1-Скидка_ROXELPRO) -> 4.69 | J152: =I152*H152 -> 0 | K152: =G152*(1-Скидка_ROXELPRO) -> 492.45 | L152: =H152*K152 -> 0
...

Sheet RP IND
B2: Прайс - лист
B3: на материалы для индустрии RoxelPro
B4: Санкт-Петербург, 194362, пос.Парголово, Горское шоссе 6, логопарк "Осиновая Роща" | L4: Скидка: | M4: 0
B5: т./ф. + 7 (812) 640 4240 e-mail: info@lion-group.ru www.lion-group.ru | E5: Содержание | G5: =Курс_EUR -> 105 | J5: Сумма заказа, У.Е.: | K5: =SUM(K9:K546) -> 0 | L5: РУБ: | M5: =SUM(M9:M546) -> 0
A6: Изм. цены % | B6: Продукты | C6: Артикул | D6: Наименование продукта | E6: Упаковка | F6: Ед.изм. | G6: Рекоменд. Цена У.Е. | H6: Рекоменд. Цена РУБ | I6: Заказ | J6: Цена со скидкой | K6: Сумма У.Е. | L6: Цена со скидкой | M6: Сумма РУБ
B7: Абразивные материалы
B8: Отрезные круги
A9: 0 | C9: 115041 | D9: Sunmight Отрезной круг SUNTEK ZIRCONIA 115 х 1,0 х 22мм прямой, тип 41 | E9: 50 / 200 шт. | F9: шт. | G9: 0.2 | H9: =ROUND(G9*Курс_EUR,2) -> 21 | J9: =G9 -> 0.2 | K9: =J9*I9 -> 0 | L9: =H9 -> 21 | M9: =I9*L9 -> 0
A11: 0 | C11: 105144 | D11: RoxelPro Отрезной круг ROXPRO POWER CUT 125 x 1.2 x 22мм, Т41, нерж.сталь, металл | E11: 50 / 500 шт. | F11: шт. | G11: 0.72 | H11: =ROUND(G11*Курс_EUR,2) -> 75.6 | J11: =G11*(1-Скидка_ROXELPRO_Ind) -> 0.72 | K11: =J11*I11 -> 0 | L11: =H11*(1-Скидка_ROXELPRO_Ind) -> 75.6 | M11: =I11*L11 -> 0
A13: 0 | C13: 105243 | D13: RoxelPro Отрезной круг ROXTOP HARD CUT 125 x 1.0 x 22мм, Т41, нерж.сталь, металл | E13: 50 / 500 шт. | F13: шт. | G13: 0.67 | H13: =ROUND(G13*Курс_EUR,2) -> 70.35 | J13: =G13*(1-Скидка_ROXELPRO_Ind) -> 0.67 | K13: =J13*I13 -> 0 | L13: =H13*(1-Скидка_ROXELPRO_Ind) -> 70.35 | M13: =I13*L13 -> 0
A14: 0 | C14: 105245 | D14: RoxelPro Отрезной круг ROXTOP HARD CUT 125 x 1.6 x 22мм, Т41, нерж.сталь, металл | E14: 50 / 500 шт. | F14: шт. | G14: 0.71 | H14: =ROUND(G14*Курс_EUR,2) -> 74.55 | J14: =G14*(1-Скидка_ROXELPRO_Ind) -> 0.71 | K14: =J14*I14 -> 0 | L14: =H14*(1-Скидка_ROXELPRO_Ind) -> 74.55 | M14: =I14*L14 -> 0
A15: 0 | C15: 105247 | D15: RoxelPro Отрезной круг ROXTOP HARD CUT 125 x 2.5 x 22мм, Т41, нерж.сталь, металл | E15: 50 / 500 шт. | F15: шт. | G15: 0.78 | H15: =ROUND(G15*Курс_EUR,2) -> 81.9 | J15: =G15*(1-Скидка_ROXELPRO_Ind) -> 0.78 | K15: =J15*I15 -> 0 | L15: =H15*(1-Скидка_ROXELPRO_Ind) -> 81.9 | M15: =I15*L15 -> 0
A16: 0 | C16: 105248 | D16: RoxelPro Отрезной круг ROXTOP HARD CUT 125 x 3.0 x 22мм, Т41, нерж.сталь, металл | E16: 50 / 500 шт. | F16: шт. | G16: 0.79 | H16: =ROUND(G16*Курс_EUR,2) -> 82.95 | J16: =G16*(1-Скидка_ROXELPRO_Ind) -> 0.79 | K16: =J16*I16 -> 0 | L16: =H16*(1-Скидка_ROXELPRO_Ind) -> 82.95 | M16: =I16*L16 -> 0
A18: 0 | C18: 105323 | D18: RoxelPro Отрезной круг ROXTOP UNI CUT 75 x 1.0 x 9.8мм, Т41, нерж.сталь, металл | E18: 50 / 500 шт. | F18: шт. | G18: 0.56 | H18: =ROUND(G18*Курс_EUR,2) -> 58.8 | J18: =G18*(1-Скидка_ROXELPRO_Ind) -> 0.56 | K18: =J18*I18 -> 0 | L18: =H18*(1-Скидка_ROXELPRO_Ind) -> 58.8 | M18: =I18*L18 -> 0
A19: 0 | C19: 105343 | D19: RoxelPro Отрезной круг ROXTOP UNI CUT 125 x 1.0 x 22мм, Т41, нерж.сталь, металл | E19: 50 / 500 шт. | F19: шт. | G19: 0.67 | H19: =ROUND(G19*Курс_EUR,2) -> 70.35 | J19: =G19*(1-Скидка_ROXELPRO_Ind) -> 0.67 | K19: =J19*I19 -> 0 | L19: =H19*(1-Скидка_ROXELPRO_Ind) -> 70.35 | M19: =I19*L19 -> 0
A20: 0 | C20: 105344 | D20: RoxelPro Отрезной круг ROXTOP UNI CUT 125 x 1.2 x 22мм, Т41, нерж.сталь, металл | E20: 50 / 500 шт. | F20: шт. | G20: 0.7 | H20: =ROUND(G20*Курс_EUR,2) -> 73.5 | J20: =G20*(1-Скидка_ROXELPRO_Ind) -> 0.7 | K20: =J20*I20 -> 0 | L20: =H20*(1-Скидка_ROXELPRO_Ind) -> 73.5 | M20: =I20*L20 -> 0
A21: 0 | C21: 105345 | D21: RoxelPro Отрезной круг ROXTOP UNI CUT 125 x 1.6 x 22мм, Т41, нерж.сталь, металл | E21: 50 / 500 шт. | F21: шт. | G21: 0.71 | H21: =ROUND(G21*Курс_EUR,2) -> 74.55 | J21: =G21*(1-Скидка_ROXELPRO_Ind) -> 0.71 | K21: =J21*I21 -> 0 | L21: =H21*(1-Скидка_ROXELPRO_Ind) -> 74.55 | M21: =I21*L21 -> 0
A22: 0 | C22: 105347 | D22: RoxelPro Отрезной круг ROXTOP UNI CUT 125 x 2.5 x 22мм, Т41, нерж.сталь, металл | E22: 50 / 500 шт. | F22: шт. | G22: 0.74 | H22: =ROUND(G22*Курс_EUR,2) -> 77.7 | J22: =G22*(1-Скидка_ROXELPRO_Ind) -> 0.74 | K22: =J22*I22 -> 0 | L22: =H22*(1-Скидка_ROXELPRO_Ind) -> 77.7 | M22: =I22*L22 -> 0
A23: 0 | C23: 105348 | D23: RoxelPro Отрезной круг ROXTOP UNI CUT 125 x 3.0 x 22мм, Т41, нерж.сталь, металл | E23: 50 / 500 шт. | F23: шт. | G23: 0.79 | H23: =ROUND(G23*Курс_EUR,2) -> 82.95 | J23: =G23*(1-Скидка_ROXELPRO_Ind) -> 0.79 | K23: =J23*I23 -> 0 | L23: =H23*(1-Скидка_ROXELPRO_Ind) -> 82.95 | M23: =I23*L23 -> 0
A24: 0 | C24: 105355 | D24: RoxelPro Отрезной круг ROXTOP UNI CUT 150 x 1.6 x 22мм, Т41, нерж.сталь, металл | E24: 25 / 250 шт. | F24: шт. | G24: 1.07 | H24: =ROUND(G24*Курс_EUR,2) -> 112.35 | J24: =G24*(1-Скидка_ROXELPRO_Ind) -> 1.07 | K24: =J24*I24 -> 0 | L24: =H24*(1-Скидка_ROXELPRO_Ind) -> 112.35 | M24: =I24*L24 -> 0
... A33: 0 | C33: 105610 | D33: RoxelPro Отрезной круг ROXTOP FAST CUT 405 x 4.0 x 32мм, Т41, металл | E33: 20 шт. | F33: шт. | G33: 6.48 | H33: =ROUND(G33*Курс_EUR,2) -> 680.4 | J33: =G33*(1-Скидка_ROXELPRO_Ind) -> 6.48 | K33: =J33*I33 -> 0 | L33: =H33*(1-Скидка_ROXELPRO_Ind) -> 680.4 | M33: =I33*L33 -> 0
B35: Зачистные круги
A36: 0 | C36: 106648 | D36: RoxelPro Гибкий зачистной круг ROXPRO FLEXIBLE 125 х 3.0 х 22мм, Т27, нерж.сталь, металл, керамическое зерно 36+ | E36: 20 / 200 шт. | F36: шт. | G36: 4.25 | H36: =ROUND(G36*Курс_EUR,2) -> 446.25 | J36: =G36*(1-Скидка_ROXELPRO_Ind) -> 4.25 | K36: =J36*I36 -> 0 | L36: =H36*(1-Скидка_ROXELPRO_Ind) -> 446.25 | M36: =I36*L36 -> 0
A37: 0 | C37: 106668 | D37: RoxelPro Гибкий зачистной круг ROXPRO FLEXIBLE 180 х 3.2 х 22мм, Т27, нерж.сталь, металл, керамическое зерно 36+ | E37: 25 / 100 шт. | F37: шт. | G37: 7.06 | H37: =ROUND(G37*Курс_EUR,2) -> 741.3 | J37: =G37*(1-Скидка_ROXELPRO_Ind) -> 7.06 | K37: =J37*I37 -> 0 | L37: =H37*(1-Скидка_ROXELPRO_Ind) -> 741.3 | M37: =I37*L37 -> 0
A39: 0 | C39: 108249 | D39: RoxelPro Зачистной круг ROXTOP HARD CUT 125 x 6.4 x 22мм, Т27, нерж.сталь, металл | E39: 25 / 100 шт. | F39: шт. | G39: 1.14 | H39: =ROUND(G39*Курс_EUR,2) -> 119.7 | J39: =G39*(1-Скидка_ROXELPRO_Ind) -> 1.14 | K39: =J39*I39 -> 0 | L39: =H39*(1-Скидка_ROXELPRO_Ind) -> 119.7 | M39: =I39*L39 -> 0
A41: 0 | C41: 108349 | D41: RoxelPro Зачистной круг ROXTOP UNI CUT 125 x 6.4 x 22мм, Т27, нерж.сталь, металл | E41: 25 / 100 шт. | F41: шт. | G41: 1.14 | H41: =ROUND(G41*Курс_EUR,2) -> 119.7 | J41: =G41*(1-Скидка_ROXELPRO_Ind) -> 1.14 | K41: =J41*I41 -> 0 | L41: =H41*(1-Скидка_ROXELPRO_Ind) -> 119.7 | M41: =I41*L41 -> 0
A42: 0 | C42: 108369 | D42: RoxelPro Зачистной круг ROXTOP UNI CUT 180 x 6.4 x 22мм, Т27, нерж.сталь, металл | E42: 20 / 80 шт. | F42: шт. | G42: 2.06 | H42: =ROUND(G42*Курс_EUR,2) -> 216.3 | J42: =G42*(1-Скидка_ROXELPRO_Ind) -> 2.06 | K42: =J42*I42 -> 0 | L42: =H42*(1-Скидка_ROXELPRO_Ind) -> 216.3 | M42: =I42*L42 -> 0
A43: 0 | C43: 108379 | D43: RoxelPro Зачистной круг ROXTOP UNI CUT 230 x 6.4 x 22мм, Т27, нерж.сталь, металл | E43: 10 / 40 шт. | F43: шт. | G43: 3.68 | H43: =ROUND(G43*Курс_EUR,2) -> 386.4 | J43: =G43*(1-Скидка_ROXELPRO_Ind) -> 3.68 | K43: =J43*I43 -> 0 | L43: =H43*(1-Скидка_ROXELPRO_Ind) -> 386.4 | M43: =I43*L43 -> 0
A45: 0 | C45: 108549 | D45: RoxelPro Зачистной круг ROXTOP FAST CUT 125 x 6.4 x 22мм, Т27, нерж.сталь, металл | E45: 25 / 100 шт. | F45: шт. | G45: 1.11 | H45: =ROUND(G45*Курс_EUR,2) -> 116.55 | J45: =G45*(1-Скидка_ROXELPRO_Ind) -> 1.11 | K45: =J45*I45 -> 0 | L45: =H45*(1-Скидка_ROXELPRO_Ind) -> 116.55 | M45: =I45*L45 -> 0
A47: 0 | C47: 108749 | D47: RoxelPro Зачистной круг ROXTOP SOFT CUT 125 x 6.4 x 22мм, Т27, нерж.сталь, металл | E47: 25 / 100 шт. | F47: шт. | G47: 1.11 | H47: =ROUND(G47*Курс_EUR,2) -> 116.55 | J47: =G47*(1-Скидка_ROXELPRO_Ind) -> 1.11 | K47: =J47*I47 -> 0 | L47: =H47*(1-Скидка_ROXELPRO_Ind) -> 116.55 | M47: =I47*L47 -> 0
A48: 0 | C48: 108750 | D48: RoxelPro Зачистной круг ROXTOP SOFT CUT II 125 x 6.4 x 22мм, Т27, нерж.сталь, металл | E48: 25 / 100 шт. | F48: шт. | G48: 1.11 | H48: =ROUND(G48*Курс_EUR,2) -> 116.55 | J48: =G48*(1-Скидка_ROXELPRO_Ind) -> 1.11 | K48: =J48*I48 -> 0 | L48: =H48*(1-Скидка_ROXELPRO_Ind) -> 116.55 | M48: =I48*L48 -> 0
A49: 0 | C49: 108769 | D49: RoxelPro Зачистной круг ROXTOP SOFT CUT 180 x 6.4 x 22мм, Т27, нерж.сталь, металл | E49: 20 / 80 шт. | F49: шт. | G49: 2.16 | H49: =ROUND(G49*Курс_EUR,2) -> 226.8 | J49: =G49*(1-Скидка_ROXELPRO_Ind) -> 2.16 | K49: =J49*I49 -> 0 | L49: =H49*(1-Скидка_ROXELPRO_Ind) -> 226.8 | M49: =I49*L49 -> 0
A50: 0 | C50: 108770 | D50: RoxelPro Зачистной круг ROXTOP SOFT CUT II 180 x 6.4 x 22мм, Т27, нерж.сталь, металл | E50: 20 / 80 шт. | F50: шт. | G50: 2.16 | H50: =ROUND(G50*Курс_EUR,2) -> 226.8 | J50: =G50*(1-Скидка_ROXELPRO_Ind) -> 2.16 | K50: =J50*I50 -> 0 | L50: =H50*(1-Скидка_ROXELPRO_Ind) -> 226.8 | M50: =I50*L50 -> 0
A51: 0 | C51: 108779 | D51: RoxelPro Зачистной круг ROXTOP SOFT CUT 230 x 6.4 x 22мм, Т27, нерж.сталь, металл | E51: 10 / 40 шт. | F51: шт. | G51: 3.99 | H51: =ROUND(G51*Курс_EUR,2) -> 418.95 | J51: =G51*(1-Скидка_ROXELPRO_Ind) -> 3.99 | K51: =J51*I51 -> 0 | L51: =H51*(1-Скидка_ROXELPRO_Ind) -> 418.95 | M51: =I51*L51 -> 0
B53: Фибровые круги
A54: 0 | C54: 110341 | D54: RoxelPro Фибровый шлифовальный круг ROXPRO 125 х 22мм, керамика, Р24 | E54: 25 / 200 шт. | F54: шт. | G54: 2.48 | H54: =ROUND(G54*Курс_EUR,2) -> 260.4 | J54: =G54*(1-Скидка_ROXELPRO_Ind) -> 2.48 | K54: =J54*I54 -> 0 | L54: =H54*(1-Скидка_ROXELPRO_Ind) -> 260.4 | M54: =I54*L54 -> 0
A55: 0 | C55: 110342 | D55: RoxelPro Фибровый шлифовальный круг ROXPRO 125 х 22мм, керамика, Р36 | E55: 25 / 200 шт. | F55: шт. | G55: 2.34 | H55: =ROUND(G55*Курс_EUR,2) -> 245.7 | J55: =G55*(1-Скидка_ROXELPRO_Ind) -> 2.34 | K55: =J55*I55 -> 0 | L55: =H55*(1-Скидка_ROXELPRO_Ind) -> 245.7 | M55: =I55*L55 -> 0
A56: 0 | C56: 110343 | D56: RoxelPro Фибровый шлифовальный круг ROXPRO 125 х 22мм, керамика, Р40 | E56: 25 / 200 шт. | F56: шт. | G56: 1.92 | H56: =ROUND(G56*Курс_EUR,2) -> 201.6 | J56: =G56*(1-Скидка_ROXELPRO_Ind) -> 1.92 | K56: =J56*I56 -> 0 | L56: =H56*(1-Скидка_ROXELPRO_Ind) -> 201.6 | M56: =I56*L56 -> 0
A57: 0 | C57: 110345 | D57: RoxelPro Фибровый шлифовальный круг ROXPRO 125 х 22мм, керамика, Р60 | E57: 25 / 200 шт. | F57: шт. | G57: 1.51 | H57: =ROUND(G57*Курс_EUR,2) -> 158.55 | J57: =G57*(1-Скидка_ROXELPRO_Ind) -> 1.51 | K57: =J57*I57 -> 0 | L57: =H57*(1-Скидка_ROXELPRO_Ind) -> 158.55 | M57: =I57*L57 -> 0
A58: 0 | C58: 110346 | D58: RoxelPro Фибровый шлифовальный круг ROXPRO 125 х 22мм, керамика, Р80 | E58: 25 / 200 шт. | F58: шт. | G58: 1.42 | H58: =ROUND(G58*Курс_EUR,2) -> 149.1 | J58: =G58*(1-Скидка_ROXELPRO_Ind) -> 1.42 | K58: =J58*I58 -> 0 | L58: =H58*(1-Скидка_ROXELPRO_Ind) -> 149.1 | M58: =I58*L58 -> 0
A59: 0 | C59: 110347 | D59: RoxelPro Фибровый шлифовальный круг ROXPRO 125 х 22мм, керамика, Р100 | E59: 25 / 200 шт. | F59: шт. | G59: 1.31 | H59: =ROUND(G59*Курс_EUR,2) -> 137.55 | J59: =G59*(1-Скидка_ROXELPRO_Ind) -> 1.31 | K59: =J59*I59 -> 0 | L59: =H59*(1-Скидка_ROXELPRO_Ind) -> 137.55 | M59: =I59*L59 -> 0
A60: 0 | C60: 110361 | D60: RoxelPro Фибровый шлифовальный круг ROXPRO 180 х 22мм, керамика, Р24 | E60: 25 / 200 шт. | F60: шт. | G60: 4.96 | H60: =ROUND(G60*Курс_EUR,2) -> 520.8 | J60: =G60*(1-Скидка_ROXELPRO_Ind) -> 4.96 | K60: =J60*I60 -> 0 | L60: =H60*(1-Скидка_ROXELPRO_Ind) -> 520.8 | M60: =I60*L60 -> 0
A61: 0 | C61: 110363 | D61: RoxelPro Фибровый шлифовальный круг ROXPRO 180 х 22мм, керамика, Р40 | E61: 25 / 200 шт. | F61: шт. | G61: 3.84 | H61: =ROUND(G61*Курс_EUR,2) -> 403.2 | J61: =G61*(1-Скидка_ROXELPRO_Ind) -> 3.84 | K61: =J61*I61 -> 0 | L61: =H61*(1-Скидка_ROXELPRO_Ind) -> 403.2 | M61: =I61*L61 -> 0
A62: 0 | C62: 110365 | D62: RoxelPro Фибровый шлифовальный круг ROXPRO 180 х 22мм, керамика, Р60 | E62: 25 / 200 шт. | F62: шт. | G62: 3.02 | H62: =ROUND(G62*Курс_EUR,2) -> 317.1 | J62: =G62*(1-Скидка_ROXELPRO_Ind) -> 3.02 | K62: =J62*I62 -> 0 | L62: =H62*(1-Скидка_ROXELPRO_Ind) -> 317.1 | M62: =I62*L62 -> 0
A64: 0 | C64: 110441 | D64: RoxelPro Фибровый шлифовальный круг ROXPRO HARD CUT 125 х 22мм, керамика, Р24 | E64: 25 / 200 шт. | F64: шт. | G64: 1.8 | H64: =ROUND(G64*Курс_EUR,2) -> 189 | J64: =G64*(1-Скидка_ROXELPRO_Ind) -> 1.8 | K64: =J64*I64 -> 0 | L64: =H64*(1-Скидка_ROXELPRO_Ind) -> 189 | M64: =I64*L64 -> 0
A65: 0 | C65: 110442 | D65: RoxelPro Фибровый шлифовальный круг ROXPRO HARD CUT 125 х 22мм, керамика, Р36 | E65: 25 / 200 шт. | F65: шт. | G65: 1.68 | H65: =ROUND(G65*Курс_EUR,2) -> 176.4 | J65: =G65*(1-Скидка_ROXELPRO_Ind) -> 1.68 | K65: =J65*I65 -> 0 | L65: =H65*(1-Скидка_ROXELPRO_Ind) -> 176.4 | M65: =I65*L65 -> 0
A66: 0 | C66: 110443 | D66: RoxelPro Фибровый шлифовальный круг ROXPRO HARD CUT 125 х 22мм, керамика, Р40 | E66: 25 / 200 шт. | F66: шт. | G66: 1.68 | H66: =ROUND(G66*Курс_EUR,2) -> 176.4 | J66: =G66*(1-Скидка_ROXELPRO_Ind) -> 1.68 | K66: =J66*I66 -> 0 | L66: =H66*(1-Скидка_ROXELPRO_Ind) -> 176.4 | M66: =I66*L66 -> 0
... A77: 0 | C77: 110762 | D77: RoxelPro Фибровый шлифовальный круг ROXTOP 180 х 22мм, оксид алюминия, Р36 | E77: 25 / 200 шт. | F77: шт. | G77: 1.8 | H77: =ROUND(G77*Курс_EUR,2) -> 189 | J77: =G77*(1-Скидка_ROXELPRO_Ind) -> 1.8 | K77: =J77*I77 -> 0 | L77: =H77*(1-Скидка_ROXELPRO_Ind) -> 189 | M77: =I77*L77 -> 0
B79: Оправки для фибровых кругов
A80: 9.4 | C80: 110934 | D80: RoxelPro Оправка для фибровых кругов 125мм, особо жёсткая, ребристая M14 | E80: шт. | F80: шт. | G80: 23.59 | H80: =ROUND(G80*Курс_EUR,2) -> 2476.95 | J80: =G80*(1-Скидка_ROXELPRO_Ind) -> 23.59 | K80: =J80*I80 -> 0 | L80: =H80*(1-Скидка_ROXELPRO_Ind) -> 2476.95 | M80: =I80*L80 -> 0
A81: 9.1 | C81: 110936 | D81: RoxelPro Оправка для фибровых кругов 180мм, особо жёсткая, ребристая M14 | E81: шт. | F81: шт. | G81: 36.41 | H81: =ROUND(G81*Курс_EUR,2) -> 3823.05 | J81: =G81*(1-Скидка_ROXELPRO_Ind) -> 36.41 | K81: =J81*I81 -> 0 | L81: =H81*(1-Скидка_ROXELPRO_Ind) -> 3823.05 | M81: =I81*L81 -> 0
A82: 9.1 | C82: 110944 | D82: RoxelPro Оправка для фибровых кругов 125мм, жёсткая, ребристая M14 | E82: шт. | F82: шт. | G82: 19.13 | H82: =ROUND(G82*Курс_EUR,2) -> 2008.65 | J82: =G82*(1-Скидка_ROXELPRO_Ind) -> 19.13 | K82: =J82*I82 -> 0 | L82: =H82*(1-Скидка_ROXELPRO_Ind) -> 2008.65 | M82: =I82*L82 -> 0
A83: 9.1 | C83: 110954 | D83: RoxelPro Оправка для фибровых кругов 125мм, средней жёсткости, ребристая M14 | E83: шт. | F83: шт. | G83: 15.2 | H83: =ROUND(G83*Курс_EUR,2) -> 1596 | J83: =G83*(1-Скидка_ROXELPRO_Ind) -> 15.2 | K83: =J83*I83 -> 0 | L83: =H83*(1-Скидка_ROXELPRO_Ind) -> 1596 | M83: =I83*L83 -> 0
A84: 9.1 | C84: 110956 | D84: RoxelPro Оправка для фибровых кругов 180мм, средней жёсткости, ребристая M14 | E84: шт. | F84: шт. | G84: 24.27 | H84: =ROUND(G84*Курс_EUR,2) -> 2548.35 | J84: =G84*(1-Скидка_ROXELPRO_Ind) -> 24.27 | K84: =J84*I84 -> 0 | L84: =H84*(1-Скидка_ROXELPRO_Ind) -> 2548.35 | M84: =I84*L84 -> 0
A85: 8.5 | C85: 110964 | D85: RoxelPro Оправка для фибровых кругов 125мм, мягкая M14 | E85: шт. | F85: шт. | G85: 13.46 | H85: =ROUND(G85*Курс_EUR,2) -> 1413.3 | J85: =G85*(1-Скидка_ROXELPRO_Ind) -> 13.46 | K85: =J85*I85 -> 0 | L85: =H85*(1-Скидка_ROXELPRO_Ind) -> 1413.3 | M85: =I85*L85 -> 0
B87: Лепестковые круги
A88: 0 | C88: 111253 | D88: RoxelPro Лепестковый круг ROXPRO FAST CUT II 125 х 22мм, керамика, конический, Р40 | E88: 10 / 100 /400 | F88: шт. | G88: 3.96 | H88: =ROUND(G88*Курс_EUR,2) -> 415.8 | J88: =G88*(1-Скидка_ROXELPRO_Ind) -> 3.96 | K88: =J88*I88 -> 0 | L88: =H88*(1-Скидка_ROXELPRO_Ind) -> 415.8 | M88: =I88*L88 -> 0
A89: 0 | C89: 111255 | D89: RoxelPro Лепестковый круг ROXPRO FAST CUT II 125 х 22мм, керамика, конический, Р60 | E89: 10 / 100 /400 | F89: шт. | G89: 3.96 | H89: =ROUND(G89*Курс_EUR,2) -> 415.8 | J89: =G89*(1-Скидка_ROXELPRO_Ind) -> 3.96 | K89: =J89*I89 -> 0 | L89: =H89*(1-Скидка_ROXELPRO_Ind) -> 415.8 | M89: =I89*L89 -> 0
A90: 0 | C90: 111256 | D90: RoxelPro Лепестковый круг ROXPRO FAST CUT II 125 х 22мм, керамика, конический, Р80 | E90: 10 / 100 /400 | F90: шт. | G90: 3.96 | H90: =ROUND(G90*Курс_EUR,2) -> 415.8 | J90: =G90*(1-Скидка_ROXELPRO_Ind) -> 3.96 | K90: =J90*I90 -> 0 | L90: =H90*(1-Скидка_ROXELPRO_Ind) -> 415.8 | M90: =I90*L90 -> 0
C91: 111258 | D91: RoxelPro Лепестковый круг ROXPRO FAST CUT II 125 х 22мм, керамика, конический, Р120 | E91: 10 / 100 /400 | F91: шт. | G91: 3.96 | H91: =ROUND(G91*Курс_EUR,2) -> 415.8 | J91: =G91*(1-Скидка_ROXELPRO_Ind) -> 3.96 | K91: =J91*I91 -> 0 | L91: =H91*(1-Скидка_ROXELPRO_Ind) -> 415.8 | M91: =I91*L91 -> 0
A93: 0 | C93: 111313 | D93: RoxelPro Лепестковый круг ROXPRO HARD CUT 125 х 22мм, керамика, конический, Р40 | E93: 10 / 100 /400 | F93: шт. | G93: 3.84 | H93: =ROUND(G93*Курс_EUR,2) -> 403.2 | J93: =G93*(1-Скидка_ROXELPRO_Ind) -> 3.84 | K93: =J93*I93 -> 0 | L93: =H93*(1-Скидка_ROXELPRO_Ind) -> 403.2 | M93: =I93*L93 -> 0
A94: 0 | C94: 111315 | D94: RoxelPro Лепестковый круг ROXPRO HARD CUT 125 х 22мм, керамика, конический, Р60 | E94: 10 / 100 /400 | F94: шт. | G94: 3.84 | H94: =ROUND(G94*Курс_EUR,2) -> 403.2 | J94: =G94*(1-Скидка_ROXELPRO_Ind) -> 3.84 | K94: =J94*I94 -> 0 | L94: =H94*(1-Скидка_ROXELPRO_Ind) -> 403.2 | M94: =I94*L94 -> 0
A95: 0 | C95: 111316 | D95: RoxelPro Лепестковый круг ROXPRO HARD CUT 125 х 22мм, керамика, конический, Р80 | E95: 10 / 100 /400 | F95: шт. | G95: 3.84 | H95: =ROUND(G95*Курс_EUR,2) -> 403.2 | J95: =G95*(1-Скидка_ROXELPRO_Ind) -> 3.84 | K95: =J95*I95 -> 0 | L95: =H95*(1-Скидка_ROXELPRO_Ind) -> 403.2 | M95: =I95*L95 -> 0
A96: 0 | C96: 111318 | D96: RoxelPro Лепестковый круг ROXPRO HARD CUT 125 х 22мм, керамика, конический, Р120 | E96: 10 / 100 /400 | F96: шт. | G96: 3.84 | H96: =ROUND(G96*Курс_EUR,2) -> 403.2 | J96: =G96*(1-Скидка_ROXELPRO_Ind) -> 3.84 | K96: =J96*I96 -> 0 | L96: =H96*(1-Скидка_ROXELPRO_Ind) -> 403.2 | M96: =I96*L96 -> 0
A98: 0 | C98: 111333 | D98: RoxelPro Лепестковый круг ROXPRO 115 х 22мм, Trimmable, керамика, конический, Р40 | E98: 10 / 100 /400 | F98: шт. | G98: 3.16 | H98: =ROUND(G98*Курс_EUR,2) -> 331.8 | J98: =G98*(1-Скидка_ROXELPRO_Ind) -> 3.16 | K98: =J98*I98 -> 0 | L98: =H98*(1-Скидка_ROXELPRO_Ind) -> 331.8 | M98: =I98*L98 -> 0
A99: 0 | C99: 111335 | D99: RoxelPro Лепестковый круг ROXPRO 115 х 22мм, Trimmable, керамика, конический, Р60 | E99: 10 / 100 /400 | F99: шт. | G99: 2.88 | H99: =ROUND(G99*Курс_EUR,2) -> 302.4 | J99: =G99*(1-Скидка_ROXELPRO_Ind) -> 2.88 | K99: =J99*I99 -> 0 | L99: =H99*(1-Скидка_ROXELPRO_Ind) -> 302.4 | M99: =I99*L99 -> 0
A100: 0 | C100: 111336 | D100: RoxelPro Лепестковый круг ROXPRO 115 х 22мм, Trimmable, керамика, конический, Р80 | E100: 10 / 100 /400 | F100: шт. | G100: 2.77 | H100: =ROUND(G100*Курс_EUR,2) -> 290.85 | J100: =G100*(1-Скидка_ROXELPRO_Ind) -> 2.77 | K100: =J100*I100 -> 0 | L100: =H100*(1-Скидка_ROXELPRO_Ind) -> 290.85 | M100: =I100*L100 -> 0
A102: 0 | C102: 111343 | D102: RoxelPro Лепестковый круг ROXPRO 125 х 22мм, керамика, конический, Р40 | E102: 10 / 100 /400 | F102: шт. | G102: 3.9 | H102: =ROUND(G102*Курс_EUR,2) -> 409.5 | J102: =G102*(1-Скидка_ROXELPRO_Ind) -> 3.9 | K102: =J102*I102 -> 0 | L102: =H102*(1-Скидка_ROXELPRO_Ind) -> 409.5 | M102: =I102*L102 -> 0
A103: 0 | C103: 111345 | D103: RoxelPro Лепестковый круг ROXPRO 125 х 22мм, керамика, конический, Р60 | E103: 10 / 100 /400 | F103: шт. | G103: 3.55 | H103: =ROUND(G103*Курс_EUR,2) -> 372.75 | J103: =G103*(1-Скидка_ROXELPRO_Ind) -> 3.55 | K103: =J103*I103 -> 0 | L103: =H103*(1-Скидка_ROXELPRO_Ind) -> 372.75 | M103: =I103*L103 -> 0
A104: 0 | C104: 111346 | D104: RoxelPro Лепестковый круг ROXPRO 125 х 22мм, керамика, конический, Р80 | E104: 10 / 100 /400 | F104: шт. | G104: 3.42 | H104: =ROUND(G104*Курс_EUR,2) -> 359.1 | J104: =G104*(1-Скидка_ROXELPRO_Ind) -> 3.42 | K104: =J104*I104 -> 0 | L104: =H104*(1-Скидка_ROXELPRO_Ind) -> 359.1 | M104: =I104*L104 -> 0
A106: 0 | C106: 111453 | D106: RoxelPro Лепестковый круг ROXTOP ZIRCON 125 х 22мм, цирконат, конический, Р40 | E106: 10 / 100 /400 | F106: шт. | G106: 3.23 | H106: =ROUND(G106*Курс_EUR,2) -> 339.15 | J106: =G106*(1-Скидка_ROXELPRO_Ind) -> 3.23 | K106: =J106*I106 -> 0 | L106: =H106*(1-Скидка_ROXELPRO_Ind) -> 339.15 | M106: =I106*L106 -> 0
A107: 0 | C107: 111455 | D107: RoxelPro Лепестковый круг ROXTOP ZIRCON 125 х 22мм, цирконат, конический, Р60 | E107: 10 / 100 /400 | F107: шт. | G107: 2.99 | H107: =ROUND(G107*Курс_EUR,2) -> 313.95 | J107: =G107*(1-Скидка_ROXELPRO_Ind) -> 2.99 | K107: =J107*I107 -> 0 | L107: =H107*(1-Скидка_ROXELPRO_Ind) -> 313.95 | M107: =I107*L107 -> 0
... A137: 0 | C137: 111956 | D137: RoxelPro Лепестковый круг ROXONE UNI CUT 125 х 22мм, оксид алюминия, конический, Р80 | E137: 10 / 100 /400 | F137: шт. | G137: 1.89 | H137: =ROUND(G137*Курс_EUR,2) -> 198.45 | J137: =G137*(1-Скидка_ROXELPRO_Ind) -> 1.89 | K137: =J137*I137 -> 0 | L137: =H137*(1-Скидка_ROXELPRO_Ind) -> 198.45 | M137: =I137*L137 -> 0
B139: Зачистные круги QCD
A140: 0 | C140: 113311 | D140: RoxelPro Зачистной круг ROXPRO QCD 50мм, керамика, Р24 | E140: кор: 100 шт. | F140: шт. | G140: 1.18 | H140: =ROUND(G140*Курс_EUR,2) -> 123.9 | J140: =G140*(1-Скидка_ROXELPRO_Ind) -> 1.18 | K140: =J140*I140 -> 0 | L140: =H140*(1-Скидка_ROXELPRO_Ind) -> 123.9 | M140: =I140*L140 -> 0
A141: 0 | C141: 113313 | D141: RoxelPro Зачистной круг ROXPRO QCD 50мм, керамика, Р40 | E141: кор: 100 шт. | F141: шт. | G141: 0.99 | H141: =ROUND(G141*Курс_EUR,2) -> 103.95 | J141: =G141*(1-Скидка_ROXELPRO_Ind) -> 0.99 | K141: =J141*I141 -> 0 | L141: =H141*(1-Скидка_ROXELPRO_Ind) -> 103.95 | M141: =I141*L141 -> 0
A142: 0 | C142: 113315 | D142: RoxelPro Зачистной круг ROXPRO QCD 50мм, керамика, Р60 | E142: кор: 100 шт. | F142: шт. | G142: 0.94 | H142: =ROUND(G142*Курс_EUR,2) -> 98.7 | J142: =G142*(1-Скидка_ROXELPRO_Ind) -> 0.94 | K142: =J142*I142 -> 0 | L142: =H142*(1-Скидка_ROXELPRO_Ind) -> 98.7 | M142: =I142*L142 -> 0
A143: 0 | C143: 113316 | D143: RoxelPro Зачистной круг ROXPRO QCD 50мм, керамика, Р80 | E143: кор: 100 шт. | F143: шт. | G143: 0.91 | H143: =ROUND(G143*Курс_EUR,2) -> 95.55 | J143: =G143*(1-Скидка_ROXELPRO_Ind) -> 0.91 | K143: =J143*I143 -> 0 | L143: =H143*(1-Скидка_ROXELPRO_Ind) -> 95.55 | M143: =I143*L143 -> 0
A144: 0 | C144: 113318 | D144: RoxelPro Зачистной круг ROXPRO QCD 50мм, керамика, Р120 | E144: кор: 100 шт. | F144: шт. | G144: 0.87 | H144: =ROUND(G144*Курс_EUR,2) -> 91.35 | J144: =G144*(1-Скидка_ROXELPRO_Ind) -> 0.87 | K144: =J144*I144 -> 0 | L144: =H144*(1-Скидка_ROXELPRO_Ind) -> 91.35 | M144: =I144*L144 -> 0
A145: 0 | C145: 113321 | D145: RoxelPro Зачистной круг ROXPRO QCD 75мм, керамика, Р24 | E145: кор: 50 шт. | F145: шт. | G145: 1.68 | H145: =ROUND(G145*Курс_EUR,2) -> 176.4 | J145: =G145*(1-Скидка_ROXELPRO_Ind) -> 1.68 | K145: =J145*I145 -> 0 | L145: =H145*(1-Скидка_ROXELPRO_Ind) -> 176.4 | M145: =I145*L145 -> 0
A146: 0 | C146: 113323 | D146: RoxelPro Зачистной круг ROXPRO QCD 75мм, керамика, Р40 | E146: кор: 50 шт. | F146: шт. | G146: 1.49 | H146: =ROUND(G146*Курс_EUR,2) -> 156.45 | J146: =G146*(1-Скидка_ROXELPRO_Ind) -> 1.49 | K146: =J146*I146 -> 0 | L146: =H146*(1-Скидка_ROXELPRO_Ind) -> 156.45 | M146: =I146*L146 -> 0
A147: 0 | C147: 113325 | D147: RoxelPro Зачистной круг ROXPRO QCD 75мм, керамика, Р60 | E147: кор: 50 шт. | F147: шт. | G147: 1.32 | H147: =ROUND(G147*Курс_EUR,2) -> 138.6 | J147: =G147*(1-Скидка_ROXELPRO_Ind) -> 1.32 | K147: =J147*I147 -> 0 | L147: =H147*(1-Скидка_ROXELPRO_Ind) -> 138.6 | M147: =I147*L147 -> 0
A148: 0 | C148: 113326 | D148: RoxelPro Зачистной круг ROXPRO QCD 75мм, керамика, Р80 | E148: кор: 50 шт. | F148: шт. | G148: 1.29 | H148: =ROUND(G148*Курс_EUR,2) -> 135.45 | J148: =G148*(1-Скидка_ROXELPRO_Ind) -> 1.29 | K148: =J148*I148 -> 0 | L148: =H148*(1-Скидка_ROXELPRO_Ind) -> 135.45 | M148: =I148*L148 -> 0
A149: 0 | C149: 113328 | D149: RoxelPro Зачистной круг ROXPRO QCD 75мм, керамика, Р120 | E149: кор: 50 шт. | F149: шт. | G149: 1.22 | H149: =ROUND(G149*Курс_EUR,2) -> 128.1 | J149: =G149*(1-Скидка_ROXELPRO_Ind) -> 1.22 | K149: =J149*I149 -> 0 | L149: =H149*(1-Скидка_ROXELPRO_Ind) -> 128.1 | M149: =I149*L149 -> 0
B151: Оправки для зачистных кругов QCD
A152: 9.3 | C152: 113923 | D152: RoxelPro Оправка QCD 50мм, тип R, M14 | E152: шт. | F152: шт. | G152: 14.77 | H152: =ROUND(G152*Курс_EUR,2) -> 1550.85 | J152: =G152*(1-Скидка_ROXELPRO_Ind) -> 14.77 | K152: =J152*I152 -> 0 | L152: =H152*(1-Скидка_ROXELPRO_Ind) -> 1550.85 | M152: =I152*L152 -> 0
A153: 9.4 | C153: 113926 | D153: RoxelPro Оправка QCD 75мм, тип R, M14 | E153: шт. | F153: шт. | G153: 16.95 | H153: =ROUND(G153*Курс_EUR,2) -> 1779.75 | J153: =G153*(1-Скидка_ROXELPRO_Ind) -> 16.95 | K153: =J153*I153 -> 0 | L153: =H153*(1-Скидка_ROXELPRO_Ind) -> 1779.75 | M153: =I153*L153 -> 0
A154: 8.9 | C154: 113943 | D154: RoxelPro Оправка QCD 50мм, тип R, шпиндель 6мм | E154: шт. | F154: шт. | G154: 12.25 | H154: =ROUND(G154*Курс_EUR,2) -> 1286.25 | J154: =G154*(1-Скидка_ROXELPRO_Ind) -> 12.25 | K154: =J154*I154 -> 0 | L154: =H154*(1-Скидка_ROXELPRO_Ind) -> 1286.25 | M154: =I154*L154 -> 0
A155: 9.5 | C155: 113946 | D155: RoxelPro Оправка QCD 75мм, тип R, шпиндель 6мм | E155: шт. | F155: шт. | G155: 12.5 | H155: =ROUND(G155*Курс_EUR,2) -> 1312.5 | J155: =G155*(1-Скидка_ROXELPRO_Ind) -> 12.5 | K155: =J155*I155 -> 0 | L155: =H155*(1-Скидка_ROXELPRO_Ind) -> 1312.5 | M155: =I155*L155 -> 0
A156: 8.9 | C156: 113953 | D156: RoxelPro Оправка QCD 50мм, тип S, шпиндель 6мм | E156: шт. | F156: шт. | G156: 12.25 | H156: =ROUND(G156*Курс_EUR,2) -> 1286.25 | J156: =G156*(1-Скидка_ROXELPRO_Ind) -> 12.25 | K156: =J156*I156 -> 0 | L156: =H156*(1-Скидка_ROXELPRO_Ind) -> 1286.25 | M156: =I156*L156 -> 0
B158: Круги нетканые для подготовки поверхности
A159: 0 | C159: 121236 | D159: Лепестковый комбинированный круг 115 х 22мм, конический, Medium+Р80 | E159: 10 / 100 шт. | F159: шт. | G159: 6.32 | H159: =ROUND(G159*Курс_EUR,2) -> 663.6 | J159: =G159*(1-Скидка_ROXELPRO_Ind) -> 6.32 | K159: =J159*I159 -> 0 | L159: =H159*(1-Скидка_ROXELPRO_Ind) -> 663.6 | M159: =I159*L159 -> 0
A160: 0 | C160: 121245 | D160: Лепестковый комбинированный круг 125 х 22мм, конический, Coarse+Р60 | E160: 10 / 100 шт. | F160: шт. | G160: 7.49 | H160: =ROUND(G160*Курс_EUR,2) -> 786.45 | J160: =G160*(1-Скидка_ROXELPRO_Ind) -> 7.49 | K160: =J160*I160 -> 0 | L160: =H160*(1-Скидка_ROXELPRO_Ind) -> 786.45 | M160: =I160*L160 -> 0
A162: 0 | C162: 121332 | D162: RoxelPro Лепестковый нетканый круг ROXPRO 115 х 22мм, конический, Coarse | E162: кор: 10 шт. | F162: шт. | G162: 6.12 | H162: =ROUND(G162*Курс_EUR,2) -> 642.6 | J162: =G162*(1-Скидка_ROXELPRO_Ind) -> 6.12 | K162: =J162*I162 -> 0 | L162: =H162*(1-Скидка_ROXELPRO_Ind) -> 642.6 | M162: =I162*L162 -> 0
A163: 0 | C163: 121333 | D163: RoxelPro Лепестковый нетканый круг ROXPRO 115 х 22мм, конический, Medium | E163: кор: 10 шт. | F163: шт. | G163: 6.12 | H163: =ROUND(G163*Курс_EUR,2) -> 642.6 | J163: =G163*(1-Скидка_ROXELPRO_Ind) -> 6.12 | K163: =J163*I163 -> 0 | L163: =H163*(1-Скидка_ROXELPRO_Ind) -> 642.6 | M163: =I163*L163 -> 0
A164: 0 | C164: 121335 | D164: RoxelPro Лепестковый нетканый круг ROXPRO 115 х 22мм, конический, Very Fine | E164: кор: 10 шт. | F164: шт. | G164: 6.12 | H164: =ROUND(G164*Курс_EUR,2) -> 642.6 | J164: =G164*(1-Скидка_ROXELPRO_Ind) -> 6.12 | K164: =J164*I164 -> 0 | L164: =H164*(1-Скидка_ROXELPRO_Ind) -> 642.6 | M164: =I164*L164 -> 0
A166: 0 | C166: 121512 | D166: RoxelPro Быстросъёмный нетканый шлифовальный круг ROXPRO QCD 50мм, Coarse | E166: кор: 50 шт. | F166: шт. | G166: 1.51 | H166: =ROUND(G166*Курс_EUR,2) -> 158.55 | J166: =G166*(1-Скидка_ROXELPRO_Ind) -> 1.51 | K166: =J166*I166 -> 0 | L166: =H166*(1-Скидка_ROXELPRO_Ind) -> 158.55 | M166: =I166*L166 -> 0
A167: 0 | C167: 121513 | D167: RoxelPro Быстросъёмный нетканый шлифовальный круг ROXPRO QCD 50мм, Medium | E167: кор: 50 шт. | F167: шт. | G167: 1.51 | H167: =ROUND(G167*Курс_EUR,2) -> 158.55 | J167: =G167*(1-Скидка_ROXELPRO_Ind) -> 1.51 | K167: =J167*I167 -> 0 | L167: =H167*(1-Скидка_ROXELPRO_Ind) -> 158.55 | M167: =I167*L167 -> 0
A168: 0 | C168: 121515 | D168: RoxelPro Быстросъёмный нетканый шлифовальный круг ROXPRO QCD 50мм, Very Fine | E168: кор: 50 шт. | F168: шт. | G168: 1.44 | H168: =ROUND(G168*Курс_EUR,2) -> 151.2 | J168: =G168*(1-Скидка_ROXELPRO_Ind) -> 1.44 | K168: =J168*I168 -> 0 | L168: =H168*(1-Скидка_ROXELPRO_Ind) -> 151.2 | M168: =I168*L168 -> 0
A169: 0 | C169: 121516 | D169: RoxelPro Быстросъёмный нетканый шлифовальный круг ROXPRO QCD 50мм, Super Fine | E169: кор: 50 шт. | F169: шт. | G169: 1.44 | H169: =ROUND(G169*Курс_EUR,2) -> 151.2 | J169: =G169*(1-Скидка_ROXELPRO_Ind) -> 1.44 | K169: =J169*I169 -> 0 | L169: =H169*(1-Скидка_ROXELPRO_Ind) -> 151.2 | M169: =I169*L169 -> 0
...

Sheet RP BR
B2: Прайс - лист
B3: на твердосплавные борфрезы по металлу RoxelPro
B4: Санкт-Петербург, 194362, пос.Парголово, Горское шоссе 6, логопарк "Осиновая Роща" | P4: Скидка: | Q4: 0
B5: т./ф. + 7 (812) 640 4240 e-mail: info@lion-group.ru www.lion-group.ru | G5: Содержание | I5: =Курс_EUR -> 105 | N5: Сумма заказа, У.Е.: | O5: =SUM(O7:O118) -> 0 | P5: РУБ: | Q5: =SUM(Q7:Q118) -> 0
A6: Изм. цены % | B6: Артикул | C6: Форма | D6: Диаметр d1 мм | E6: Длина l1 мм | F6: Диаметр d2 мм | G6: Длина l2 мм | H6: Рек. цена Double Cut Cut 6 | I6: Рек. цена Single Cut Cut 2 | J6: Рек. цена Fine Cut Cut 5 | K6: Рек. цена Alu Cut Cut 3 | L6: Рекоменд. Цена РУБ | M6: Заказ | N6: Цена со скидкой | O6: Сумма У.Е. | P6: Цена со скидкой | Q6: Сумма РУБ
B7: RoxelPro Твердосплавная борфреза по металлу цилиндрическая тип A
A8: 0 | B8: TA30313-6 | D8: 3 | E8: 13 | F8: 3 | G8: 38 | H8: 4.5 | L8: =ROUND(H8*Курс_EUR,2) -> 472.5 | N8: =H8*(1-Скидка_ROXELPRO_burrs) -> 4.5 | O8: =N8*M8 -> 0 | P8: =L8*(1-Скидка_ROXELPRO_burrs) -> 472.5 | Q8: =M8*P8 -> 0
A9: 0 | B9: TA30413-6 | D9: 4 | E9: 13 | F9: 3 | G9: 51 | H9: 4.5 | L9: =ROUND(H9*Курс_EUR,2) -> 472.5 | N9: =H9*(1-Скидка_ROXELPRO_burrs) -> 4.5 | O9: =N9*M9 -> 0 | P9: =L9*(1-Скидка_ROXELPRO_burrs) -> 472.5 | Q9: =M9*P9 -> 0
A10: 0 | B10: TA30613-2 | D10: 6 | E10: 13 | F10: 3 | G10: 51 | I10: 4.5 | L10: =ROUND(I10*Курс_EUR,2) -> 472.5 | N10: =I10*(1-Скидка_ROXELPRO_burrs) -> 4.5 | O10: =N10*M10 -> 0 | P10: =L10*(1-Скидка_ROXELPRO_burrs) -> 472.5 | Q10: =M10*P10 -> 0
A11: 0 | B11: TA60413-6 | D11: 4 | E11: 13 | F11: 6 | G11: 50 | H11: 15.71 | L11: =ROUND(H11*Курс_EUR,2) -> 1649.55 | N11: =H11*(1-Скидка_ROXELPRO_burrs) -> 15.71 | O11: =N11*M11 -> 0 | P11: =L11*(1-Скидка_ROXELPRO_burrs) -> 1649.55 | Q11: =M11*P11 -> 0
A12: 0 | B12: TA60820-6 | D12: 8 | E12: 20 | F12: 6 | G12: 65 | H12: 9.77 | L12: =ROUND(H12*Курс_EUR,2) -> 1025.85 | N12: =H12*(1-Скидка_ROXELPRO_burrs) -> 9.77 | O12: =N12*M12 -> 0 | P12: =L12*(1-Скидка_ROXELPRO_burrs) -> 1025.85 | Q12: =M12*P12 -> 0
A13: 0 | B13: TA61020-6 | D13: 10 | E13: 20 | F13: 6 | G13: 65 | H13: 13.19 | L13: =ROUND(H13*Курс_EUR,2) -> 1384.95 | N13: =H13*(1-Скидка_ROXELPRO_burrs) -> 13.19 | O13: =N13*M13 -> 0 | P13: =L13*(1-Скидка_ROXELPRO_burrs) -> 1384.95 | Q13: =M13*P13 -> 0
A14: 0 | B14: TA61625-6 | D14: 16 | E14: 25 | F14: 6 | G14: 70 | H14: 30.2 | L14: =ROUND(H14*Курс_EUR,2) -> 3171 | N14: =H14*(1-Скидка_ROXELPRO_burrs) -> 30.2 | O14: =N14*M14 -> 0 | P14: =L14*(1-Скидка_ROXELPRO_burrs) -> 3171 | Q14: =M14*P14 -> 0
B17: RoxelPro Твердосплавная борфреза по металлу цилиндрическая с торцевой насечкой тип B
A18: 0 | B18: TB30307-2 | D18: 3 | E18: 7 | F18: 3 | G18: 38 | I18: 4.5 | L18: =ROUND(I18*Курс_EUR,2) -> 472.5 | N18: =I18*(1-Скидка_ROXELPRO_burrs) -> 4.5 | O18: =N18*M18 -> 0 | P18: =L18*(1-Скидка_ROXELPRO_burrs) -> 472.5 | Q18: =M18*P18 -> 0
A19: 0 | B19: TB60616-6 | D19: 6 | E19: 16 | F19: 6 | G19: 56 | H19: 15.75 | L19: =ROUND(H19*Курс_EUR,2) -> 1653.75 | N19: =H19*(1-Скидка_ROXELPRO_burrs) -> 15.75 | O19: =N19*M19 -> 0 | P19: =L19*(1-Скидка_ROXELPRO_burrs) -> 1653.75 | Q19: =M19*P19 -> 0
A20: 0 | B20: TB60820-6 | D20: 8 | E20: 20 | F20: 6 | G20: 65 | H20: 9.77 | L20: =ROUND(H20*Курс_EUR,2) -> 1025.85 | N20: =H20*(1-Скидка_ROXELPRO_burrs) -> 9.77 | O20: =N20*M20 -> 0 | P20: =L20*(1-Скидка_ROXELPRO_burrs) -> 1025.85 | Q20: =M20*P20 -> 0
A21: 0 | B21: TB61020-6 | D21: 10 | E21: 20 | F21: 6 | G21: 65 | H21: 13.19 | L21: =ROUND(H21*Курс_EUR,2) -> 1384.95 | N21: =H21*(1-Скидка_ROXELPRO_burrs) -> 13.19 | O21: =N21*M21 -> 0 | P21: =L21*(1-Скидка_ROXELPRO_burrs) -> 1384.95 | Q21: =M21*P21 -> 0
A22: 0 | B22: TB61225-6 | D22: 12 | E22: 25 | F22: 6 | G22: 70 | H22: 19.17 | L22: =ROUND(H22*Курс_EUR,2) -> 2012.85 | N22: =H22*(1-Скидка_ROXELPRO_burrs) -> 19.17 | O22: =N22*M22 -> 0 | P22: =L22*(1-Скидка_ROXELPRO_burrs) -> 2012.85 | Q22: =M22*P22 -> 0
A23: 0 | B23: TB61625-6 | D23: 16 | E23: 25 | F23: 6 | G23: 70 | H23: 30.2 | L23: =ROUND(H23*Курс_EUR,2) -> 3171 | N23: =H23*(1-Скидка_ROXELPRO_burrs) -> 30.2 | O23: =N23*M23 -> 0 | P23: =L23*(1-Скидка_ROXELPRO_burrs) -> 3171 | Q23: =M23*P23 -> 0
B25: RoxelPro Твердосплавная борфреза по металлу сфероцилиндрическая тип C
A26: 0 | B26: TC30210-6 | D26: 2 | E26: 10 | F26: 3 | G26: 38 | H26: 4.5 | L26: =ROUND(H26*Курс_EUR,2) -> 472.5 | N26: =H26*(1-Скидка_ROXELPRO_burrs) -> 4.5 | O26: =N26*M26 -> 0 | P26: =L26*(1-Скидка_ROXELPRO_burrs) -> 472.5 | Q26: =M26*P26 -> 0
A27: 0 | B27: TC30314-6 | D27: 3 | E27: 14 | F27: 3 | G27: 38 | H27: 4.5 | L27: =ROUND(H27*Курс_EUR,2) -> 472.5 | N27: =H27*(1-Скидка_ROXELPRO_burrs) -> 4.5 | O27: =N27*M27 -> 0 | P27: =L27*(1-Скидка_ROXELPRO_burrs) -> 472.5 | Q27: =M27*P27 -> 0
A28: 0 | B28: TC60616-6 | D28: 6 | E28: 16 | F28: 6 | G28: 50 | H28: 15.75 | L28: =ROUND(H28*Курс_EUR,2) -> 1653.75 | N28: =H28*(1-Скидка_ROXELPRO_burrs) -> 15.75 | O28: =N28*M28 -> 0 | P28: =L28*(1-Скидка_ROXELPRO_burrs) -> 1653.75 | Q28: =M28*P28 -> 0
A29: 0 | B29: TC60820-6 | D29: 8 | E29: 20 | F29: 6 | G29: 65 | H29: 9.5 | L29: =ROUND(H29*Курс_EUR,2) -> 997.5 | N29: =H29*(1-Скидка_ROXELPRO_burrs) -> 9.5 | O29: =N29*M29 -> 0 | P29: =L29*(1-Скидка_ROXELPRO_burrs) -> 997.5 | Q29: =M29*P29 -> 0
A30: 0 | B30: TC61020-6 | D30: 10 | E30: 20 | F30: 6 | G30: 65 | H30: 12.74 | L30: =ROUND(H30*Курс_EUR,2) -> 1337.7 | N30: =H30*(1-Скидка_ROXELPRO_burrs) -> 12.74 | O30: =N30*M30 -> 0 | P30: =L30*(1-Скидка_ROXELPRO_burrs) -> 1337.7 | Q30: =M30*P30 -> 0
A31: 0 | B31: TC61225-6 | D31: 12 | E31: 25 | F31: 6 | G31: 70 | H31: 18.45 | L31: =ROUND(H31*Курс_EUR,2) -> 1937.25 | N31: =H31*(1-Скидка_ROXELPRO_burrs) -> 18.45 | O31: =N31*M31 -> 0 | P31: =L31*(1-Скидка_ROXELPRO_burrs) -> 1937.25 | Q31: =M31*P31 -> 0
A32: 0 | B32: TC61325-6 | D32: 12.7 | E32: 25 | F32: 6 | G32: 70 | H32: 20.25 | L32: =ROUND(H32*Курс_EUR,2) -> 2126.25 | N32: =H32*(1-Скидка_ROXELPRO_burrs) -> 20.25 | O32: =N32*M32 -> 0 | P32: =L32*(1-Скидка_ROXELPRO_burrs) -> 2126.25 | Q32: =M32*P32 -> 0
A33: 0 | B33: TC61625-6 | D33: 16 | E33: 25 | F33: 6 | G33: 70 | H33: 28.17 | L33: =ROUND(H33*Курс_EUR,2) -> 2957.85 | N33: =H33*(1-Скидка_ROXELPRO_burrs) -> 28.17 | O33: =N33*M33 -> 0 | P33: =L33*(1-Скидка_ROXELPRO_burrs) -> 2957.85 | Q33: =M33*P33 -> 0
A34: 0 | B34: TC81020-6 | D34: 10 | E34: 20 | F34: 8 | G34: 65 | H34: 12.74 | L34: =ROUND(H34*Курс_EUR,2) -> 1337.7 | N34: =H34*(1-Скидка_ROXELPRO_burrs) -> 12.74 | O34: =N34*M34 -> 0 | P34: =L34*(1-Скидка_ROXELPRO_burrs) -> 1337.7 | Q34: =M34*P34 -> 0
B35: RoxelPro Твердосплавная борфреза по металлу сферическая тип D
A36: 0 | B36: TD30302-6 | D36: 3 | E36: 2 | F36: 3 | G36: 38 | H36: 4.5 | L36: =ROUND(H36*Курс_EUR,2) -> 472.5 | N36: =H36*(1-Скидка_ROXELPRO_burrs) -> 4.5 | O36: =N36*M36 -> 0 | P36: =L36*(1-Скидка_ROXELPRO_burrs) -> 472.5 | Q36: =M36*P36 -> 0
A37: 0 | B37: TD60807-6 | D37: 8 | E37: 7.2 | F37: 6 | G37: 52 | H37: 6.66 | L37: =ROUND(H37*Курс_EUR,2) -> 699.3 | N37: =H37*(1-Скидка_ROXELPRO_burrs) -> 6.66 | O37: =N37*M37 -> 0 | P37: =L37*(1-Скидка_ROXELPRO_burrs) -> 699.3 | Q37: =M37*P37 -> 0
A38: 0 | B38: TD61009-6 | D38: 10 | E38: 9 | F38: 6 | G38: 54 | H38: 8.69 | L38: =ROUND(H38*Курс_EUR,2) -> 912.45 | N38: =H38*(1-Скидка_ROXELPRO_burrs) -> 8.69 | O38: =N38*M38 -> 0 | P38: =L38*(1-Скидка_ROXELPRO_burrs) -> 912.45 | Q38: =M38*P38 -> 0
A39: 0 | B39: TD61210-3 | D39: 12 | E39: 10 | F39: 6 | G39: 55 | K39: 21.65 | L39: =ROUND(K39*Курс_EUR,2) -> 2273.25 | N39: =K39*(1-Скидка_ROXELPRO_burrs) -> 21.65 | O39: =N39*M39 -> 0 | P39: =L39*(1-Скидка_ROXELPRO_burrs) -> 2273.25 | Q39: =M39*P39 -> 0
A40: 0 | B40: TD61210-6 | D40: 12 | E40: 10 | F40: 6 | G40: 55 | H40: 11.12 | L40: =ROUND(H40*Курс_EUR,2) -> 1167.6 | N40: =H40*(1-Скидка_ROXELPRO_burrs) -> 11.12 | O40: =N40*M40 -> 0 | P40: =L40*(1-Скидка_ROXELPRO_burrs) -> 1167.6 | Q40: =M40*P40 -> 0
A41: 0 | B41: TD61311-6 | D41: 12.7 | E41: 11 | F41: 6 | G41: 51 | H41: 12.6 | L41: =ROUND(H41*Курс_EUR,2) -> 1323 | N41: =H41*(1-Скидка_ROXELPRO_burrs) -> 12.6 | O41: =N41*M41 -> 0 | P41: =L41*(1-Скидка_ROXELPRO_burrs) -> 1323 | Q41: =M41*P41 -> 0
A42: 0 | B42: TD61312-6 | D42: 12.7 | E42: 11 | F42: 6 | G42: 55 | H42: 10.67 | L42: =ROUND(H42*Курс_EUR,2) -> 1120.35 | N42: =H42*(1-Скидка_ROXELPRO_burrs) -> 10.67 | O42: =N42*M42 -> 0 | P42: =L42*(1-Скидка_ROXELPRO_burrs) -> 1120.35 | Q42: =M42*P42 -> 0
A43: 0 | B43: TD61614-6 | D43: 16 | E43: 14.4 | F43: 6 | G43: 59 | H43: 18.45 | L43: =ROUND(H43*Курс_EUR,2) -> 1937.25 | N43: =H43*(1-Скидка_ROXELPRO_burrs) -> 18.45 | O43: =N43*M43 -> 0 | P43: =L43*(1-Скидка_ROXELPRO_burrs) -> 1937.25 | Q43: =M43*P43 -> 0
A44: 0 | B44: TD62018-2 | D44: 20 | E44: 18 | F44: 6 | G44: 63 | I44: 29.7 | L44: =ROUND(I44*Курс_EUR,2) -> 3118.5 | N44: =I44*(1-Скидка_ROXELPRO_burrs) -> 29.7 | O44: =N44*M44 -> 0 | P44: =L44*(1-Скидка_ROXELPRO_burrs) -> 3118.5 | Q44: =M44*P44 -> 0
A45: 0 | B45: TD62018-6 | D45: 20 | E45: 18 | F45: 6 | G45: 63 | H45: 29.7 | L45: =ROUND(H45*Курс_EUR,2) -> 3118.5 | N45: =H45*(1-Скидка_ROXELPRO_burrs) -> 29.7 | O45: =N45*M45 -> 0 | P45: =L45*(1-Скидка_ROXELPRO_burrs) -> 3118.5 | Q45: =M45*P45 -> 0
A46: 0 | B46: TD62521-2 | D46: 25 | E46: 21 | F46: 6 | G46: 66 | I46: 48.2 | L46: =ROUND(I46*Курс_EUR,2) -> 5061 | N46: =I46*(1-Скидка_ROXELPRO_burrs) -> 48.2 | O46: =N46*M46 -> 0 | P46: =L46*(1-Скидка_ROXELPRO_burrs) -> 5061 | Q46: =M46*P46 -> 0
A47: 0 | B47: TD62521-6 | D47: 25 | E47: 21 | F47: 6 | G47: 66 | H47: 48.2 | L47: =ROUND(H47*Курс_EUR,2) -> 5061 | N47: =H47*(1-Скидка_ROXELPRO_burrs) -> 48.2 | O47: =N47*M47 -> 0 | P47: =L47*(1-Скидка_ROXELPRO_burrs) -> 5061 | Q47: =M47*P47 -> 0
B48: RoxelPro Твердосплавная борфреза по металлу овальная тип E
A49: 0 | B49: TE30610-6 | D49: 6 | E49: 10 | F49: 3 | G49: 48 | H49: 4.5 | L49: =ROUND(H49*Курс_EUR,2) -> 472.5 | N49: =H49*(1-Скидка_ROXELPRO_burrs) -> 4.5 | O49: =N49*M49 -> 0 | P49: =L49*(1-Скидка_ROXELPRO_burrs) -> 472.5 | Q49: =M49*P49 -> 0
A50: 0 | B50: TE60813-6 | D50: 8 | E50: 13 | F50: 6 | G50: 58 | H50: 7.52 | L50: =ROUND(H50*Курс_EUR,2) -> 789.6 | N50: =H50*(1-Скидка_ROXELPRO_burrs) -> 7.52 | O50: =N50*M50 -> 0 | P50: =L50*(1-Скидка_ROXELPRO_burrs) -> 789.6 | Q50: =M50*P50 -> 0
A51: 0 | B51: TE61220-6 | D51: 12 | E51: 20 | F51: 6 | G51: 65 | H51: 14.67 | L51: =ROUND(H51*Курс_EUR,2) -> 1540.35 | N51: =H51*(1-Скидка_ROXELPRO_burrs) -> 14.67 | O51: =N51*M51 -> 0 | P51: =L51*(1-Скидка_ROXELPRO_burrs) -> 1540.35 | Q51: =M51*P51 -> 0
A52: 0 | B52: TE61322-6 | D52: 13 | E52: 22 | F52: 6 | G52: 67 | H52: 16.52 | L52: =ROUND(H52*Курс_EUR,2) -> 1734.6 | N52: =H52*(1-Скидка_ROXELPRO_burrs) -> 16.52 | O52: =N52*M52 -> 0 | P52: =L52*(1-Скидка_ROXELPRO_burrs) -> 1734.6 | Q52: =M52*P52 -> 0
B56: RoxelPro Твердосплавная борфреза по металлу сфероконическая со закруглённым концом тип F
A57: 0 | B57: TF30313-6 | D57: 3 | E57: 13 | F57: 3 | G57: 38 | H57: 4.5 | L57: =ROUND(H57*Курс_EUR,2) -> 472.5 | N57: =H57*(1-Скидка_ROXELPRO_burrs) -> 4.5 | O57: =N57*M57 -> 0 | P57: =L57*(1-Скидка_ROXELPRO_burrs) -> 472.5 | Q57: =M57*P57 -> 0
A58: 0 | B58: TF30613-6 | D58: 6 | E58: 13 | F58: 3 | G58: 43 | H58: 4.5 | L58: =ROUND(H58*Курс_EUR,2) -> 472.5 | N58: =H58*(1-Скидка_ROXELPRO_burrs) -> 4.5 | O58: =N58*M58 -> 0 | P58: =L58*(1-Скидка_ROXELPRO_burrs) -> 472.5 | Q58: =M58*P58 -> 0
A59: 0 | B59: TF60820-6 | D59: 8 | E59: 20 | F59: 6 | G59: 65 | H59: 8.55 | L59: =ROUND(H59*Курс_EUR,2) -> 897.75 | N59: =H59*(1-Скидка_ROXELPRO_burrs) -> 8.55 | O59: =N59*M59 -> 0 | P59: =L59*(1-Скидка_ROXELPRO_burrs) -> 897.75 | Q59: =M59*P59 -> 0
A60: 0 | B60: TF61020-6 | D60: 10 | E60: 20 | F60: 6 | G60: 65 | H60: 10.89 | L60: =ROUND(H60*Курс_EUR,2) -> 1143.45 | N60: =H60*(1-Скидка_ROXELPRO_burrs) -> 10.89 | O60: =N60*M60 -> 0 | P60: =L60*(1-Скидка_ROXELPRO_burrs) -> 1143.45 | Q60: =M60*P60 -> 0
A61: 0 | B61: TF61225-3 | D61: 12 | E61: 25 | F61: 6 | G61: 70 | K61: 26.46 | L61: =ROUND(K61*Курс_EUR,2) -> 2778.3 | N61: =K61*(1-Скидка_ROXELPRO_burrs) -> 26.46 | O61: =N61*M61 -> 0 | P61: =L61*(1-Скидка_ROXELPRO_burrs) -> 2778.3 | Q61: =M61*P61 -> 0
A62: 0 | B62: TF61225-6 | D62: 12 | E62: 25 | F62: 6 | G62: 70 | H62: 15.3 | L62: =ROUND(H62*Курс_EUR,2) -> 1606.5 | N62: =H62*(1-Скидка_ROXELPRO_burrs) -> 15.3 | O62: =N62*M62 -> 0 | P62: =L62*(1-Скидка_ROXELPRO_burrs) -> 1606.5 | Q62: =M62*P62 -> 0
A63: 0 | B63: TF61325-6 | D63: 12.7 | E63: 25 | F63: 6 | G63: 70 | H63: 16.83 | L63: =ROUND(H63*Курс_EUR,2) -> 1767.15 | N63: =H63*(1-Скидка_ROXELPRO_burrs) -> 16.83 | O63: =N63*M63 -> 0 | P63: =L63*(1-Скидка_ROXELPRO_burrs) -> 1767.15 | Q63: =M63*P63 -> 0
A64: 0 | B64: TF61625-6 | D64: 16 | E64: 25 | F64: 6 | G64: 70 | H64: 23.58 | L64: =ROUND(H64*Курс_EUR,2) -> 2475.9 | N64: =H64*(1-Скидка_ROXELPRO_burrs) -> 23.58 | O64: =N64*M64 -> 0 | P64: =L64*(1-Скидка_ROXELPRO_burrs) -> 2475.9 | Q64: =M64*P64 -> 0
A65: 0 | B65: TF81325-6 | D65: 12.7 | E65: 25 | F65: 8 | G65: 70 | H65: 18 | L65: =ROUND(H65*Курс_EUR,2) -> 1890 | N65: =H65*(1-Скидка_ROXELPRO_burrs) -> 18 | O65: =N65*M65 -> 0 | P65: =L65*(1-Скидка_ROXELPRO_burrs) -> 1890 | Q65: =M65*P65 -> 0
B66: RoxelPro Твердосплавная борфреза по металлу сфероконическая с заострённым концом тип G
A67: 0 | B67: TG30313-2 | D67: 3 | E67: 13 | F67: 3 | G67: 38 | I67: 4.5 | L67: =ROUND(I67*Курс_EUR,2) -> 472.5 | N67: =I67*(1-Скидка_ROXELPRO_burrs) -> 4.5 | O67: =N67*M67 -> 0 | P67: =L67*(1-Скидка_ROXELPRO_burrs) -> 472.5 | Q67: =M67*P67 -> 0
A68: 0 | B68: TG30313-5 | D68: 3 | E68: 13 | F68: 3 | G68: 38 | J68: 4.5 | L68: =ROUND(J68*Курс_EUR,2) -> 472.5 | N68: =J68*(1-Скидка_ROXELPRO_burrs) -> 4.5 | O68: =N68*M68 -> 0 | P68: =L68*(1-Скидка_ROXELPRO_burrs) -> 472.5 | Q68: =M68*P68 -> 0
A69: 0 | B69: TG30313-6 | D69: 3 | E69: 13 | F69: 3 | G69: 38 | H69: 4.5 | L69: =ROUND(H69*Курс_EUR,2) -> 472.5 | N69: =H69*(1-Скидка_ROXELPRO_burrs) -> 4.5 | O69: =N69*M69 -> 0 | P69: =L69*(1-Скидка_ROXELPRO_burrs) -> 472.5 | Q69: =M69*P69 -> 0
A70: 0 | B70: TG60820-6 | D70: 8 | E70: 20 | F70: 6 | G70: 65 | H70: 8.1 | L70: =ROUND(H70*Курс_EUR,2) -> 850.5 | N70: =H70*(1-Скидка_ROXELPRO_burrs) -> 8.1 | O70: =N70*M70 -> 0 | P70: =L70*(1-Скидка_ROXELPRO_burrs) -> 850.5 | Q70: =M70*P70 -> 0
A71: 0 | B71: TG61020-6 | D71: 10 | E71: 20 | F71: 6 | G71: 65 | H71: 10.62 | L71: =ROUND(H71*Курс_EUR,2) -> 1115.1 | N71: =H71*(1-Скидка_ROXELPRO_burrs) -> 10.62 | O71: =N71*M71 -> 0 | P71: =L71*(1-Скидка_ROXELPRO_burrs) -> 1115.1 | Q71: =M71*P71 -> 0
A72: 0 | B72: TG61225-6 | D72: 12 | E72: 25 | F72: 6 | G72: 70 | H72: 14.36 | L72: =ROUND(H72*Курс_EUR,2) -> 1507.8 | N72: =H72*(1-Скидка_ROXELPRO_burrs) -> 14.36 | O72: =N72*M72 -> 0 | P72: =L72*(1-Скидка_ROXELPRO_burrs) -> 1507.8 | Q72: =M72*P72 -> 0
A73: 0 | B73: TG61625-6 | D73: 16 | E73: 25 | F73: 6 | G73: 70 | H73: 20.97 | L73: =ROUND(H73*Курс_EUR,2) -> 2201.85 | N73: =H73*(1-Скидка_ROXELPRO_burrs) -> 20.97 | O73: =N73*M73 -> 0 | P73: =L73*(1-Скидка_ROXELPRO_burrs) -> 2201.85 | Q73: =M73*P73 -> 0
A74: 0 | B74: TG81020-6 | D74: 10 | E74: 20 | F74: 8 | G74: 65 | H74: 11.52 | L74: =ROUND(H74*Курс_EUR,2) -> 1209.6 | N74: =H74*(1-Скидка_ROXELPRO_burrs) -> 11.52 | O74: =N74*M74 -> 0 | P74: =L74*(1-Скидка_ROXELPRO_burrs) -> 1209.6 | Q74: =M74*P74 -> 0
A75: 0 | B75: TG81225-6 | D75: 12 | E75: 25 | F75: 8 | G75: 70 | H75: 15.66 | L75: =ROUND(H75*Курс_EUR,2) -> 1644.3 | N75: =H75*(1-Скидка_ROXELPRO_burrs) -> 15.66 | O75: =N75*M75 -> 0 | P75: =L75*(1-Скидка_ROXELPRO_burrs) -> 1644.3 | Q75: =M75*P75 -> 0
B76: RoxelPro Твердосплавная борфреза по металлу пламевидная тип H
A77: 0 | B77: TH60820-6 | D77: 8 | E77: 20 | F77: 6 | G77: 65 | H77: 8.37 | L77: =ROUND(H77*Курс_EUR,2) -> 878.85 | N77: =H77*(1-Скидка_ROXELPRO_burrs) -> 8.37 | O77: =N77*M77 -> 0 | P77: =L77*(1-Скидка_ROXELPRO_burrs) -> 878.85 | Q77: =M77*P77 -> 0
A78: 0 | B78: TH61025-6 | D78: 10 | E78: 25 | F78: 6 | G78: 70 | H78: 12.33 | L78: =ROUND(H78*Курс_EUR,2) -> 1294.65 | N78: =H78*(1-Скидка_ROXELPRO_burrs) -> 12.33 | O78: =N78*M78 -> 0 | P78: =L78*(1-Скидка_ROXELPRO_burrs) -> 1294.65 | Q78: =M78*P78 -> 0
A79: 0 | B79: TH61232-6 | D79: 12 | E79: 32 | F79: 6 | G79: 77 | H79: 18.18 | L79: =ROUND(H79*Курс_EUR,2) -> 1908.9 | N79: =H79*(1-Скидка_ROXELPRO_burrs) -> 18.18 | O79: =N79*M79 -> 0 | P79: =L79*(1-Скидка_ROXELPRO_burrs) -> 1908.9 | Q79: =M79*P79 -> 0
B84: RoxelPro Твердосплавная борфреза по металлу зенкер, угол 60° тип J
A85: 0 | B85: TJ61008-6 | D85: 10 | E85: 8 | F85: 6 | G85: 58 | H85: 8.69 | L85: =ROUND(H85*Курс_EUR,2) -> 912.45 | N85: =H85*(1-Скидка_ROXELPRO_burrs) -> 8.69 | O85: =N85*M85 -> 0 | P85: =L85*(1-Скидка_ROXELPRO_burrs) -> 912.45 | Q85: =M85*P85 -> 0
A86: 0 | B86: TJ61210-6 | D86: 12 | E86: 10 | F86: 6 | G86: 60 | H86: 11.12 | L86: =ROUND(H86*Курс_EUR,2) -> 1167.6 | N86: =H86*(1-Скидка_ROXELPRO_burrs) -> 11.12 | O86: =N86*M86 -> 0 | P86: =L86*(1-Скидка_ROXELPRO_burrs) -> 1167.6 | Q86: =M86*P86 -> 0
B92: RoxelPro Твердосплавная борфреза по металлу коническая с закруглённым концом тип L
A93: 0 | B93: TL60822-6 | D93: 8 | E93: 22 | F93: 6 | G93: 67 | H93: 8.1 | L93: =ROUND(H93*Курс_EUR,2) -> 850.5 | N93: =H93*(1-Скидка_ROXELPRO_burrs) -> 8.1 | O93: =N93*M93 -> 0 | P93: =L93*(1-Скидка_ROXELPRO_burrs) -> 850.5 | Q93: =M93*P93 -> 0
A94: 0 | B94: TL61025-6 | D94: 10 | E94: 25 | F94: 6 | G94: 70 | H94: 11.07 | L94: =ROUND(H94*Курс_EUR,2) -> 1162.35 | N94: =H94*(1-Скидка_ROXELPRO_burrs) -> 11.07 | O94: =N94*M94 -> 0 | P94: =L94*(1-Скидка_ROXELPRO_burrs) -> 1162.35 | Q94: =M94*P94 -> 0
A95: 0 | B95: TL61228-3 | D95: 12 | E95: 28 | F95: 6 | G95: 73 | K95: 26.33 | L95: =ROUND(K95*Курс_EUR,2) -> 2764.65 | N95: =K95*(1-Скидка_ROXELPRO_burrs) -> 26.33 | O95: =N95*M95 -> 0 | P95: =L95*(1-Скидка_ROXELPRO_burrs) -> 2764.65 | Q95: =M95*P95 -> 0
A96: 0 | B96: TL61228-6 | D96: 12 | E96: 28 | F96: 6 | G96: 73 | H96: 15.21 | L96: =ROUND(H96*Курс_EUR,2) -> 1597.05 | N96: =H96*(1-Скидка_ROXELPRO_burrs) -> 15.21 | O96: =N96*M96 -> 0 | P96: =L96*(1-Скидка_ROXELPRO_burrs) -> 1597.05 | Q96: =M96*P96 -> 0
A97: 0 | B97: TL61328-6 | D97: 13 | E97: 28 | F97: 6 | G97: 73 | H97: 17.01
A98: 0 | B98: TL61332-6 | D98: 13 | E98: 32 | F98: 6 | G98: 73 | H98: 16.65 | L98: =ROUND(H98*Курс_EUR,2) -> 1748.25 | N98: =H98*(1-Скидка_ROXELPRO_burrs) -> 16.65 | O98: =N98*M98 -> 0 | P98: =L98*(1-Скидка_ROXELPRO_burrs) -> 1748.25 | Q98: =M98*P98 -> 0
A99: 0 | B99: TL61633-6 | D99: 16 | E99: 33 | F99: 6 | G99: 78 | H99: 26.96 | L99: =ROUND(H99*Курс_EUR,2) -> 2830.8 | N99: =H99*(1-Скидка_ROXELPRO_burrs) -> 26.96 | O99: =N99*M99 -> 0 | P99: =L99*(1-Скидка_ROXELPRO_burrs) -> 2830.8 | Q99: =M99*P99 -> 0
B101: RoxelPro Твердосплавная борфреза по металлу коническая с заострённым концом тип M
A102: 0 | B102: TM30313-6 | D102: 3 | E102: 13 | F102: 3 | G102: 38 | H102: 4.5 | L102: =ROUND(H102*Курс_EUR,2) -> 472.5 | N102: =H102*(1-Скидка_ROXELPRO_burrs) -> 4.5 | O102: =N102*M102 -> 0 | P102: =L102*(1-Скидка_ROXELPRO_burrs) -> 472.5 | Q102: =M102*P102 -> 0
A103: 0 | B103: TM30613-2 | D103: 6 | E103: 13 | F103: 3 | G103: 51 | I103: 4.5 | L103: =ROUND(I103*Курс_EUR,2) -> 472.5 | N103: =I103*(1-Скидка_ROXELPRO_burrs) -> 4.5 | O103: =N103*M103 -> 0 | P103: =L103*(1-Скидка_ROXELPRO_burrs) -> 472.5 | Q103: =M103*P103 -> 0
A104: 0 | B104: TM30613-6 | D104: 6 | E104: 13 | F104: 3 | G104: 51 | H104: 4.5 | L104: =ROUND(H104*Курс_EUR,2) -> 472.5 | N104: =H104*(1-Скидка_ROXELPRO_burrs) -> 4.5 | O104: =N104*M104 -> 0 | P104: =L104*(1-Скидка_ROXELPRO_burrs) -> 472.5 | Q104: =M104*P104 -> 0
A105: 0 | B105: TM60618-6 | D105: 6 | E105: 18 | F105: 6 | G105: 58 | H105: 15.75 | L105: =ROUND(H105*Курс_EUR,2) -> 1653.75 | N105: =H105*(1-Скидка_ROXELPRO_burrs) -> 15.75 | O105: =N105*M105 -> 0 | P105: =L105*(1-Скидка_ROXELPRO_burrs) -> 1653.75 | Q105: =M105*P105 -> 0
A106: 0 | B106: TM60820-6 | D106: 8 | E106: 20 | F106: 6 | G106: 65 | H106: 7.47 | L106: =ROUND(H106*Курс_EUR,2) -> 784.35 | N106: =H106*(1-Скидка_ROXELPRO_burrs) -> 7.47 | O106: =N106*M106 -> 0 | P106: =L106*(1-Скидка_ROXELPRO_burrs) -> 784.35 | Q106: =M106*P106 -> 0
A107: 0 | B107: TM61020-6 | D107: 10 | E107: 20 | F107: 6 | G107: 65 | H107: 9.54 | L107: =ROUND(H107*Курс_EUR,2) -> 1001.7 | N107: =H107*(1-Скидка_ROXELPRO_burrs) -> 9.54 | O107: =N107*M107 -> 0 | P107: =L107*(1-Скидка_ROXELPRO_burrs) -> 1001.7 | Q107: =M107*P107 -> 0
A108: 0 | B108: TM61225-6 | D108: 12 | E108: 25 | F108: 6 | G108: 70 | H108: 12.51 | L108: =ROUND(H108*Курс_EUR,2) -> 1313.55 | N108: =H108*(1-Скидка_ROXELPRO_burrs) -> 12.51 | O108: =N108*M108 -> 0 | P108: =L108*(1-Скидка_ROXELPRO_burrs) -> 1313.55 | Q108: =M108*P108 -> 0
A109: 0 | B109: TM61625-6 | D109: 16 | E109: 25 | F109: 6 | G109: 70 | H109: 17.69 | L109: =ROUND(H109*Курс_EUR,2) -> 1857.45 | N109: =H109*(1-Скидка_ROXELPRO_burrs) -> 17.69 | O109: =N109*M109 -> 0 | P109: =L109*(1-Скидка_ROXELPRO_burrs) -> 1857.45 | Q109: =M109*P109 -> 0
B111: RoxelPro Твердосплавная борфреза по металлу сфероцилиндрическая с удлинённым хвостовиком 150мм, тип C
A112: 0 | B112: TC61020-6-150 | D112: 10 | E112: 20 | F112: 6 | G112: 170 | H112: 14.54 | L112: =ROUND(H112*Курс_EUR,2) -> 1526.7 | N112: =H112*(1-Скидка_ROXELPRO_burrs) -> 14.54 | O112: =N112*M112 -> 0 | P112: =L112*(1-Скидка_ROXELPRO_burrs) -> 1526.7 | Q112: =M112*P112 -> 0
A113: 0 | B113: TC61225-6-150 | D113: 12 | E113: 25 | F113: 6 | H113: 20.7 | L113: =ROUND(H113*Курс_EUR,2) -> 2173.5 | N113: =H113*(1-Скидка_ROXELPRO_burrs) -> 20.7 | O113: =N113*M113 -> 0 | P113: =L113*(1-Скидка_ROXELPRO_burrs) -> 2173.5 | Q113: =M113*P113 -> 0
A114: 0 | B114: TC81020-6-150 | D114: 10 | E114: 20 | F114: 8 | G114: 170 | H114: 15.44 | L114: =ROUND(H114*Курс_EUR,2) -> 1621.2 | N114: =H114*(1-Скидка_ROXELPRO_burrs) -> 15.44 | O114: =N114*M114 -> 0 | P114: =L114*(1-Скидка_ROXELPRO_burrs) -> 1621.2 | Q114: =M114*P114 -> 0
B120: Существует гибкая система скидок для оптовых покупателей

Sheet RP CST
B2: Прайс - лист
B3: на материалы для строительного рынка RoxelPro
B4: Санкт-Петербург, 194362, пос.Парголово, Горское шоссе 6, логопарк "Осиновая Роща" | K4: Скидка: | L4: 0
B5: т./ф. + 7 (812) 640 4240 e-mail: info@lion-group.ru www.lion-group.ru | D5: Содержание | F5: =Курс_EUR -> 105 | I5: Сумма заказа, У.Е.: | J5: =SUM(J8:J308) -> 0 | K5: РУБ: | L5: =SUM(L8:L308) -> 0
A6: Изм. цены % | B6: Артикул | C6: Наименование продукта | D6: Упаковка | E6: Ед.изм. | F6: Рекоменд. Цена У.Е. | G6: Рекоменд. Цена РУБ | H6: Заказ | I6: Цена со скидкой | J6: Сумма EUR | K6: Цена со скидкой | L6: Сумма РУБ
B7: Абразивные материалы
B8: Шлифовальная бумага
A9: 0 | B9: 155603 | C9: RoxelPro Шлифовальная бумага SUNROX в рулоне 115мм х 5м, золотистая, Р40 | D9: 1 / 6 шт. | E9: шт. | F9: 5.3 | G9: =ROUND(F9*Курс_EUR,2) -> 556.5 | I9: =F9*(1-Скидка_RP_CST) -> 5.3 | J9: =I9*H9 -> 0 | K9: =G9*(1-Скидка_RP_CST) -> 556.5 | L9: =H9*K9 -> 0
A10: 0 | B10: 155605 | C10: RoxelPro Шлифовальная бумага SUNROX в рулоне 115мм х 5м, золотистая, Р60 | D10: 1 / 6 шт. | E10: шт. | F10: 4.99 | G10: =ROUND(F10*Курс_EUR,2) -> 523.95 | I10: =F10*(1-Скидка_RP_CST) -> 4.99 | J10: =I10*H10 -> 0 | K10: =G10*(1-Скидка_RP_CST) -> 523.95 | L10: =H10*K10 -> 0
A11: 0 | B11: 155606 | C11: RoxelPro Шлифовальная бумага SUNROX в рулоне 115мм х 5м, золотистая, Р80 | D11: 1 / 6 шт. | E11: шт. | F11: 4.69 | G11: =ROUND(F11*Курс_EUR,2) -> 492.45 | I11: =F11*(1-Скидка_RP_CST) -> 4.69 | J11: =I11*H11 -> 0 | K11: =G11*(1-Скидка_RP_CST) -> 492.45 | L11: =H11*K11 -> 0
A12: 0 | B12: 155607 | C12: RoxelPro Шлифовальная бумага SUNROX в рулоне 115мм х 5м, золотистая, Р100 | D12: 1 / 6 шт. | E12: шт. | F12: 4.69 | G12: =ROUND(F12*Курс_EUR,2) -> 492.45 | I12: =F12*(1-Скидка_RP_CST) -> 4.69 | J12: =I12*H12 -> 0 | K12: =G12*(1-Скидка_RP_CST) -> 492.45 | L12: =H12*K12 -> 0
A13: 0 | B13: 155608 | C13: RoxelPro Шлифовальная бумага SUNROX в рулоне 115мм х 5м, золотистая, Р120 | D13: 1 / 6 шт. | E13: шт. | F13: 4.38 | G13: =ROUND(F13*Курс_EUR,2) -> 459.9 | I13: =F13*(1-Скидка_RP_CST) -> 4.38 | J13: =I13*H13 -> 0 | K13: =G13*(1-Скидка_RP_CST) -> 459.9 | L13: =H13*K13 -> 0
A14: 0 | B14: 155609 | C14: RoxelPro Шлифовальная бумага SUNROX в рулоне 115мм х 5м, золотистая, Р150 | D14: 1 / 6 шт. | E14: шт. | F14: 4.38 | G14: =ROUND(F14*Курс_EUR,2) -> 459.9 | I14: =F14*(1-Скидка_RP_CST) -> 4.38 | J14: =I14*H14 -> 0 | K14: =G14*(1-Скидка_RP_CST) -> 459.9 | L14: =H14*K14 -> 0
A15: 0 | B15: 155610 | C15: RoxelPro Шлифовальная бумага SUNROX в рулоне 115мм х 5м, золотистая, Р180 | D15: 1 / 6 шт. | E15: шт. | F15: 4.38 | G15: =ROUND(F15*Курс_EUR,2) -> 459.9 | I15: =F15*(1-Скидка_RP_CST) -> 4.38 | J15: =I15*H15 -> 0 | K15: =G15*(1-Скидка_RP_CST) -> 459.9 | L15: =H15*K15 -> 0
A16: 0 | B16: 155612 | C16: RoxelPro Шлифовальная бумага SUNROX в рулоне 115мм х 5м, золотистая, Р240 | D16: 1 / 6 шт. | E16: шт. | F16: 4.38 | G16: =ROUND(F16*Курс_EUR,2) -> 459.9 | I16: =F16*(1-Скидка_RP_CST) -> 4.38 | J16: =I16*H16 -> 0 | K16: =G16*(1-Скидка_RP_CST) -> 459.9 | L16: =H16*K16 -> 0
A18: 0 | B18: 155803 | C18: RoxelPro Шлифовальная бумага SUNROX в рулоне 115мм х 50м, золотистая, Р40 | D18: 1 / 2 шт. | E18: шт. | F18: 39.61 | G18: =ROUND(F18*Курс_EUR,2) -> 4159.05 | I18: =F18*(1-Скидка_RP_CST) -> 39.61 | J18: =I18*H18 -> 0 | K18: =G18*(1-Скидка_RP_CST) -> 4159.05 | L18: =H18*K18 -> 0
A19: 0 | B19: 155805 | C19: RoxelPro Шлифовальная бумага SUNROX в рулоне 115мм х 50м, золотистая, Р60 | D19: 1 / 2 шт. | E19: шт. | F19: 36.56 | G19: =ROUND(F19*Курс_EUR,2) -> 3838.8 | I19: =F19*(1-Скидка_RP_CST) -> 36.56 | J19: =I19*H19 -> 0 | K19: =G19*(1-Скидка_RP_CST) -> 3838.8 | L19: =H19*K19 -> 0
A20: 0 | B20: 155806 | C20: RoxelPro Шлифовальная бумага SUNROX в рулоне 115мм х 50м, золотистая, Р80 | D20: 1 / 2 шт. | E20: шт. | F20: 33.51 | G20: =ROUND(F20*Курс_EUR,2) -> 3518.55 | I20: =F20*(1-Скидка_RP_CST) -> 33.51 | J20: =I20*H20 -> 0 | K20: =G20*(1-Скидка_RP_CST) -> 3518.55 | L20: =H20*K20 -> 0
A21: 0 | B21: 155807 | C21: RoxelPro Шлифовальная бумага SUNROX в рулоне 115мм х 50м, золотистая, Р100 | D21: 1 / 2 шт. | E21: шт. | F21: 33.51 | G21: =ROUND(F21*Курс_EUR,2) -> 3518.55 | I21: =F21*(1-Скидка_RP_CST) -> 33.51 | J21: =I21*H21 -> 0 | K21: =G21*(1-Скидка_RP_CST) -> 3518.55 | L21: =H21*K21 -> 0
... A25: 0 | B25: 155812 | C25: RoxelPro Шлифовальная бумага SUNROX в рулоне 115мм х 50м, золотистая, Р240 | D25: 1 / 2 шт. | E25: шт. | F25: 30.47 | G25: =ROUND(F25*Курс_EUR,2) -> 3199.35 | I25: =F25*(1-Скидка_RP_CST) -> 30.47 | J25: =I25*H25 -> 0 | K25: =G25*(1-Скидка_RP_CST) -> 3199.35 | L25: =H25*K25 -> 0
B27: Шлифовальное оборудование
B28: Оправки и прокладки для шлифовальных кругов
A29: 0 | B29: 195617 | C29: RoxelPro Оправка для шлифовальных кругов MAMBA 150мм на липучке, 5/16"+М8, 129 отв, средней жёсткости | D29: шт. | E29: шт. | F29: 40.3 | G29: =ROUND(F29*Курс_EUR,2) -> 4231.5 | I29: =F29*(1-Скидка_RP_CST) -> 40.3 | J29: =I29*H29 -> 0 | K29: =G29*(1-Скидка_RP_CST) -> 4231.5 | L29: =H29*K29 -> 0
A30: 0 | B30: 195626 | C30: RoxelPro Оправка для шлифовальных кругов FUSION 150мм на липучке, 5/16"+М8, 97 отв, жёсткая | D30: шт. | E30: шт. | F30: 39.42 | G30: =ROUND(F30*Курс_EUR,2) -> 4139.1 | I30: =F30*(1-Скидка_RP_CST) -> 39.42 | J30: =I30*H30 -> 0 | K30: =G30*(1-Скидка_RP_CST) -> 4139.1 | L30: =H30*K30 -> 0
A31: 0 | B31: 195627 | C31: RoxelPro Оправка для шлифовальных кругов FUSION 150мм на липучке, 5/16"+М8, 97 отв, средней жёсткости | D31: шт. | E31: шт. | F31: 34.28 | G31: =ROUND(F31*Курс_EUR,2) -> 3599.4 | I31: =F31*(1-Скидка_RP_CST) -> 34.28 | J31: =I31*H31 -> 0 | K31: =G31*(1-Скидка_RP_CST) -> 3599.4 | L31: =H31*K31 -> 0
A32: 0 | B32: 195628 | C32: RoxelPro Оправка для шлифовальных кругов FUSION 150мм на липучке, 5/16"+М8, 97 отв, мягкая | D32: шт. | E32: шт. | F32: 39.42 | G32: =ROUND(F32*Курс_EUR,2) -> 4139.1 | I32: =F32*(1-Скидка_RP_CST) -> 39.42 | J32: =I32*H32 -> 0 | K32: =G32*(1-Скидка_RP_CST) -> 4139.1 | L32: =H32*K32 -> 0
A33: 0 | B33: 195636 | C33: RoxelPro Оправка для шлиф. кругов FUSION ELECTRO 150мм на липучке, 5/16"+М8, 97 отв, жёсткая | D33: шт. | E33: шт. | F33: 43.92 | G33: =ROUND(F33*Курс_EUR,2) -> 4611.6 | I33: =F33*(1-Скидка_RP_CST) -> 43.92 | J33: =I33*H33 -> 0 | K33: =G33*(1-Скидка_RP_CST) -> 4611.6 | L33: =H33*K33 -> 0
A34: 0 | B34: 195637 | C34: RoxelPro Оправка для шлиф. кругов FUSION ELECTRO 150мм на липучке, 5/16"+М8, 97 отв, средней жёсткости | D34: шт. | E34: шт. | F34: 36.83 | G34: =ROUND(F34*Курс_EUR,2) -> 3867.15 | I34: =F34*(1-Скидка_RP_CST) -> 36.83 | J34: =I34*H34 -> 0 | K34: =G34*(1-Скидка_RP_CST) -> 3867.15 | L34: =H34*K34 -> 0
A35: 0 | B35: 195643 | C35: RoxelPro Оправка для шлифовальных кругов WINNER 125мм на липучке, 5/16"+М8, 8 отв, жёсткая | D35: шт. | E35: шт. | F35: 23.75 | G35: =ROUND(F35*Курс_EUR,2) -> 2493.75 | I35: =F35*(1-Скидка_RP_CST) -> 23.75 | J35: =I35*H35 -> 0 | K35: =G35*(1-Скидка_RP_CST) -> 2493.75 | L35: =H35*K35 -> 0
A36: 0 | B36: 195644 | C36: RoxelPro Оправка для шлифовальных кругов WINNER 125мм на липучке, 5/16"+М8, 8 отв, средней жёсткости | D36: шт. | E36: шт. | F36: 23.75 | G36: =ROUND(F36*Курс_EUR,2) -> 2493.75 | I36: =F36*(1-Скидка_RP_CST) -> 23.75 | J36: =I36*H36 -> 0 | K36: =G36*(1-Скидка_RP_CST) -> 2493.75 | L36: =H36*K36 -> 0
A37: 0 | B37: 195646 | C37: RoxelPro Оправка для шлифовальных кругов WINNER 150мм на липучке, 5/16"+М8, 15 отв, жёсткая | D37: шт. | E37: шт. | F37: 31.17 | G37: =ROUND(F37*Курс_EUR,2) -> 3272.85 | I37: =F37*(1-Скидка_RP_CST) -> 31.17 | J37: =I37*H37 -> 0 | K37: =G37*(1-Скидка_RP_CST) -> 3272.85 | L37: =H37*K37 -> 0
A38: 0 | B38: 195647 | C38: RoxelPro Оправка для шлифовальных кругов WINNER 150мм на липучке, 5/16"+М8, 15 отв, средней жёсткости | D38: шт. | E38: шт. | F38: 25.97 | G38: =ROUND(F38*Курс_EUR,2) -> 2726.85 | I38: =F38*(1-Скидка_RP_CST) -> 25.97 | J38: =I38*H38 -> 0 | K38: =G38*(1-Скидка_RP_CST) -> 2726.85 | L38: =H38*K38 -> 0
A39: 0 | B39: 195648 | C39: RoxelPro Оправка для шлифовальных кругов WINNER 150мм на липучке, 5/16"+М8, 15 отв, мягкая | D39: шт. | E39: шт. | F39: 31.17 | G39: =ROUND(F39*Курс_EUR,2) -> 3272.85 | I39: =F39*(1-Скидка_RP_CST) -> 31.17 | J39: =I39*H39 -> 0 | K39: =G39*(1-Скидка_RP_CST) -> 3272.85 | L39: =H39*K39 -> 0
A40: 0 | B40: 195656 | C40: RoxelPro Оправка для шлифовальных кругов WINNER FESTO 150мм на липучке, 15 отв, жёсткая (для машинок Festool Rotex) | D40: шт. | E40: шт. | F40: 36.69 | G40: =ROUND(F40*Курс_EUR,2) -> 3852.45 | I40: =F40*(1-Скидка_RP_CST) -> 36.69 | J40: =I40*H40 -> 0 | K40: =G40*(1-Скидка_RP_CST) -> 3852.45 | L40: =H40*K40 -> 0
... A59: 0 | B59: 195799 | C59: RoxelPro Защитная прокладка 225мм 24 отв. | D59: шт. | E59: шт. | F59: 9 | G59: =ROUND(F59*Курс_EUR,2) -> 945 | I59: =F59*(1-Скидка_RP_CST) -> 9 | J59: =I59*H59 -> 0 | K59: =G59*(1-Скидка_RP_CST) -> 945 | L59: =H59*K59 -> 0
B61: Ручной шлифовальный инструмент
A62: 0 | B62: 196612 | C62: RoxelPro Малый шлифок 70 х 125мм на липучке, 13 отв. | D62: шт. | E62: шт. | F62: 33.42 | G62: =ROUND(F62*Курс_EUR,2) -> 3509.1 | I62: =F62*(1-Скидка_RP_CST) -> 33.42 | J62: =I62*H62 -> 0 | K62: =G62*(1-Скидка_RP_CST) -> 3509.1 | L62: =H62*K62 -> 0
A63: 0 | B63: 196622 | C63: RoxelPro Средний шлифок 70 х 198мм на липучке, 22 отв. | D63: шт. | E63: шт. | F63: 33.97 | G63: =ROUND(F63*Курс_EUR,2) -> 3566.85 | I63: =F63*(1-Скидка_RP_CST) -> 33.97 | J63: =I63*H63 -> 0 | K63: =G63*(1-Скидка_RP_CST) -> 3566.85 | L63: =H63*K63 -> 0
A64: 0 | B64: 196628 | C64: RoxelPro Набор для шлифования выпуклых и вогнутых поверхностей: шлифок 70 х 198мм, 4 накладки | D64: шт. | E64: шт. | F64: 62.33 | G64: =ROUND(F64*Курс_EUR,2) -> 6544.65 | I64: =F64*(1-Скидка_RP_CST) -> 62.33 | J64: =I64*H64 -> 0 | K64: =G64*(1-Скидка_RP_CST) -> 6544.65 | L64: =H64*K64 -> 0
A65: 0 | B65: 196661 | C65: RoxelPro Широкий шлифок 115 х 230мм на липучке, 10 отв. | D65: шт. | E65: шт. | F65: 41.21 | G65: =ROUND(F65*Курс_EUR,2) -> 4327.05 | I65: =F65*(1-Скидка_RP_CST) -> 41.21 | J65: =I65*H65 -> 0 | K65: =G65*(1-Скидка_RP_CST) -> 4327.05 | L65: =H65*K65 -> 0
A66: 0 | B66: 196662 | C66: RoxelPro Широкий шлифок 115 х 230мм на липучке, 32 отв. | D66: шт. | E66: шт. | F66: 41.21 | G66: =ROUND(F66*Курс_EUR,2) -> 4327.05 | I66: =F66*(1-Скидка_RP_CST) -> 41.21 | J66: =I66*H66 -> 0 | K66: =G66*(1-Скидка_RP_CST) -> 4327.05 | L66: =H66*K66 -> 0
A68: 0 | B68: 196688 | C68: RoxelPro Защитная прокладка 115 х 230мм 10 отв. | D68: 10 шт. | E68: шт. | F68: 6.6 | G68: =ROUND(F68*Курс_EUR,2) -> 693 | I68: =F68*(1-Скидка_RP_CST) -> 6.6 | J68: =I68*H68 -> 0 | K68: =G68*(1-Скидка_RP_CST) -> 693 | L68: =H68*K68 -> 0
A69: 0 | B69: 196689 | C69: RoxelPro Защитная прокладка 115 х 230мм 32 отв. | D69: 10 шт. | E69: шт. | F69: 6.6 | G69: =ROUND(F69*Курс_EUR,2) -> 693 | I69: =F69*(1-Скидка_RP_CST) -> 6.6 | J69: =I69*H69 -> 0 | K69: =G69*(1-Скидка_RP_CST) -> 693 | L69: =H69*K69 -> 0
A71: 0 | B71: 196692 | C71: RoxelPro Пылеотводный шланг для шлифков, Ø21мм, 4м. | D71: шт. | E71: шт. | F71: 22.39 | G71: =ROUND(F71*Курс_EUR,2) -> 2350.95 | I71: =F71*(1-Скидка_RP_CST) -> 22.39 | J71: =I71*H71 -> 0 | K71: =G71*(1-Скидка_RP_CST) -> 2350.95 | L71: =H71*K71 -> 0
A73: 0 | B73: 196725 | C73: RoxelPro Малый шлифок "мышка" 150мм на липучке, 34 отв. с пылеотводным шлангом Ø21мм, 4м | D73: шт. | E73: шт. | F73: 34 | G73: =ROUND(F73*Курс_EUR,2) -> 3570 | I73: =F73*(1-Скидка_RP_CST) -> 34 | J73: =I73*H73 -> 0 | K73: =G73*(1-Скидка_RP_CST) -> 3570 | L73: =H73*K73 -> 0
A74: 0 | B74: 196754 | C74: RoxelPro Средний шлифок 80 х 230мм на липучке, 55 отв. | D74: шт. | E74: шт. | F74: 17 | G74: =ROUND(F74*Курс_EUR,2) -> 1785 | I74: =F74*(1-Скидка_RP_CST) -> 17 | J74: =I74*H74 -> 0 | K74: =G74*(1-Скидка_RP_CST) -> 1785 | L74: =H74*K74 -> 0
A76: 0 | B76: 197610 | C76: RoxelPro Ручной шлифовальный блок 70х125мм на микролипучке, жёсткий/мягкий | D76: пакет: 2 шт. | E76: шт. | F76: 12 | G76: =ROUND(F76*Курс_EUR,2) -> 1260 | I76: =F76*(1-Скидка_RP_CST) -> 12 | J76: =I76*H76 -> 0 | K76: =G76*(1-Скидка_RP_CST) -> 1260 | L76: =H76*K76 -> 0
A77: 0 | B77: 197670 | C77: RoxelPro Гибкий шлифок 150мм на липучке для шлифования выпуклых и вогнутых поверхностей, мягкий | D77: шт. | E77: шт. | F77: 39 | G77: =ROUND(F77*Курс_EUR,2) -> 4095 | I77: =F77*(1-Скидка_RP_CST) -> 39 | J77: =I77*H77 -> 0 | K77: =G77*(1-Скидка_RP_CST) -> 4095 | L77: =H77*K77 -> 0
A78: 0 | B78: 197672 | C78: RoxelPro Ручная шлифовальная подошва 150мм на липучке, мягкая | D78: пакет: 2 шт. | E78: шт. | F78: 16.98 | G78: =ROUND(F78*Курс_EUR,2) -> 1782.9 | I78: =F78*(1-Скидка_RP_CST) -> 16.98 | J78: =I78*H78 -> 0 | K78: =G78*(1-Скидка_RP_CST) -> 1782.9 | L78: =H78*K78 -> 0
B80: Маскирующие материалы
B81: Маскирующие малярные ленты на основе рисовой бумаги
A82: 0 | B82: 304142 | C82: RoxelPro Малярная лента ROXPRO 5010 универсальная, рисовая бумага, акрил. клей, жёлтая, 30мм х 50м | D82: кор: 32 шт. | E82: шт. | F82: 4.5 | G82: =ROUND(F82*Курс_EUR,2) -> 472.5 | I82: =F82*(1-Скидка_RP_CST) -> 4.5 | J82: =I82*H82 -> 0 | K82: =G82*(1-Скидка_RP_CST) -> 472.5 | L82: =H82*K82 -> 0
A83: 0 | B83: 304144 | C83: RoxelPro Малярная лента ROXPRO 5010 универсальная, рисовая бумага, акрил. клей, жёлтая, 48мм х 50м | D83: кор: 24 шт. | E83: шт. | F83: 8 | G83: =ROUND(F83*Курс_EUR,2) -> 840 | I83: =F83*(1-Скидка_RP_CST) -> 8 | J83: =I83*H83 -> 0 | K83: =G83*(1-Скидка_RP_CST) -> 840 | L83: =H83*K83 -> 0
A84: 0 | B84: 304292 | C84: RoxelPro Малярная лента ROXPRO 5020 для деликатных работ, рисовая бумага, акрил. клей, фиолетовая, 30мм х 50м | D84: кор: 32 шт. | E84: шт. | F84: 5 | G84: =ROUND(F84*Курс_EUR,2) -> 525 | I84: =F84*(1-Скидка_RP_CST) -> 5 | J84: =I84*H84 -> 0 | K84: =G84*(1-Скидка_RP_CST) -> 525 | L84: =H84*K84 -> 0
A85: 0 | B85: 304332 | C85: RoxelPro Малярная лента ROXPRO 5025 ULTRA для деликатных работ, рисовая бумага, акрил. клей, розовая, 30мм х 50м | D85: кор: 32 шт. | E85: шт. | F85: 5 | G85: =ROUND(F85*Курс_EUR,2) -> 525 | I85: =F85*(1-Скидка_RP_CST) -> 5 | J85: =I85*H85 -> 0 | K85: =G85*(1-Скидка_RP_CST) -> 525 | L85: =H85*K85 -> 0
A86: 0 | B86: 304482 | C86: RoxelPro Малярная лента ROXPRO 5030 для наружных работ, рисовая бумага, акрил. клей, синяя, 30мм х 50м | D86: кор: 32 шт. | E86: шт. | F86: 5 | G86: =ROUND(F86*Курс_EUR,2) -> 525 | I86: =F86*(1-Скидка_RP_CST) -> 5 | J86: =I86*H86 -> 0 | K86: =G86*(1-Скидка_RP_CST) -> 525 | L86: =H86*K86 -> 0
A87: 0 | B87: 304484 | C87: RoxelPro Малярная лента ROXPRO 5030 для наружных работ, рисовая бумага, акрил. клей, синяя, 48мм х 50м | D87: кор: 24 шт. | E87: шт. | F87: 8 | G87: =ROUND(F87*Курс_EUR,2) -> 840 | I87: =F87*(1-Скидка_RP_CST) -> 8 | J87: =I87*H87 -> 0 | K87: =G87*(1-Скидка_RP_CST) -> 840 | L87: =H87*K87 -> 0
B89: Маскирующие малярные ленты
A90: 0 | B90: 305710 | C90: RoxelPro Малярная лента ROXPRO 4590, бежевая, 18мм х 50м | D90: кор: 48 шт. | E90: шт. | F90: 1.49 | G90: =ROUND(F90*Курс_EUR,2) -> 156.45 | I90: =F90*(1-Скидка_RP_CST) -> 1.49 | J90: =I90*H90 -> 0 | K90: =G90*(1-Скидка_RP_CST) -> 156.45 | L90: =H90*K90 -> 0
A91: 0 | B91: 305711 | C91: RoxelPro Малярная лента ROXPRO 4590, бежевая, 24мм х 50м | D91: кор: 36 шт. | E91: шт. | F91: 1.99 | G91: =ROUND(F91*Курс_EUR,2) -> 208.95 | I91: =F91*(1-Скидка_RP_CST) -> 1.99 | J91: =I91*H91 -> 0 | K91: =G91*(1-Скидка_RP_CST) -> 208.95 | L91: =H91*K91 -> 0
A92: 0 | B92: 305713 | C92: RoxelPro Малярная лента ROXPRO 4590, бежевая, 36мм х 50м | D92: кор: 24 шт. | E92: шт. | F92: 2.98 | G92: =ROUND(F92*Курс_EUR,2) -> 312.9 | I92: =F92*(1-Скидка_RP_CST) -> 2.98 | J92: =I92*H92 -> 0 | K92: =G92*(1-Скидка_RP_CST) -> 312.9 | L92: =H92*K92 -> 0
A93: 0 | B93: 305714 | C93: RoxelPro Малярная лента ROXPRO 4590, бежевая, 48мм х 50м | D93: кор: 24 шт. | E93: шт. | F93: 3.97 | G93: =ROUND(F93*Курс_EUR,2) -> 416.85 | I93: =F93*(1-Скидка_RP_CST) -> 3.97 | J93: =I93*H93 -> 0 | K93: =G93*(1-Скидка_RP_CST) -> 416.85 | L93: =H93*K93 -> 0
A94: 3.3 | B94: 305740 | C94: RoxelPro Малярная лента ROXPRO 4590, ярко-жёлтая, 18мм х 40м | D94: кор: 48 шт. | E94: шт. | F94: 1.26 | G94: =ROUND(F94*Курс_EUR,2) -> 132.3 | I94: =F94*(1-Скидка_RP_CST) -> 1.26 | J94: =I94*H94 -> 0 | K94: =G94*(1-Скидка_RP_CST) -> 132.3 | L94: =H94*K94 -> 0
A95: 3.1 | B95: 305741 | C95: RoxelPro Малярная лента ROXPRO 4590, ярко-жёлтая, 24мм х 40м | D95: кор: 36 шт. | E95: шт. | F95: 1.68 | G95: =ROUND(F95*Курс_EUR,2) -> 176.4 | I95: =F95*(1-Скидка_RP_CST) -> 1.68 | J95: =I95*H95 -> 0 | K95: =G95*(1-Скидка_RP_CST) -> 176.4 | L95: =H95*K95 -> 0
A96: 3.3 | B96: 305743 | C96: RoxelPro Малярная лента ROXPRO 4590, ярко-жёлтая, 36мм х 40м | D96: кор: 24 шт. | E96: шт. | F96: 2.52 | G96: =ROUND(F96*Курс_EUR,2) -> 264.6 | I96: =F96*(1-Скидка_RP_CST) -> 2.52 | J96: =I96*H96 -> 0 | K96: =G96*(1-Скидка_RP_CST) -> 264.6 | L96: =H96*K96 -> 0
A97: 3.1 | B97: 305744 | C97: RoxelPro Малярная лента ROXPRO 4590, ярко-жёлтая, 48мм х 40м | D97: кор: 24 шт. | E97: шт. | F97: 3.36 | G97: =ROUND(F97*Курс_EUR,2) -> 352.8 | I97: =F97*(1-Скидка_RP_CST) -> 3.36 | J97: =I97*H97 -> 0 | K97: =G97*(1-Скидка_RP_CST) -> 352.8 | L97: =H97*K97 -> 0
A98: 3.3 | B98: 305755 | C98: RoxelPro Малярная лента ROXPRO 4590, зелёная, 18мм х 40м | D98: кор: 48 шт. | E98: шт. | F98: 1.27 | G98: =ROUND(F98*Курс_EUR,2) -> 133.35 | I98: =F98*(1-Скидка_RP_CST) -> 1.27 | J98: =I98*H98 -> 0 | K98: =G98*(1-Скидка_RP_CST) -> 133.35 | L98: =H98*K98 -> 0
A99: 3 | B99: 305756 | C99: RoxelPro Малярная лента ROXPRO 4590, зелёная, 24мм х 40м | D99: кор: 36 шт. | E99: шт. | F99: 1.69 | G99: =ROUND(F99*Курс_EUR,2) -> 177.45 | I99: =F99*(1-Скидка_RP_CST) -> 1.69 | J99: =I99*H99 -> 0 | K99: =G99*(1-Скидка_RP_CST) -> 177.45 | L99: =H99*K99 -> 0
A100: 3.7 | B100: 305758 | C100: RoxelPro Малярная лента ROXPRO 4590, зелёная, 36мм х 40м | D100: кор: 24 шт. | E100: шт. | F100: 2.54 | G100: =ROUND(F100*Курс_EUR,2) -> 266.7 | I100: =F100*(1-Скидка_RP_CST) -> 2.54 | J100: =I100*H100 -> 0 | K100: =G100*(1-Скидка_RP_CST) -> 266.7 | L100: =H100*K100 -> 0
A101: 3.4 | B101: 305759 | C101: RoxelPro Малярная лента ROXPRO 4590, зелёная, 48мм х 40м | D101: кор: 24 шт. | E101: шт. | F101: 3.38 | G101: =ROUND(F101*Курс_EUR,2) -> 354.9 | I101: =F101*(1-Скидка_RP_CST) -> 3.38 | J101: =I101*H101 -> 0 | K101: =G101*(1-Скидка_RP_CST) -> 354.9 | L101: =H101*K101 -> 0
... A146: 3.9 | B146: 311709 | C146: RoxelPro Малярная лента ROXTOP 3580, синяя, 48мм х 40м | D146: кор: 24 шт. | E146: шт. | F146: 3.2 | G146: =ROUND(F146*Курс_EUR,2) -> 336 | I146: =F146*(1-Скидка_RP_CST) -> 3.2 | J146: =I146*H146 -> 0 | K146: =G146*(1-Скидка_RP_CST) -> 336 | L146: =H146*K146 -> 0
B148: Маскирующие ленты на синтетической основе
A149: 0 | B149: 314105 | C149: RoxelPro Малярная ПВХ лента ROXPRO для строительных работ, оранжевая, 50мм х 33м | D149: кор: 36 шт. | E149: шт. | F149: 6.41 | G149: =ROUND(F149*Курс_EUR,2) -> 673.05 | I149: =F149*(1-Скидка_RP_CST) -> 6.41 | J149: =I149*H149 -> 0 | K149: =G149*(1-Скидка_RP_CST) -> 673.05 | L149: =H149*K149 -> 0
A150: 0 | B150: 314405 | C150: RoxelPro Малярная ПВХ лента ROXPRO для строительных работ, оранжевая, тиснённая, 50мм х 33м | D150: кор: 36 шт. | E150: шт. | F150: 6.41 | G150: =ROUND(F150*Курс_EUR,2) -> 673.05 | I150: =F150*(1-Скидка_RP_CST) -> 6.41 | J150: =I150*H150 -> 0 | K150: =G150*(1-Скидка_RP_CST) -> 673.05 | L150: =H150*K150 -> 0
A152: 0 | B152: 315105 | C152: RoxelPro Маскирующая ПЭ лента ROXPRO универсальная, акриловый клей высокой прочности, красная, 50мм х 33м | D152: кор: 54 шт. | E152: шт. | F152: 5.88 | G152: =ROUND(F152*Курс_EUR,2) -> 617.4 | I152: =F152*(1-Скидка_RP_CST) -> 5.88 | J152: =I152*H152 -> 0 | K152: =G152*(1-Скидка_RP_CST) -> 617.4 | L152: =H152*K152 -> 0
A153: 0 | B153: 315305 | C153: RoxelPro Маскирующая ПЭ лента ROXPRO универсальная, акриловый клей средней прочности, зелёная, 50мм х 33м | D153: кор: 54 шт. | E153: шт. | F153: 5.88 | G153: =ROUND(F153*Курс_EUR,2) -> 617.4 | I153: =F153*(1-Скидка_RP_CST) -> 5.88 | J153: =I153*H153 -> 0 | K153: =G153*(1-Скидка_RP_CST) -> 617.4 | L153: =H153*K153 -> 0
B155: Маскирующая бумага
A156: 0 | B156: 323023 | C156: RoxelPro Маскирующая бумага ROXTOP, 200мм х 300м | D156: 1 рулон | E156: рулон | F156: 9.7 | G156: =ROUND(F156*Курс_EUR,2) -> 1018.5 | I156: =F156*(1-Скидка_RP_CST) -> 9.7 | J156: =I156*H156 -> 0 | K156: =G156*(1-Скидка_RP_CST) -> 1018.5 | L156: =H156*K156 -> 0
A157: 0 | B157: 324045 | C157: RoxelPro Маскирующая бумага ROXTOP, 450мм х 300м | D157: 1 рулон | E157: рулон | F157: 21.83 | G157: =ROUND(F157*Курс_EUR,2) -> 2292.15 | I157: =F157*(1-Скидка_RP_CST) -> 21.83 | J157: =I157*H157 -> 0 | K157: =G157*(1-Скидка_RP_CST) -> 2292.15 | L157: =H157*K157 -> 0
A158: 0 | B158: 323063 | C158: RoxelPro Маскирующая бумага ROXTOP, 600мм х 300м | D158: 1 рулон | E158: рулон | F158: 29.11 | G158: =ROUND(F158*Курс_EUR,2) -> 3056.55 | I158: =F158*(1-Скидка_RP_CST) -> 29.11 | J158: =I158*H158 -> 0 | K158: =G158*(1-Скидка_RP_CST) -> 3056.55 | L158: =H158*K158 -> 0
A159: 0 | B159: 323073 | C159: RoxelPro Маскирующая бумага ROXTOP, 900мм х 300м | D159: 1 рулон | E159: рулон | F159: 43.67 | G159: =ROUND(F159*Курс_EUR,2) -> 4585.35 | I159: =F159*(1-Скидка_RP_CST) -> 43.67 | J159: =I159*H159 -> 0 | K159: =G159*(1-Скидка_RP_CST) -> 4585.35 | L159: =H159*K159 -> 0
A160: 0 | B160: 323083 | C160: RoxelPro Маскирующая бумага ROXTOP, 1200мм х 300м | D160: 1 рулон | E160: рулон | F160: 58.22 | G160: =ROUND(F160*Курс_EUR,2) -> 6113.1 | I160: =F160*(1-Скидка_RP_CST) -> 58.22 | J160: =I160*H160 -> 0 | K160: =G160*(1-Скидка_RP_CST) -> 6113.1 | L160: =H160*K160 -> 0
A162: 0 | B162: 324042 | C162: RoxelPro Маскирующая бумага ROXONE, 420мм х 200м | D162: 1 рулон | E162: рулон | G162: 1188 | I162: =F162*(1-Скидка_RP_CST) -> 0 | J162: =I162*H162 -> 0 | K162: =G162*(1-Скидка_RP_CST) -> 1188 | L162: =H162*K162 -> 0
A163: 0 | B163: 324062 | C163: RoxelPro Маскирующая бумага ROXONE, 620мм х 200м | D163: 1 рулон | E163: рулон | G163: 1716 | I163: =F163*(1-Скидка_RP_CST) -> 0 | J163: =I163*H163 -> 0 | K163: =G163*(1-Скидка_RP_CST) -> 1716 | L163: =H163*K163 -> 0
A164: 0 | B164: 324082 | C164: RoxelPro Маскирующая бумага ROXONE, 840мм х 200м | D164: 1 рулон | E164: рулон | G164: 2228 | I164: =F164*(1-Скидка_RP_CST) -> 0 | J164: =I164*H164 -> 0 | K164: =G164*(1-Скидка_RP_CST) -> 2228 | L164: =H164*K164 -> 0
A165: 0 | B165: 324092 | C165: RoxelPro Маскирующая бумага ROXONE, 1250мм х 200м | D165: 1 рулон | E165: рулон | G165: 3240 | I165: =F165*(1-Скидка_RP_CST) -> 0 | J165: =I165*H165 -> 0 | K165: =G165*(1-Скидка_RP_CST) -> 3240 | L165: =H165*K165 -> 0
A167: 9.9 | B167: 326322 | C167: RoxelPro Маскирующая бумага ROXTOP с клеящей лентой, 180мм х 20м | D167: кор: 60 шт. | E167: шт. | F167: 2.99 | G167: =ROUND(F167*Курс_EUR,2) -> 313.95 | I167: =F167*(1-Скидка_RP_CST) -> 2.99 | J167: =I167*H167 -> 0 | K167: =G167*(1-Скидка_RP_CST) -> 313.95 | L167: =H167*K167 -> 0
A168: 10.1 | B168: 326332 | C168: RoxelPro Маскирующая бумага ROXTOP с клеящей лентой, 300мм х 20м | D168: кор: 30 шт. | E168: шт. | F168: 3.7 | G168: =ROUND(F168*Курс_EUR,2) -> 388.5 | I168: =F168*(1-Скидка_RP_CST) -> 3.7 | J168: =I168*H168 -> 0 | K168: =G168*(1-Скидка_RP_CST) -> 388.5 | L168: =H168*K168 -> 0
A169: 10 | B169: 326342 | C169: RoxelPro Маскирующая бумага ROXTOP с клеящей лентой, 450мм х 20м | D169: кор: 30 шт. | E169: шт. | F169: 5.49 | G169: =ROUND(F169*Курс_EUR,2) -> 576.45 | I169: =F169*(1-Скидка_RP_CST) -> 5.49 | J169: =I169*H169 -> 0 | K169: =G169*(1-Скидка_RP_CST) -> 576.45 | L169: =H169*K169 -> 0
B171: Маскирующие плёнки
A172: 0 | B172: 334315 | C172: RoxelPro Маскирующая плёнка ROXTOP 4м х 5м, 125г, 7 мк, инд.упаковка | D172: кор: 30 шт. | E172: шт. | F172: 0.79 | G172: =ROUND(F172*Курс_EUR,2) -> 82.95 | I172: =F172*(1-Скидка_RP_CST) -> 0.79 | J172: =I172*H172 -> 0 | K172: =G172*(1-Скидка_RP_CST) -> 82.95 | L172: =H172*K172 -> 0
A173: 0 | B173: 334317 | C173: RoxelPro Маскирующая плёнка ROXTOP 4м х 7м, 175г, 7 мк, инд.упаковка | D173: кор: 30 шт. | E173: шт. | F173: 1.12 | G173: =ROUND(F173*Курс_EUR,2) -> 117.6 | I173: =F173*(1-Скидка_RP_CST) -> 1.12 | J173: =I173*H173 -> 0 | K173: =G173*(1-Скидка_RP_CST) -> 117.6 | L173: =H173*K173 -> 0
A174: 0 | B174: 334327 | C174: RoxelPro Маскирующая плёнка ROXTOP 4,5м х 7м, 197г, 7 мк, инд.упаковка | D174: кор: 24 шт. | E174: шт. | F174: 1.28 | G174: =ROUND(F174*Курс_EUR,2) -> 134.4 | I174: =F174*(1-Скидка_RP_CST) -> 1.28 | J174: =I174*H174 -> 0 | K174: =G174*(1-Скидка_RP_CST) -> 134.4 | L174: =H174*K174 -> 0
A175: 0 | B175: 334425 | C175: RoxelPro Маскирующая плёнка ROXONE 4м х 5м, 107г, 6 мк, инд.упаковка | D175: кор: 30 шт. | E175: шт. | F175: 0.69 | G175: =ROUND(F175*Курс_EUR,2) -> 72.45 | I175: =F175*(1-Скидка_RP_CST) -> 0.69 | J175: =I175*H175 -> 0 | K175: =G175*(1-Скидка_RP_CST) -> 72.45 | L175: =H175*K175 -> 0
A176: 0 | B176: 334427 | C176: RoxelPro Маскирующая плёнка ROXONE 4м х 7м, 148г, 6 мк, инд.упаковка | D176: кор: 30 шт. | E176: шт. | F176: 0.97 | G176: =ROUND(F176*Курс_EUR,2) -> 101.85 | I176: =F176*(1-Скидка_RP_CST) -> 0.97 | J176: =I176*H176 -> 0 | K176: =G176*(1-Скидка_RP_CST) -> 101.85 | L176: =H176*K176 -> 0
A177: 0 | B177: 334428 | C177: RoxelPro Маскирующая плёнка ROXONE 4м х 10м, 212г, 6 мк, инд.упаковка | D177: кор: 20 шт. | E177: шт. | F177: 1.41 | G177: =ROUND(F177*Курс_EUR,2) -> 148.05 | I177: =F177*(1-Скидка_RP_CST) -> 1.41 | J177: =I177*H177 -> 0 | K177: =G177*(1-Скидка_RP_CST) -> 148.05 | L177: =H177*K177 -> 0
A179: 0 | B179: 335315 | C179: RoxelPro Маскирующая плёнка ROXONE 4м х 5м, 7 мк, инд.упаковка | D179: кор: 75 шт. | E179: шт. | G179: 71.44 | I179: =F179*(1-Скидка_RP_CST) -> 0 | J179: =I179*H179 -> 0 | K179: =G179*(1-Скидка_RP_CST) -> 71.44 | L179: =H179*K179 -> 0
A180: 0 | B180: 335317 | C180: RoxelPro Маскирующая плёнка ROXONE 4м х 7м, 7 мк, инд.упаковка | D180: кор: 45 шт. | E180: шт. | G180: 98.85 | I180: =F180*(1-Скидка_RP_CST) -> 0 | J180: =I180*H180 -> 0 | K180: =G180*(1-Скидка_RP_CST) -> 98.85 | L180: =H180*K180 -> 0
A181: 0 | B181: 335318 | C181: RoxelPro Маскирующая плёнка ROXONE 4м х 10м, 7 мк, инд.упаковка | D181: кор: 35 шт. | E181: шт. | G181: 137.1 | I181: =F181*(1-Скидка_RP_CST) -> 0 | J181: =I181*H181 -> 0 | K181: =G181*(1-Скидка_RP_CST) -> 137.1 | L181: =H181*K181 -> 0
A182: 0 | B182: 335327 | C182: RoxelPro Маскирующая плёнка ROXONE 4,5м х 7м, 7 мк, инд.упаковка | D182: кор: 40 шт. | E182: шт. | G182: 114.75 | I182: =F182*(1-Скидка_RP_CST) -> 0 | J182: =I182*H182 -> 0 | K182: =G182*(1-Скидка_RP_CST) -> 114.75 | L182: =H182*K182 -> 0
...

Sheet RP СИЗ
B2: Прайс - лист
B3: на средства индивидуальной защиты RoxelPro
B4: Санкт-Петербург, 194362, пос.Парголово, Горское шоссе 6, логопарк "Осиновая Роща" | K4: Скидка: | L4: 0
B5: т./ф. + 7 (812) 640 4240 e-mail: info@lion-group.ru www.lion-group.ru | D5: Содержание | F5: =Курс_EUR -> 105 | I5: Сумма заказа, У.Е.: | J5: =SUM(J9:J123) -> 0 | K5: РУБ: | L5: =SUM(L9:L123) -> 0
A6: Изм. цены % | B6: Артикул | C6: Наименование продукта | D6: Упаковка | E6: Ед.изм. | F6: Рекоменд. Цена У.Е. | G6: Рекоменд. Цена РУБ | H6: Заказ | I6: Цена со скидкой | J6: Сумма EUR | K6: Цена со скидкой | L6: Сумма РУБ
B7: Средства индивидуальной защиты
B8: Малярные комбинезоны
A9: 0 | B9: 711220 | C9: RoxelPro Защитный комбинезон для малярных работ ROXTOP, тип 5,6, размер M | D9: 1 / 50 шт. | E9: шт. | F9: 4.6 | G9: =ROUND(F9*Курс_EUR,2) -> 483 | I9: =F9*(1-Скидка_RP_СИЗ) -> 4.6 | J9: =I9*H9 -> 0 | K9: =G9*(1-Скидка_RP_СИЗ) -> 483 | L9: =H9*K9 -> 0
A10: 0 | B10: 711230 | C10: RoxelPro Защитный комбинезон для малярных работ ROXTOP, тип 5,6, размер L | D10: 1 / 50 шт. | E10: шт. | F10: 4.6 | G10: =ROUND(F10*Курс_EUR,2) -> 483 | I10: =F10*(1-Скидка_RP_СИЗ) -> 4.6 | J10: =I10*H10 -> 0 | K10: =G10*(1-Скидка_RP_СИЗ) -> 483 | L10: =H10*K10 -> 0
A11: 0 | B11: 711240 | C11: RoxelPro Защитный комбинезон для малярных работ ROXTOP, тип 5,6, размер XL | D11: 1 / 50 шт. | E11: шт. | F11: 4.6 | G11: =ROUND(F11*Курс_EUR,2) -> 483 | I11: =F11*(1-Скидка_RP_СИЗ) -> 4.6 | J11: =I11*H11 -> 0 | K11: =G11*(1-Скидка_RP_СИЗ) -> 483 | L11: =H11*K11 -> 0
A12: 0 | B12: 711250 | C12: RoxelPro Защитный комбинезон для малярных работ ROXTOP, тип 5,6, размер XXL | D12: 1 / 50 шт. | E12: шт. | F12: 4.6 | G12: =ROUND(F12*Курс_EUR,2) -> 483 | I12: =F12*(1-Скидка_RP_СИЗ) -> 4.6 | J12: =I12*H12 -> 0 | K12: =G12*(1-Скидка_RP_СИЗ) -> 483 | L12: =H12*K12 -> 0
A13: 0 | B13: 711260 | C13: RoxelPro Защитный комбинезон для малярных работ ROXTOP, тип 5,6, размер 3XL | D13: 1 / 50 шт. | E13: шт. | F13: 4.6 | G13: =ROUND(F13*Курс_EUR,2) -> 483 | I13: =F13*(1-Скидка_RP_СИЗ) -> 4.6 | J13: =I13*H13 -> 0 | K13: =G13*(1-Скидка_RP_СИЗ) -> 483 | L13: =H13*K13 -> 0
A15: 0 | B15: 715120 | C15: RoxelPro Многоразовый защитный комбинезон ROXPRO с вентиляцией, повышенной комфортности, размер M | D15: 1 / 50 шт. | E15: шт. | F15: 16.13 | G15: =ROUND(F15*Курс_EUR,2) -> 1693.65 | I15: =F15*(1-Скидка_RP_СИЗ) -> 16.13 | J15: =I15*H15 -> 0 | K15: =G15*(1-Скидка_RP_СИЗ) -> 1693.65 | L15: =H15*K15 -> 0
A16: 0 | B16: 715130 | C16: RoxelPro Многоразовый защитный комбинезон ROXPRO с вентиляцией, повышенной комфортности, размер L | D16: 1 / 50 шт. | E16: шт. | F16: 16.13 | G16: =ROUND(F16*Курс_EUR,2) -> 1693.65 | I16: =F16*(1-Скидка_RP_СИЗ) -> 16.13 | J16: =I16*H16 -> 0 | K16: =G16*(1-Скидка_RP_СИЗ) -> 1693.65 | L16: =H16*K16 -> 0
A17: 0 | B17: 715140 | C17: RoxelPro Многоразовый защитный комбинезон ROXPRO с вентиляцией, повышенной комфортности, размер XL | D17: 1 / 50 шт. | E17: шт. | F17: 16.13 | G17: =ROUND(F17*Курс_EUR,2) -> 1693.65 | I17: =F17*(1-Скидка_RP_СИЗ) -> 16.13 | J17: =I17*H17 -> 0 | K17: =G17*(1-Скидка_RP_СИЗ) -> 1693.65 | L17: =H17*K17 -> 0
A18: 0 | B18: 715150 | C18: RoxelPro Многоразовый защитный комбинезон ROXPRO с вентиляцией, повышенной комфортности, размер XXL | D18: 1 / 50 шт. | E18: шт. | F18: 16.13 | G18: =ROUND(F18*Курс_EUR,2) -> 1693.65 | I18: =F18*(1-Скидка_RP_СИЗ) -> 16.13 | J18: =I18*H18 -> 0 | K18: =G18*(1-Скидка_RP_СИЗ) -> 1693.65 | L18: =H18*K18 -> 0
A20: 0 | B20: 715220 | C20: RoxelPro Многоразовый защитный комбинезон ROXTOP, размер M | D20: 1 / 50 шт. | E20: шт. | F20: 11.45 | G20: =ROUND(F20*Курс_EUR,2) -> 1202.25 | I20: =F20*(1-Скидка_RP_СИЗ) -> 11.45 | J20: =I20*H20 -> 0 | K20: =G20*(1-Скидка_RP_СИЗ) -> 1202.25 | L20: =H20*K20 -> 0
A21: 0 | B21: 715230 | C21: RoxelPro Многоразовый защитный комбинезон ROXTOP, размер L | D21: 1 / 50 шт. | E21: шт. | F21: 11.45 | G21: =ROUND(F21*Курс_EUR,2) -> 1202.25 | I21: =F21*(1-Скидка_RP_СИЗ) -> 11.45 | J21: =I21*H21 -> 0 | K21: =G21*(1-Скидка_RP_СИЗ) -> 1202.25 | L21: =H21*K21 -> 0
A22: 0 | B22: 715240 | C22: RoxelPro Многоразовый защитный комбинезон ROXTOP, размер XL | D22: 1 / 50 шт. | E22: шт. | F22: 11.45 | G22: =ROUND(F22*Курс_EUR,2) -> 1202.25 | I22: =F22*(1-Скидка_RP_СИЗ) -> 11.45 | J22: =I22*H22 -> 0 | K22: =G22*(1-Скидка_RP_СИЗ) -> 1202.25 | L22: =H22*K22 -> 0
A23: 0 | B23: 715250 | C23: RoxelPro Многоразовый защитный комбинезон ROXTOP, размер XXL | D23: 1 / 50 шт. | E23: шт. | F23: 11.45 | G23: =ROUND(F23*Курс_EUR,2) -> 1202.25 | I23: =F23*(1-Скидка_RP_СИЗ) -> 11.45 | J23: =I23*H23 -> 0 | K23: =G23*(1-Скидка_RP_СИЗ) -> 1202.25 | L23: =H23*K23 -> 0
B25: Защита рук
B26: Перчатки нитриловые
A27: 0 | B27: 721122 | C27: RoxelPro Нитриловые перчатки ROXPRO, синие, размер M, упаковка 100 шт. | D27: 100 / 1000 шт. | E27: 100 шт. | F27: 20.49 | G27: =ROUND(F27*Курс_EUR,2) -> 2151.45 | I27: =F27*(1-Скидка_RP_СИЗ) -> 20.49 | J27: =I27*H27 -> 0 | K27: =G27*(1-Скидка_RP_СИЗ) -> 2151.45 | L27: =H27*K27 -> 0
A28: 0 | B28: 721132 | C28: RoxelPro Нитриловые перчатки ROXPRO, синие, размер L, упаковка 100 шт. | D28: 100 / 1000 шт. | E28: 100 шт. | F28: 20.49 | G28: =ROUND(F28*Курс_EUR,2) -> 2151.45 | I28: =F28*(1-Скидка_RP_СИЗ) -> 20.49 | J28: =I28*H28 -> 0 | K28: =G28*(1-Скидка_RP_СИЗ) -> 2151.45 | L28: =H28*K28 -> 0
A29: 0 | B29: 721142 | C29: RoxelPro Нитриловые перчатки ROXPRO, синие, размер XL, упаковка 100 шт. | D29: 100 / 1000 шт. | E29: 100 шт. | F29: 20.49 | G29: =ROUND(F29*Курс_EUR,2) -> 2151.45 | I29: =F29*(1-Скидка_RP_СИЗ) -> 20.49 | J29: =I29*H29 -> 0 | K29: =G29*(1-Скидка_RP_СИЗ) -> 2151.45 | L29: =H29*K29 -> 0
A30: 0 | B30: 721152 | C30: RoxelPro Нитриловые перчатки ROXPRO, синие, размер XXL, упаковка 90 шт. | D30: 90 / 900 шт. | E30: 90 шт. | F30: 20.49 | G30: =ROUND(F30*Курс_EUR,2) -> 2151.45 | I30: =F30*(1-Скидка_RP_СИЗ) -> 20.49 | J30: =I30*H30 -> 0 | K30: =G30*(1-Скидка_RP_СИЗ) -> 2151.45 | L30: =H30*K30 -> 0
A31: 0 | B31: 721162 | C31: RoxelPro Нитриловые перчатки ROXPRO, синие, размер M, упаковка 50 шт. | D31: 50 / 500 шт. | E31: 50 шт. | F31: 10.39 | G31: =ROUND(F31*Курс_EUR,2) -> 1090.95 | I31: =F31*(1-Скидка_RP_СИЗ) -> 10.39 | J31: =I31*H31 -> 0 | K31: =G31*(1-Скидка_RP_СИЗ) -> 1090.95 | L31: =H31*K31 -> 0
A32: 0 | B32: 721163 | C32: RoxelPro Нитриловые перчатки ROXPRO, синие, размер L, упаковка 50 шт. | D32: 50 / 500 шт. | E32: 50 шт. | F32: 10.39 | G32: =ROUND(F32*Курс_EUR,2) -> 1090.95 | I32: =F32*(1-Скидка_RP_СИЗ) -> 10.39 | J32: =I32*H32 -> 0 | K32: =G32*(1-Скидка_RP_СИЗ) -> 1090.95 | L32: =H32*K32 -> 0
A33: 0 | B33: 721164 | C33: RoxelPro Нитриловые перчатки ROXPRO, синие, размер XL, упаковка 50 шт. | D33: 50 / 500 шт. | E33: 50 шт. | F33: 10.39 | G33: =ROUND(F33*Курс_EUR,2) -> 1090.95 | I33: =F33*(1-Скидка_RP_СИЗ) -> 10.39 | J33: =I33*H33 -> 0 | K33: =G33*(1-Скидка_RP_СИЗ) -> 1090.95 | L33: =H33*K33 -> 0
A35: 0 | B35: 721221 | C35: RoxelPro Нитриловые перчатки ROXTOP, чёрные/оранжевые, размер M, упаковка 100 шт. | D35: 100 / 1000 шт. | E35: 100 шт. | F35: 19.33 | G35: =ROUND(F35*Курс_EUR,2) -> 2029.65 | I35: =F35*(1-Скидка_RP_СИЗ) -> 19.33 | J35: =I35*H35 -> 0 | K35: =G35*(1-Скидка_RP_СИЗ) -> 2029.65 | L35: =H35*K35 -> 0
A36: 0 | B36: 721231 | C36: RoxelPro Нитриловые перчатки ROXTOP, чёрные/оранжевые, размер L, упаковка 100 шт. | D36: 100 / 1000 шт. | E36: 100 шт. | F36: 19.33 | G36: =ROUND(F36*Курс_EUR,2) -> 2029.65 | I36: =F36*(1-Скидка_RP_СИЗ) -> 19.33 | J36: =I36*H36 -> 0 | K36: =G36*(1-Скидка_RP_СИЗ) -> 2029.65 | L36: =H36*K36 -> 0
A37: 0 | B37: 721241 | C37: RoxelPro Нитриловые перчатки ROXTOP, чёрные/оранжевые, размер XL, упаковка 100 шт. | D37: 100 / 1000 шт. | E37: 100 шт. | F37: 19.33 | G37: =ROUND(F37*Курс_EUR,2) -> 2029.65 | I37: =F37*(1-Скидка_RP_СИЗ) -> 19.33 | J37: =I37*H37 -> 0 | K37: =G37*(1-Скидка_RP_СИЗ) -> 2029.65 | L37: =H37*K37 -> 0
A38: 0 | B38: 721251 | C38: RoxelPro Нитриловые перчатки ROXTOP, чёрные/оранжевые, размер XXL, упаковка 90 шт. | D38: 90 / 900 шт. | E38: 90 шт. | F38: 19.33 | G38: =ROUND(F38*Курс_EUR,2) -> 2029.65 | I38: =F38*(1-Скидка_RP_СИЗ) -> 19.33 | J38: =I38*H38 -> 0 | K38: =G38*(1-Скидка_RP_СИЗ) -> 2029.65 | L38: =H38*K38 -> 0
A39: 0 | B39: 721262 | C39: RoxelPro Нитриловые перчатки ROXTOP, чёрные/оранжевые, размер M, упаковка 50 шт. | D39: 50 / 500 шт. | E39: 50 шт. | F39: 9.81 | G39: =ROUND(F39*Курс_EUR,2) -> 1030.05 | I39: =F39*(1-Скидка_RP_СИЗ) -> 9.81 | J39: =I39*H39 -> 0 | K39: =G39*(1-Скидка_RP_СИЗ) -> 1030.05 | L39: =H39*K39 -> 0
... A49: 0 | B49: 721464 | C49: RoxelPro Нитриловые перчатки ROXONE, чёрные, размер XL, упаковка 50 шт. | D49: 50 / 500 шт. | E49: 50 шт. | F49: 8.3 | G49: =ROUND(F49*Курс_EUR,2) -> 871.5 | I49: =F49*(1-Скидка_RP_СИЗ) -> 8.3 | J49: =I49*H49 -> 0 | K49: =G49*(1-Скидка_RP_СИЗ) -> 871.5 | L49: =H49*K49 -> 0
B51: Перчатки защитные
A52: 0 | B52: 723032 | C52: RoxelPro Перчатки защитные ROXTOP 7230 без покрытия для точных работ, белые, размер 8/M | D52: 1 / 120 шт. | E52: пара | F52: 0.71 | G52: =ROUND(F52*Курс_EUR,2) -> 74.55 | I52: =F52*(1-Скидка_RP_СИЗ) -> 0.71 | J52: =I52*H52 -> 0 | K52: =G52*(1-Скидка_RP_СИЗ) -> 74.55 | L52: =H52*K52 -> 0
A53: 0 | B53: 723033 | C53: RoxelPro Перчатки защитные ROXTOP 7230 без покрытия для точных работ, белые, размер 9/L | D53: 1 / 120 шт. | E53: пара | F53: 0.71 | G53: =ROUND(F53*Курс_EUR,2) -> 74.55 | I53: =F53*(1-Скидка_RP_СИЗ) -> 0.71 | J53: =I53*H53 -> 0 | K53: =G53*(1-Скидка_RP_СИЗ) -> 74.55 | L53: =H53*K53 -> 0
A54: 0 | B54: 723034 | C54: RoxelPro Перчатки защитные ROXTOP 7230 без покрытия для точных работ, белые, размер 10/XL | D54: 1 / 120 шт. | E54: пара | F54: 0.71 | G54: =ROUND(F54*Курс_EUR,2) -> 74.55 | I54: =F54*(1-Скидка_RP_СИЗ) -> 0.71 | J54: =I54*H54 -> 0 | K54: =G54*(1-Скидка_RP_СИЗ) -> 74.55 | L54: =H54*K54 -> 0
A56: 0 | B56: 723232 | C56: RoxelPro Перчатки защитные ROXTOP 7232 с полиуретановым покрытием ладони, белые, размер 8/M | D56: 1 / 120 шт. | E56: пара | F56: 1.24 | G56: =ROUND(F56*Курс_EUR,2) -> 130.2 | I56: =F56*(1-Скидка_RP_СИЗ) -> 1.24 | J56: =I56*H56 -> 0 | K56: =G56*(1-Скидка_RP_СИЗ) -> 130.2 | L56: =H56*K56 -> 0
A57: 0 | B57: 723233 | C57: RoxelPro Перчатки защитные ROXTOP 7232 с полиуретановым покрытием ладони, белые, размер 9/L | D57: 1 / 120 шт. | E57: пара | F57: 1.24 | G57: =ROUND(F57*Курс_EUR,2) -> 130.2 | I57: =F57*(1-Скидка_RP_СИЗ) -> 1.24 | J57: =I57*H57 -> 0 | K57: =G57*(1-Скидка_RP_СИЗ) -> 130.2 | L57: =H57*K57 -> 0
A58: 0 | B58: 723234 | C58: RoxelPro Перчатки защитные ROXTOP 7232 с полиуретановым покрытием ладони, белые, размер 10/XL | D58: 1 / 120 шт. | E58: пара | F58: 1.24 | G58: =ROUND(F58*Курс_EUR,2) -> 130.2 | I58: =F58*(1-Скидка_RP_СИЗ) -> 1.24 | J58: =I58*H58 -> 0 | K58: =G58*(1-Скидка_RP_СИЗ) -> 130.2 | L58: =H58*K58 -> 0
A60: 0 | B60: 723243 | C60: RoxelPro Перчатки защитные ROXTOP 7232 с полиуретановым покрытием ладони, серые, размер 9/L | D60: 1 / 120 шт. | E60: пара | F60: 1.24 | G60: =ROUND(F60*Курс_EUR,2) -> 130.2 | I60: =F60*(1-Скидка_RP_СИЗ) -> 1.24 | J60: =I60*H60 -> 0 | K60: =G60*(1-Скидка_RP_СИЗ) -> 130.2 | L60: =H60*K60 -> 0
A61: 0 | B61: 723244 | C61: RoxelPro Перчатки защитные ROXTOP 7232 с полиуретановым покрытием ладони, серые, размер 10/XL | D61: 1 / 120 шт. | E61: пара | F61: 1.24 | G61: =ROUND(F61*Курс_EUR,2) -> 130.2 | I61: =F61*(1-Скидка_RP_СИЗ) -> 1.24 | J61: =I61*H61 -> 0 | K61: =G61*(1-Скидка_RP_СИЗ) -> 130.2 | L61: =H61*K61 -> 0
A63: 0 | B63: 723333 | C63: RoxelPro Перчатки защитные ROXTOP 7233 с рельефным латексным покрытием ладони, размер 9/L | D63: 1 / 120 шт. | E63: пара | F63: 1.47 | G63: =ROUND(F63*Курс_EUR,2) -> 154.35 | I63: =F63*(1-Скидка_RP_СИЗ) -> 1.47 | J63: =I63*H63 -> 0 | K63: =G63*(1-Скидка_RP_СИЗ) -> 154.35 | L63: =H63*K63 -> 0
A64: 0 | B64: 723334 | C64: RoxelPro Перчатки защитные ROXTOP 7233 с рельефным латексным покрытием ладони, размер 10/XL | D64: 1 / 120 шт. | E64: пара | F64: 1.47 | G64: =ROUND(F64*Курс_EUR,2) -> 154.35 | I64: =F64*(1-Скидка_RP_СИЗ) -> 1.47 | J64: =I64*H64 -> 0 | K64: =G64*(1-Скидка_RP_СИЗ) -> 154.35 | L64: =H64*K64 -> 0
A66: 0 | B66: 723632 | C66: RoxelPro Перчатки защитные ROXTOP 7236 со вспененным нитриловым покрытием ладони, размер 8/M | D66: 1 / 120 шт. | E66: пара | F66: 1.39 | G66: =ROUND(F66*Курс_EUR,2) -> 145.95 | I66: =F66*(1-Скидка_RP_СИЗ) -> 1.39 | J66: =I66*H66 -> 0 | K66: =G66*(1-Скидка_RP_СИЗ) -> 145.95 | L66: =H66*K66 -> 0
A67: 0 | B67: 723633 | C67: RoxelPro Перчатки защитные ROXTOP 7236 со вспененным нитриловым покрытием ладони, размер 9/L | D67: 1 / 120 шт. | E67: пара | F67: 1.39 | G67: =ROUND(F67*Курс_EUR,2) -> 145.95 | I67: =F67*(1-Скидка_RP_СИЗ) -> 1.39 | J67: =I67*H67 -> 0 | K67: =G67*(1-Скидка_RP_СИЗ) -> 145.95 | L67: =H67*K67 -> 0
... A82: 0 | B82: 725534 | C82: RoxelPro Перчатки ROXTOP 7255 для защиты от порезов с нитриловым покрытием ладони песочной текстуры, размер 10/XL | D82: 1 / 120 шт. | E82: пара | F82: 6.34 | G82: =ROUND(F82*Курс_EUR,2) -> 665.7 | I82: =F82*(1-Скидка_RP_СИЗ) -> 6.34 | J82: =I82*H82 -> 0 | K82: =G82*(1-Скидка_RP_СИЗ) -> 665.7 | L82: =H82*K82 -> 0
B84: Защита дыхания
B85: Респираторы
A86: 0 | B86: 731310 | C86: RoxelPro Противоаэрозольный респиратор ROXTOP 01 1-й степени защиты, до 4 ПДК, размер M | D86: 20 / 400 шт. | E86: шт. | F86: 0.6 | G86: =ROUND(F86*Курс_EUR,2) -> 63 | I86: =F86*(1-Скидка_RP_СИЗ) -> 0.6 | J86: =I86*H86 -> 0 | K86: =G86*(1-Скидка_RP_СИЗ) -> 63 | L86: =H86*K86 -> 0
A87: 0 | B87: 731315 | C87: RoxelPro Противоаэрозольный респиратор ROXTOP 01V 1-й степени защиты, с клапаном выдоха, до 4 ПДК, размер M | D87: 10 / 200 шт. | E87: шт. | F87: 0.77 | G87: =ROUND(F87*Курс_EUR,2) -> 80.85 | I87: =F87*(1-Скидка_RP_СИЗ) -> 0.77 | J87: =I87*H87 -> 0 | K87: =G87*(1-Скидка_RP_СИЗ) -> 80.85 | L87: =H87*K87 -> 0
A89: 0 | B89: 731325 | C89: RoxelPro Противоаэрозольный респиратор ROXTOP 02V 2-й степени защиты, с клапаном выдоха, до 12 ПДК, размер M | D89: 10 / 200 шт. | E89: шт. | F89: 0.9 | G89: =ROUND(F89*Курс_EUR,2) -> 94.5 | I89: =F89*(1-Скидка_RP_СИЗ) -> 0.9 | J89: =I89*H89 -> 0 | K89: =G89*(1-Скидка_RP_СИЗ) -> 94.5 | L89: =H89*K89 -> 0
A90: 0 | B90: 731326 | C90: RoxelPro Противоаэрозольный респиратор ROXTOP 02V 2-й степени защиты, с клапаном выдоха, до 12 ПДК, размер L | D90: 10 / 200 шт. | E90: шт. | F90: 0.9 | G90: =ROUND(F90*Курс_EUR,2) -> 94.5 | I90: =F90*(1-Скидка_RP_СИЗ) -> 0.9 | J90: =I90*H90 -> 0 | K90: =G90*(1-Скидка_RP_СИЗ) -> 94.5 | L90: =H90*K90 -> 0
A92: 0 | B92: 731335 | C92: RoxelPro Противоаэрозольный респиратор ROXTOP 03V 3-й степени защиты, с клапаном выдоха, до 50 ПДК, размер M | D92: 10 / 200 шт. | E92: шт. | F92: 1.4 | G92: =ROUND(F92*Курс_EUR,2) -> 147 | I92: =F92*(1-Скидка_RP_СИЗ) -> 1.4 | J92: =I92*H92 -> 0 | K92: =G92*(1-Скидка_RP_СИЗ) -> 147 | L92: =H92*K92 -> 0
A93: 0 | B93: 731336 | C93: RoxelPro Противоаэрозольный респиратор ROXTOP 03V 3-й степени защиты, с клапаном выдоха, до 50 ПДК, размер L | D93: 10 / 200 шт. | E93: шт. | F93: 1.4 | G93: =ROUND(F93*Курс_EUR,2) -> 147 | I93: =F93*(1-Скидка_RP_СИЗ) -> 1.4 | J93: =I93*H93 -> 0 | K93: =G93*(1-Скидка_RP_СИЗ) -> 147 | L93: =H93*K93 -> 0
B95: Маски и полумаски
A96: 0 | B96: 732401 | C96: RoxelPro Полумаска ROXTOP силиконовая, размер S | D96: 1 / 32 шт. | E96: шт. | F96: 16.65 | G96: =ROUND(F96*Курс_EUR,2) -> 1748.25 | I96: =F96*(1-Скидка_RP_СИЗ) -> 16.65 | J96: =I96*H96 -> 0 | K96: =G96*(1-Скидка_RP_СИЗ) -> 1748.25 | L96: =H96*K96 -> 0
A97: 0 | B97: 732402 | C97: RoxelPro Полумаска ROXTOP силиконовая, размер M | D97: 1 / 32 шт. | E97: шт. | F97: 16.65 | G97: =ROUND(F97*Курс_EUR,2) -> 1748.25 | I97: =F97*(1-Скидка_RP_СИЗ) -> 16.65 | J97: =I97*H97 -> 0 | K97: =G97*(1-Скидка_RP_СИЗ) -> 1748.25 | L97: =H97*K97 -> 0
A98: 0 | B98: 732403 | C98: RoxelPro Полумаска ROXTOP силиконовая, размер L | D98: 1 / 32 шт. | E98: шт. | F98: 16.65 | G98: =ROUND(F98*Курс_EUR,2) -> 1748.25 | I98: =F98*(1-Скидка_RP_СИЗ) -> 16.65 | J98: =I98*H98 -> 0 | K98: =G98*(1-Скидка_RP_СИЗ) -> 1748.25 | L98: =H98*K98 -> 0
A100: 0 | B100: 732406 | C100: RoxelPro Комплект для защиты дыхания ROXTOP (полумаска, 2 фильтра А1, 2 предфильтра Р2, 2 держателя), размер S | D100: набор | E100: шт. | F100: 28.95 | G100: =ROUND(F100*Курс_EUR,2) -> 3039.75 | I100: =F100*(1-Скидка_RP_СИЗ) -> 28.95 | J100: =I100*H100 -> 0 | K100: =G100*(1-Скидка_RP_СИЗ) -> 3039.75 | L100: =H100*K100 -> 0
A101: 0 | B101: 732407 | C101: RoxelPro Комплект для защиты дыхания ROXTOP (полумаска, 2 фильтра А1, 2 предфильтра Р2, 2 держателя), размер M | D101: набор | E101: шт. | F101: 28.95 | G101: =ROUND(F101*Курс_EUR,2) -> 3039.75 | I101: =F101*(1-Скидка_RP_СИЗ) -> 28.95 | J101: =I101*H101 -> 0 | K101: =G101*(1-Скидка_RP_СИЗ) -> 3039.75 | L101: =H101*K101 -> 0
A102: 0 | B102: 732408 | C102: RoxelPro Комплект для защиты дыхания ROXTOP (полумаска, 2 фильтра А1, 2 предфильтра Р2, 2 держателя), размер L | D102: набор | E102: шт. | F102: 28.95 | G102: =ROUND(F102*Курс_EUR,2) -> 3039.75 | I102: =F102*(1-Скидка_RP_СИЗ) -> 28.95 | J102: =I102*H102 -> 0 | K102: =G102*(1-Скидка_RP_СИЗ) -> 3039.75 | L102: =H102*K102 -> 0
A104: 0 | B104: 732492 | C104: RoxelPro Лепесток клапана вдоха для полумаски ROXTOP | D104: 10 / 1000 шт. | E104: 10 шт. | F104: 5.4 | G104: =ROUND(F104*Курс_EUR,2) -> 567 | I104: =F104*(1-Скидка_RP_СИЗ) -> 5.4 | J104: =I104*H104 -> 0 | K104: =G104*(1-Скидка_RP_СИЗ) -> 567 | L104: =H104*K104 -> 0
A105: 0 | B105: 732494 | C105: RoxelPro Лепесток клапана выдоха для полумаски ROXTOP | D105: 10 / 1000 шт. | E105: 10 шт. | F105: 5.4 | G105: =ROUND(F105*Курс_EUR,2) -> 567 | I105: =F105*(1-Скидка_RP_СИЗ) -> 5.4 | J105: =I105*H105 -> 0 | K105: =G105*(1-Скидка_RP_СИЗ) -> 567 | L105: =H105*K105 -> 0
A106: 0 | B106: 732497 | C106: RoxelPro Ремень оголовья для полумаски ROXTOP | D106: 1 / 250 шт. | E106: шт. | F106: 3.6 | G106: =ROUND(F106*Курс_EUR,2) -> 378 | I106: =F106*(1-Скидка_RP_СИЗ) -> 3.6 | J106: =I106*H106 -> 0 | K106: =G106*(1-Скидка_RP_СИЗ) -> 378 | L106: =H106*K106 -> 0
A108: 0 | B108: 732601 | C108: RoxelPro Полнолицевая маска ROXTOP 7000, размер S | D108: 1 / 12 шт. | E108: шт. | F108: 99.99 | G108: =ROUND(F108*Курс_EUR,2) -> 10498.95 | I108: =F108*(1-Скидка_RP_СИЗ) -> 99.99 | J108: =I108*H108 -> 0 | K108: =G108*(1-Скидка_RP_СИЗ) -> 10498.95 | L108: =H108*K108 -> 0
A109: 0 | B109: 732602 | C109: RoxelPro Полнолицевая маска ROXTOP 7000, размер M | D109: 1 / 12 шт. | E109: шт. | F109: 99.99 | G109: =ROUND(F109*Курс_EUR,2) -> 10498.95 | I109: =F109*(1-Скидка_RP_СИЗ) -> 99.99 | J109: =I109*H109 -> 0 | K109: =G109*(1-Скидка_RP_СИЗ) -> 10498.95 | L109: =H109*K109 -> 0
A110: 0 | B110: 732603 | C110: RoxelPro Полнолицевая маска ROXTOP 7000, размер L | D110: 1 / 12 шт. | E110: шт. | F110: 99.99 | G110: =ROUND(F110*Курс_EUR,2) -> 10498.95 | I110: =F110*(1-Скидка_RP_СИЗ) -> 99.99 | J110: =I110*H110 -> 0 | K110: =G110*(1-Скидка_RP_СИЗ) -> 10498.95 | L110: =H110*K110 -> 0
... A123: 0 | B123: 733800 | C123: RoxelPro Держатель фильтра | D123: 2 / 240 шт. | E123: шт. | F123: 0.99 | G123: =ROUND(F123*Курс_EUR,2) -> 103.95 | I123: =F123*(1-Скидка_RP_СИЗ) -> 0.99 | J123: =I123*H123 -> 0 | K123: =G123*(1-Скидка_RP_СИЗ) -> 103.95 | L123: =H123*K123 -> 0
B125: Защита органов слуха
B126: Противошумные вкладыши
A127: 0 | B127: 751212 | C127: RoxelPro Противошумные вкладыши EASY FIT в индивидуальной упаковке без шнурка | D127: 1/200/1400 пар | E127: пара | F127: 0.17 | G127: =ROUND(F127*Курс_EUR,2) -> 17.85 | I127: =F127*(1-Скидка_RP_СИЗ) -> 0.17 | J127: =I127*H127 -> 0 | K127: =G127*(1-Скидка_RP_СИЗ) -> 17.85 | L127: =H127*K127 -> 0
A128: 0 | B128: 751213 | C128: RoxelPro Противошумные вкладыши EASY FIT в индивидуальной упаковке со шнурком | D128: 1/100/700 пар | E128: пара | F128: 0.32 | G128: =ROUND(F128*Курс_EUR,2) -> 33.6 | I128: =F128*(1-Скидка_RP_СИЗ) -> 0.32 | J128: =I128*H128 -> 0 | K128: =G128*(1-Скидка_RP_СИЗ) -> 33.6 | L128: =H128*K128 -> 0
A129: 0 | B129: 751414 | C129: RoxelPro Противошумные вкладыши EAR SOFT многократного использования в инд. пластиковой упаковке со шнурком | D129: 1/50/600 пар | E129: пара | F129: 1.04 | G129: =ROUND(F129*Курс_EUR,2) -> 109.2 | I129: =F129*(1-Скидка_RP_СИЗ) -> 1.04 | J129: =I129*H129 -> 0 | K129: =G129*(1-Скидка_RP_СИЗ) -> 109.2 | L129: =H129*K129 -> 0
A130: 0 | B130: 751415 | C130: RoxelPro Противошумные вкладыши EAR SOFT многократного использования в инд. пластиковом пакете со шнурком | D130: 1/50/1100 пар | E130: пара | F130: 0.55 | G130: =ROUND(F130*Курс_EUR,2) -> 57.75 | I130: =F130*(1-Скидка_RP_СИЗ) -> 0.55 | J130: =I130*H130 -> 0 | K130: =G130*(1-Скидка_RP_СИЗ) -> 57.75 | L130: =H130*K130 -> 0
B133: Существует гибкая система скидок для оптовых покупателей

Sheet Sata
B2: Прайс - лист
B3: на окрасочное оборудование и средства защиты "SATA" (Германия)
B4: Санкт-Петербург, 194362, пос.Парголово, Горское шоссе 6, логопарк "Осиновая Роща" | P4: Скидка: | Q4: 0
B5: т./ф. + 7 (812) 640 4240 e-mail: info@lion-group.ru www.lion-group.ru | J5: Содержание | K5: =Курс_EUR -> 105 | N5: Сумма заказа, У.Е.: | O5: =SUM(O38:O1074) -> 0 | P5: РУБ: | Q5: =SUM(Q38:Q1074) -> 0
A6: Изм. цены % | B6: Артикул | C6: Наименование | K6: Рекоменд. Цена У.Е. | L6: Рекоменд. Цена РУБ | M6: Заказ | N6: Цена со скидкой | O6: Сумма EUR | P6: Цена со скидкой | Q6: Сумма РУБ
B7: Окрасочные пистолеты (группа скидок 2)
A8: 0 | B8: SATAjet X RP BASIC Базовая аналоговая версия | K8: 952 | L8: =ROUND(K8*Курс_EUR,0) -> 99960 | N8: =K8*(1-Скидка_SATA) -> 952 | O8: =N8*M8 -> 0 | P8: =L8*(1-Скидка_SATA) -> 99960 | Q8: =M8*P8 -> 0
B9: 1,1 I | C9: 1,2 I | D9: 1,3 I | E9: 1,4 I | F9: 1,1 O | G9: 1,2 O | H9: 1,3 O | I9: 1,4 O
B10: 1200295 | C10: 1200378 | D10: 1200451 | E10: 1201954 | F10: 1200336 | G10: 1200419 | H10: 1200493 | I10: 1200550
B11: SATAjet X HVLP BASIC Базовая аналоговая версия
B12: 1,1 I | C12: 1,2 I | D12: 1,3 I | E12: 1,4 I | F12: 1,1 O | G12: 1,2 O | H12: 1,3 O | I12: 1,4 O
B13: 1200013 | C13: 1200097 | D13: 1200170 | E13: 1200534 | F13: 1200055 | G13: 1200138 | H13: 1200211 | I13: 1200253
A14: 0 | B14: SATAjet X RP DIGITAL ready Аналоговая версия с разъёмом SATA QAC для подключения Adam X или Adam X pro | K14: 1099 | L14: =ROUND(K14*Курс_EUR,0) -> 115395 | N14: =K14*(1-Скидка_SATA) -> 1099 | O14: =N14*M14 -> 0 | P14: =L14*(1-Скидка_SATA) -> 115395 | Q14: =M14*P14 -> 0
B15: 1,1 I | C15: 1,2 I | D15: 1,3 I | E15: 1,4 I | F15: 1,1 O | G15: 1,2 O | H15: 1,3 O | I15: 1,4 O
B16: 1200328 | C16: 1200401 | D16: 1200485 | E16: 1201962 | F16: 1200360 | G16: 1200443 | H16: 1200526 | I16: 1200584
B17: SATAjet X HVLP DIGITAL ready Аналоговая версия с разъёмом SATA QAC для подключения Adam X или Adam X pro
B18: 1,1 I | C18: 1,2 I | D18: 1,3 I | E18: 1,4 I | F18: 1,1 O | G18: 1,2 O | H18: 1,3 O | I18: 1,4 O
B19: 1200047 | C19: 1200120 | D19: 1200203 | E19: 1200542 | F19: 1200089 | G19: 1200162 | H19: 1200245 | I19: 1200287
A20: 0 | B20: SATAjet X RP DIGITAL с Adam X Digital с базовыми цифровыми функциями | K20: 1317 | L20: =ROUND(K20*Курс_EUR,0) -> 138285 | N20: =K20*(1-Скидка_SATA) -> 1317 | O20: =N20*M20 -> 0 | P20: =L20*(1-Скидка_SATA) -> 138285 | Q20: =M20*P20 -> 0
B21: 1,1 I | C21: 1,2 I | D21: 1,3 I | E21: 1,4 I | F21: 1,1 O | G21: 1,2 O | H21: 1,3 O | I21: 1,4 O
B22: 1200302 | C22: 1200386 | D22: 1200469 | E22: 1201970 | F22: 1200344 | G22: 1200427 | H22: 1200500 | I22: 1200568
B23: SATAjet X HVLP DIGITAL с Adam X Digital с базовыми цифровыми функциями
B24: 1,1 I | C24: 1,2 I | D24: 1,3 I | E24: 1,4 I | F24: 1,1 O | G24: 1,2 O | H24: 1,3 O | I24: 1,4 O
B25: 1200021 | C25: 1200104 | D25: 1200188 | E25: 1201938 | F25: 1200063 | G25: 1200146 | H25: 1200229 | I25: 1200261
A26: 0 | B26: SATAjet X RP DIGITAL pro с полным спектром цифровых функций | K26: 1450 | L26: =ROUND(K26*Курс_EUR,0) -> 152250 | N26: =K26*(1-Скидка_SATA) -> 1450 | O26: =N26*M26 -> 0 | P26: =L26*(1-Скидка_SATA) -> 152250 | Q26: =M26*P26 -> 0
B27: 1,1 I | C27: 1,2 I | D27: 1,3 I | E27: 1,4 I | F27: 1,1 O | G27: 1,2 O | H27: 1,3 O | I27: 1,4 O
B28: 1200310 | C28: 1200394 | D28: 1200477 | E28: 1201988 | F28: 1200352 | G28: 1200435 | H28: 1200518 | I28: 1200576
B29: SATAjet X HVLP DIGITAL pro с полным спектром цифровых функций
B30: 1,1 I | C30: 1,2 I | D30: 1,3 I | E30: 1,4 I | F30: 1,1 O | G30: 1,2 O | H30: 1,3 O | I30: 1,4 O
B31: 1200039 | C31: 1200112 | D31: 1200196 | E31: 1201946 | F31: 1200071 | G31: 1200154 | H31: 1200237 | I31: 1200279
A32: 0 | B32: SATA Сменный комплект дюз (головка, сопло, игла) для jet X RP | K32: 378 | L32: =ROUND(K32*Курс_EUR,0) -> 39690 | N32: =K32*(1-Скидка_SATA) -> 378 | O32: =N32*M32 -> 0 | P32: =L32*(1-Скидка_SATA) -> 39690 | Q32: =M32*P32 -> 0
B33: 1,1 I | C33: 1,2 I | D33: 1,3 I | E33: 1,4 I | F33: 1,1 O | G33: 1,2 O | H33: 1,3 O | I33: 1,4 O
B34: 1203992 | C34: 1204015 | D34: 1204031 | E34: 1204073 | F34: 1203869 | G34: 1203885 | H34: 1203900 | I34: 1203926
B35: SATA Сменный комплект дюз (головка, сопло, игла) для jet X HVLP
B36: 1,1 I | C36: 1,2 I | D36: 1,3 I | E36: 1,4 I | F36: 1,1 O | G36: 1,2 O | H36: 1,3 O | I36: 1,4 O
B37: 1204007 | C37: 1204023 | D37: 1204065 | E37: 1204081 | F37: 1203877 | G37: 1203893 | H37: 1203918 | I37: 1203984
A38: 0 | B38: SATAjet X 5500 RP PHASER с RPS сменным стаканом 0.6л / 0.9л и шарнирным соединением | K38: 1561 | L38: =ROUND(K38*Курс_EUR,0) -> 163905 | N38: =K38*(1-Скидка_SATA) -> 1561 | O38: =N38*M38 -> 0 | P38: =L38*(1-Скидка_SATA) -> 163905 | Q38: =M38*P38 -> 0
B39: 1,2 I | C39: 1,3 I
B40: 1096066 | C40: 1096074
B41: 1,2 O | C41: 1,3 O
B42: 1096090 | C42: 1096082
A43: 0 | B43: SATA Сменный комплект дюз (головка, сопло, игла) для jet X 5500 RP PHASER | K43: 585 | L43: =ROUND(K43*Курс_EUR,0) -> 61425 | N43: =K43*(1-Скидка_SATA) -> 585 | O43: =N43*M43 -> 0 | P43: =L43*(1-Скидка_SATA) -> 61425 | Q43: =M43*P43 -> 0
B44: 1,2 I | C44: 1,3 I
B45: 1096181 | C45: 1096199
B46: 1,2 O | C46: 1,3 O
B47: 1096214 | C47: 1096206
A48: 0 | B48: SATAjet X 5500 HVLP PHASER с RPS сменным стаканом 0.6л / 0.9л и шарнирным соединением | K48: 1561 | L48: =ROUND(K48*Курс_EUR,0) -> 163905 | N48: =K48*(1-Скидка_SATA) -> 1561 | O48: =N48*M48 -> 0 | P48: =L48*(1-Скидка_SATA) -> 163905 | Q48: =M48*P48 -> 0
B49: 1,2 I | C49: 1,3 I | D49: 1,4 I
B50: 1096157 | C50: 1096149 | D50: 1096131
B51: 1,2 O | C51: 1,3 O | D51: 1,4 O
B52: 1096107 | C52: 1096115 | D52: 1096123
A53: 0 | B53: SATA Сменный комплект дюз (головка, сопло, игла) для jet X 5500 HVLP PHASER | K53: 585 | L53: =ROUND(K53*Курс_EUR,0) -> 61425 | N53: =K53*(1-Скидка_SATA) -> 585 | O53: =N53*M53 -> 0 | P53: =L53*(1-Скидка_SATA) -> 61425 | Q53: =M53*P53 -> 0
B54: 1,2 I | C54: 1,3 I | D54: 1,4 I
B55: 1096272 | C55: 1096264 | D55: 1096256
B56: 1,2 O | C56: 1,3 O | D56: 1,4 O
B57: 1096222 | C57: 1096230 | D57: 1096248
A59: 0 | B59: SATAjet X 5500 RP с RPS сменным стаканом 0.6л / 0.9л и шарнирным соединением | K59: 994 | L59: =ROUND(K59*Курс_EUR,0) -> 104370 | N59: =K59*(1-Скидка_SATA) -> 994 | O59: =N59*M59 -> 0 | P59: =L59*(1-Скидка_SATA) -> 104370 | Q59: =M59*P59 -> 0
B60: 1,1 I | C60: 1,2 I | D60: 1,3 I | E60: 1,4 I
B61: 1061548 | C61: 1061556 | D61: 1061564 | E61: 1061572
B62: 1,1 O | C62: 1,2 O | D62: 1,3 O | E62: 1,4 O
B63: 1061580 | C63: 1061598 | D63: 1061605 | E63: 1061613
A64: 0 | B64: SATAjet X 5500 RP DIGITAL с RPS сменным стаканом 0.6л / 0.9л и шарнирным соединением | K64: 1244 | L64: =ROUND(K64*Курс_EUR,0) -> 130620 | N64: =K64*(1-Скидка_SATA) -> 1244 | O64: =N64*M64 -> 0 | P64: =L64*(1-Скидка_SATA) -> 130620 | Q64: =M64*P64 -> 0
B65: 1,1 I | C65: 1,2 I | D65: 1,3 I | E65: 1,4 I
B66: 1061621 | C66: 1061647 | D66: 1061697 | E66: 1061712
B67: 1,1 O | C67: 1,2 O | D67: 1,3 O | E67: 1,4 O
B68: 1061746 | C68: 1061788 | D68: 1061803 | E68: 1061829
A69: 0 | B69: SATA Сменный комплект дюз (головка, сопло, игла) для jet X 5500 RP | K69: 379 | L69: =ROUND(K69*Курс_EUR,0) -> 39795 | N69: =K69*(1-Скидка_SATA) -> 379 | O69: =N69*M69 -> 0 | P69: =L69*(1-Скидка_SATA) -> 39795 | Q69: =M69*P69 -> 0
B70: 1,1 I | C70: 1,2 I | D70: 1,3 I | E70: 1,4 I
B71: 1063536 | C71: 1063544 | D71: 1063552 | E71: 1063560
B72: 1,1 O | C72: 1,2 O | D72: 1,3 O | E72: 1,4 O
B73: 1063578 | C73: 1063586 | D73: 1063594 | E73: 1063601
A74: 0 | B74: SATAjet X 5500 HVLP с RPS сменным стаканом 0.6л / 0.9л и шарнирным соединением | K74: 994 | L74: =ROUND(K74*Курс_EUR,0) -> 104370 | N74: =K74*(1-Скидка_SATA) -> 994 | O74: =N74*M74 -> 0 | P74: =L74*(1-Скидка_SATA) -> 104370 | Q74: =M74*P74 -> 0
B75: 1,1 I | C75: 1,2 I | D75: 1,3 I | E75: 1,4 I | F75: 1,5 I
B76: 1061895 | C76: 1061902 | D76: 1061887 | E76: 1061910 | F76: 1061928
B77: 1,1 O | C77: 1,2 O | D77: 1,3 O | E77: 1,4 O | F77: 1,5 O
B78: 1061936 | C78: 1061944 | D78: 1061952 | E78: 1061960 | F78: 1061978
A79: 0 | B79: SATAjet X 5500 HVLP DIGITAL с RPS сменным стаканом 0.6л / 0.9л и шарнирным соединением | K79: 1244 | L79: =ROUND(K79*Курс_EUR,0) -> 130620 | N79: =K79*(1-Скидка_SATA) -> 1244 | O79: =N79*M79 -> 0 | P79: =L79*(1-Скидка_SATA) -> 130620 | Q79: =M79*P79 -> 0
B80: 1,1 I | C80: 1,2 I | D80: 1,3 I | E80: 1,4 I | F80: 1,5 I
B81: 1061994 | C81: 1061879 | D81: 1062025 | E81: 1062033 | F81: 1062067
B82: 1,1 O | C82: 1,2 O | D82: 1,3 O | E82: 1,4 O | F82: 1,5 O
B83: 1062075 | C83: 1062108 | D83: 1062124 | E83: 1062158 | F83: 1062166
A84: 0 | B84: SATA Сменный комплект дюз (головка, сопло, игла) для jet X 5500 HVLP | K84: 379 | L84: =ROUND(K84*Курс_EUR,0) -> 39795 | N84: =K84*(1-Скидка_SATA) -> 379 | O84: =N84*M84 -> 0 | P84: =L84*(1-Скидка_SATA) -> 39795 | Q84: =M84*P84 -> 0
B85: 1,1 I | C85: 1,2 I | D85: 1,3 I | E85: 1,4 I | F85: 1,5 I
B86: 1063619 | C86: 1063627 | D86: 1063635 | E86: 1063651 | F86: 1063669
B87: 1,1 O | C87: 1,2 O | D87: 1,3 O | E87: 1,4 O | F87: 1,5 O
B88: 1063677 | C88: 1063685 | D88: 1063643 | E88: 1063693 | F88: 1063700
A90: 0 | B90: SATAjet 5000 B RP с RPS сменными стаканами 0.3л /0.6л / 0.9л и шарнирным соединением | K90: 1011 | L90: =ROUND(K90*Курс_EUR,0) -> 106155 | N90: =K90*(1-Скидка_SATA) -> 1011 | O90: =N90*M90 -> 0 | P90: =L90*(1-Скидка_SATA) -> 106155 | Q90: =M90*P90 -> 0
B91: 1.6 | C91: 1.8 | D91: 2 | E91: 2.5
B92: 209890 | C92: 209908 | D92: 209916 | E92: 1117531
A93: 0 | B93: SATA Сменный комплект дюз (головка, сопло, игла) для jet 5000 B RP | K93: 370 | L93: =ROUND(K93*Курс_EUR,0) -> 38850 | N93: =K93*(1-Скидка_SATA) -> 370 | O93: =N93*M93 -> 0 | P93: =L93*(1-Скидка_SATA) -> 38850 | Q93: =M93*P93 -> 0
B94: 1 | C94: 1.1 | D94: 1.2 | E94: 1,2W | F94: 1.3 | G94: 1.4 | H94: 1.6 | I94: 1.8 | J94: 2
B95: 210245 | C95: 210252 | D95: 210260 | E95: 210278 | F95: 210286 | G95: 210294 | H95: 210302 | I95: 210310 | J95: 210328
A96: 0 | B96: SATAjet 5000 B HVLP с RPS сменными стаканами 0.3л /0.6л / 0.9л и шарнирным соединением | K96: 1011 | L96: =ROUND(K96*Курс_EUR,0) -> 106155 | N96: =K96*(1-Скидка_SATA) -> 1011 | O96: =N96*M96 -> 0 | P96: =L96*(1-Скидка_SATA) -> 106155 | Q96: =M96*P96 -> 0
B97: 1.5 | C97: 1.7 | D97: 1.9 | E97: 2.2
B98: 210609 | C98: 210831 | D98: 210849 | E98: 210856
A99: 0 | B99: SATA Сменный комплект дюз (головка, сопло, игла) для jet 5000 B HVLP | K99: 370 | L99: =ROUND(K99*Курс_EUR,0) -> 38850 | N99: =K99*(1-Скидка_SATA) -> 370 | O99: =N99*M99 -> 0 | P99: =L99*(1-Скидка_SATA) -> 38850 | Q99: =M99*P99 -> 0
B100: 1 | C100: 1.2 | D100: WSB | E100: 1.3 | F100: 1.4 | G100: 1.5 | H100: 1.7 | I100: 1.9 | J100: 2.2
B101: 210955 | C101: 210963 | D101: 210971 | E101: 210989 | F101: 211011 | G101: 211045 | H101: 211052 | I101: 211060 | J101: 211078
A103: 0 | B103: SATA Сменный комплект дюз (головка, сопло, игла) для jet 4000 B RP | K103: 378 | L103: =ROUND(K103*Курс_EUR,0) -> 39690 | N103: =K103*(1-Скидка_SATA) -> 378 | O103: =N103*M103 -> 0 | P103: =L103*(1-Скидка_SATA) -> 39690 | Q103: =M103*P103 -> 0
B104: 1 | C104: 1.1 | D104: 1.2 | E104: 1,2W | F104: 1.3 | G104: 1.4 | H104: 1.6 | I104: 1.8 | J104: 2
...

Sheet 3M АМ
B2: Прайс - лист
B3: на абразивные материалы "3М" (США)
B4: Санкт-Петербург, 194362, пос.Парголово, Горское шоссе 6, логопарк "Осиновая Роща" | L4: Скидка: | M4: 0
B5: т./ф. + 7 (812) 640 4240 e-mail: info@lion-group.ru www.lion-group.ru | E5: Содержание | G5: =Курс_EUR -> 105 | J5: Сумма заказа, У.Е.: | K5: =SUM(K7:K55) -> 0 | L5: РУБ: | M5: =SUM(M7:M55) -> 0
A6: Изм. цены % | B6: Номер Изделия | C6: Наименование товара | D6: Единица товара | E6: Кол-во товара в ед измерен | F6: Мин партия | G6: Рекоменд. Цена У.Е. | H6: Рекоменд. Цена РУБ | I6: Заказ | J6: Цена со скидкой | K6: Сумма У.Е. | L6: Цена со скидкой | M6: Сумма РУБ
B7: Cubitron® II 982C, фибровая основа, керамическое зерно точной формы 3M™
A8: 0 | B8: 55073 | C8: 55073 Круг фибровый Cubitron II 982C P36 125мм х 22мм - 25 шт/уп | D8: Штука | E8: 1 | F8: 100 | G8: 3.75 | H8: =ROUND(G8*Курс_EUR,2) -> 393.75 | J8: =G8*(1-Скидка_3M_AM) -> 3.75 | K8: =J8*I8 -> 0 | L8: =H8*(1-Скидка_3M_AM) -> 393.75 | M8: =I8*L8 -> 0
A9: 0 | B9: 27624 | C9: 27624 Круг фибровый Cubitron II 982C P60 125мм х 22мм - 25 шт/уп | D9: Штука | E9: 1 | F9: 100 | G9: 3.34 | H9: =ROUND(G9*Курс_EUR,2) -> 350.7 | J9: =G9*(1-Скидка_3M_AM) -> 3.34 | K9: =J9*I9 -> 0 | L9: =H9*(1-Скидка_3M_AM) -> 350.7 | M9: =I9*L9 -> 0
A10: 0 | B10: 27628 | C10: 27628 Круг фибровый Cubitron II 982C P80 125мм х 22мм - 25 шт/уп | D10: Штука | E10: 1 | F10: 100 | G10: 3.16 | H10: =ROUND(G10*Курс_EUR,2) -> 331.8 | J10: =G10*(1-Скидка_3M_AM) -> 3.16 | K10: =J10*I10 -> 0 | L10: =H10*(1-Скидка_3M_AM) -> 331.8 | M10: =I10*L10 -> 0
A11: 0 | B11: 27698 | C11: 27698 Круг фибровый Cubitron II 982C P36 180мм х 22мм - 25 шт/уп | D11: Штука | E11: 1 | F11: 100 | G11: 7.01 | H11: =ROUND(G11*Курс_EUR,2) -> 736.05 | J11: =G11*(1-Скидка_3M_AM) -> 7.01 | K11: =J11*I11 -> 0 | L11: =H11*(1-Скидка_3M_AM) -> 736.05 | M11: =I11*L11 -> 0
A12: 0 | B12: 27740 | C12: 27740 Круг фибровый Cubitron II 982C P60 180мм х 22мм - 25 шт/уп | D12: Штука | E12: 1 | F12: 100 | G12: 7.31 | H12: =ROUND(G12*Курс_EUR,2) -> 767.55 | J12: =G12*(1-Скидка_3M_AM) -> 7.31 | K12: =J12*I12 -> 0 | L12: =H12*(1-Скидка_3M_AM) -> 767.55 | M12: =I12*L12 -> 0
A13: 0 | B13: 27741 | C13: 27741 Круг фибровый Cubitron II 982C P80 180мм х 22мм - 25 шт/уп | D13: Штука | E13: 1 | F13: 100 | G13: 7.06 | H13: =ROUND(G13*Курс_EUR,2) -> 741.3 | J13: =G13*(1-Скидка_3M_AM) -> 7.06 | K13: =J13*I13 -> 0 | L13: =H13*(1-Скидка_3M_AM) -> 741.3 | M13: =I13*L13 -> 0
A14: 0 | B14: 27618 | C14: 27618 Круг фибровый Cubitron II 987C P36 125мм х 22мм - 25 шт/уп | D14: Штука | E14: 1 | F14: 100 | G14: 3.85 | H14: =ROUND(G14*Курс_EUR,2) -> 404.25 | J14: =G14*(1-Скидка_3M_AM) -> 3.85 | K14: =J14*I14 -> 0 | L14: =H14*(1-Скидка_3M_AM) -> 404.25 | M14: =I14*L14 -> 0
A15: 0 | B15: 27646 | C15: 27646 Круг фибровый Cubitron II 987C P60 125мм х 22мм - 25 шт/уп | D15: Штука | E15: 1 | F15: 100 | G15: 3.51 | H15: =ROUND(G15*Курс_EUR,2) -> 368.55 | J15: =G15*(1-Скидка_3M_AM) -> 3.51 | K15: =J15*I15 -> 0 | L15: =H15*(1-Скидка_3M_AM) -> 368.55 | M15: =I15*L15 -> 0
A16: 0 | B16: 27650 | C16: 27650 Круг фибровый Cubitron II 987C P80 125мм х 22мм - 25 шт/уп | D16: Штука | E16: 1 | F16: 100 | G16: 3.28 | H16: =ROUND(G16*Курс_EUR,2) -> 344.4 | J16: =G16*(1-Скидка_3M_AM) -> 3.28 | K16: =J16*I16 -> 0 | L16: =H16*(1-Скидка_3M_AM) -> 344.4 | M16: =I16*L16 -> 0
A17: 0 | B17: 64857 | C17: 64857 Оправка для фибровых кругов 115мм х 22мм плоская M14 | D17: Штука | E17: 1 | F17: 10 | G17: 5.75 | H17: =ROUND(G17*Курс_EUR,2) -> 603.75 | J17: =G17*(1-Скидка_3M_AM) -> 5.75 | K17: =J17*I17 -> 0 | L17: =H17*(1-Скидка_3M_AM) -> 603.75 | M17: =I17*L17 -> 0
A18: 0 | B18: 64858 | C18: 64858 Оправка для фибровых кругов 125мм х 22мм плоская M14 | D18: Штука | E18: 1 | F18: 10 | G18: 28.68 | H18: =ROUND(G18*Курс_EUR,2) -> 3011.4 | J18: =G18*(1-Скидка_3M_AM) -> 28.68 | K18: =J18*I18 -> 0 | L18: =H18*(1-Скидка_3M_AM) -> 3011.4 | M18: =I18*L18 -> 0
A19: 0 | B19: 64859 | C19: 64859 Оправка для фибровых кругов 180мм х 22мм плоская M14 | D19: Штука | E19: 1 | F19: 10 | G19: 43.58 | H19: =ROUND(G19*Курс_EUR,2) -> 4575.9 | J19: =G19*(1-Скидка_3M_AM) -> 43.58 | K19: =J19*I19 -> 0 | L19: =H19*(1-Скидка_3M_AM) -> 4575.9 | M19: =I19*L19 -> 0
B20: Scotch-Brite® XL-UR объемные прессованные
A21: 0 | B21: 17195 | C21: 17195 Круг Scotch-Brite Roloc XL-UR 8A CRS 75мм - 10 шт/уп | D21: Штука | E21: 1 | F21: 40 | G21: 12.564 | H21: =ROUND(G21*Курс_EUR,2) -> 1319.22 | J21: =G21*(1-Скидка_3M_AM) -> 12.564 | K21: =J21*I21 -> 0 | L21: =H21*(1-Скидка_3M_AM) -> 1319.22 | M21: =I21*L21 -> 0
A22: 0 | B22: 17191 | C22: 17191 Круг Scotch-Brite Roloc XL-UR 6A MED 75мм - 10 шт/уп | D22: Штука | E22: 1 | F22: 40 | G22: 10.656 | H22: =ROUND(G22*Курс_EUR,2) -> 1118.88 | J22: =G22*(1-Скидка_3M_AM) -> 10.656 | K22: =J22*I22 -> 0 | L22: =H22*(1-Скидка_3M_AM) -> 1118.88 | M22: =I22*L22 -> 0
A23: 0 | B23: 17184 | C23: 17184 Круг Scotch-Brite Roloc XL-UR 2S FIN 75мм - 10 шт/уп | D23: Штука | E23: 1 | F23: 40 | G23: 8.868 | H23: =ROUND(G23*Курс_EUR,2) -> 931.14 | J23: =G23*(1-Скидка_3M_AM) -> 8.868 | K23: =J23*I23 -> 0 | L23: =H23*(1-Скидка_3M_AM) -> 931.14 | M23: =I23*L23 -> 0
B24: Круги и щетки Scotch-Brite® Bristle радиальные
A25: 0 | B25: 30118 | C25: 30118 Круг Scotch-Brite Bristle RB-ZB тип С P80 желтый 50мм х 9.5мм - 40 шт/уп | D25: Штука | E25: 1 | F25: 80 | G25: 5.244 | H25: =ROUND(G25*Курс_EUR,2) -> 550.62 | J25: =G25*(1-Скидка_3M_AM) -> 5.244 | K25: =J25*I25 -> 0 | L25: =H25*(1-Скидка_3M_AM) -> 550.62 | M25: =I25*L25 -> 0
A26: 0 | B26: 30120 | C26: 30120 Круг Scotch-Brite Bristle RB-ZB тип С P120 белый 50мм х 9.5мм - 40 шт/уп | D26: Штука | E26: 1 | F26: 80 | G26: 6.492 | H26: =ROUND(G26*Курс_EUR,2) -> 681.66 | J26: =G26*(1-Скидка_3M_AM) -> 6.492 | K26: =J26*I26 -> 0 | L26: =H26*(1-Скидка_3M_AM) -> 681.66 | M26: =I26*L26 -> 0
A27: 0 | B27: 30121 | C27: 30121 Круг Scotch-Brite Bristle RB-ZB тип С P220 красный 50мм х 9.5мм - 40 шт/уп | D27: Штука | E27: 1 | F27: 80 | G27: 5.244 | H27: =ROUND(G27*Курс_EUR,2) -> 550.62 | J27: =G27*(1-Скидка_3M_AM) -> 5.244 | K27: =J27*I27 -> 0 | L27: =H27*(1-Скидка_3M_AM) -> 550.62 | M27: =I27*L27 -> 0
A28: 0 | B28: 30122 | C28: 30122 Круг Scotch-Brite Bristle RB-ZB тип С P400 синий 50мм х 9.5мм - 40 шт/уп | D28: Штука | E28: 1 | F28: 80 | G28: 5.244 | H28: =ROUND(G28*Курс_EUR,2) -> 550.62 | J28: =G28*(1-Скидка_3M_AM) -> 5.244 | K28: =J28*I28 -> 0 | L28: =H28*(1-Скидка_3M_AM) -> 550.62 | M28: =I28*L28 -> 0
A29: 0 | B29: 30126 | C29: 30126 Круг Scotch-Brite Bristle RB-ZB тип С P80 желтый 75мм х 9.5мм - 40 шт/уп | D29: Штука | E29: 1 | F29: 80 | G29: 9.12 | H29: =ROUND(G29*Курс_EUR,2) -> 957.6 | J29: =G29*(1-Скидка_3M_AM) -> 9.12 | K29: =J29*I29 -> 0 | L29: =H29*(1-Скидка_3M_AM) -> 957.6 | M29: =I29*L29 -> 0
A30: 0 | B30: 30127 | C30: 30127 Круг Scotch-Brite Bristle RB-ZB тип С P120 белый 75мм х 9.5мм - 40 шт/уп | D30: Штука | E30: 1 | F30: 80 | G30: 9.33 | H30: =ROUND(G30*Курс_EUR,2) -> 979.65 | J30: =G30*(1-Скидка_3M_AM) -> 9.33 | K30: =J30*I30 -> 0 | L30: =H30*(1-Скидка_3M_AM) -> 979.65 | M30: =I30*L30 -> 0
A31: 0 | B31: 30128 | C31: 30128 Круг Scotch-Brite Bristle RB-ZB тип С P220 красный 75мм х 9.5мм - 40 шт/уп | D31: Штука | E31: 1 | F31: 80 | G31: 9.04 | H31: =ROUND(G31*Курс_EUR,2) -> 949.2 | J31: =G31*(1-Скидка_3M_AM) -> 9.04 | K31: =J31*I31 -> 0 | L31: =H31*(1-Скидка_3M_AM) -> 949.2 | M31: =I31*L31 -> 0
A32: 0 | B32: 30129 | C32: 30129 Круг Scotch-Brite Bristle RB-ZB тип С P400 синий 75мм х 9.5мм - 40 шт/уп | D32: Штука | E32: 1 | F32: 80 | G32: 9.12 | H32: =ROUND(G32*Курс_EUR,2) -> 957.6 | J32: =G32*(1-Скидка_3M_AM) -> 9.12 | K32: =J32*I32 -> 0 | L32: =H32*(1-Скидка_3M_AM) -> 957.6 | M32: =I32*L32 -> 0
B33: Scotch-Brite® Bristle Тип A 150 мм
A34: 0 | B34: 27603 | C34: 27603 Круг Scotch-Brite Bristle BB-ZB тип А с фланцами P36 коричневый 150мм - 5 шт/кор | D34: Штука | E34: 1 | F34: 5 | G34: 93.24 | H34: =ROUND(G34*Курс_EUR,2) -> 9790.2 | J34: =G34*(1-Скидка_3M_AM) -> 93.24 | K34: =J34*I34 -> 0 | L34: =H34*(1-Скидка_3M_AM) -> 9790.2 | M34: =I34*L34 -> 0
A35: 0 | B35: 27605 | C35: 27605 Круг Scotch-Brite Bristle BB-ZB тип А с фланцами P50 зеленый 150мм - 5 шт/кор | D35: Штука | E35: 1 | F35: 5 | G35: 93.24 | H35: =ROUND(G35*Курс_EUR,2) -> 9790.2 | J35: =G35*(1-Скидка_3M_AM) -> 93.24 | K35: =J35*I35 -> 0 | L35: =H35*(1-Скидка_3M_AM) -> 9790.2 | M35: =I35*L35 -> 0
A36: 0 | B36: 27606 | C36: 27606 Круг Scotch-Brite Bristle BB-ZB тип А с фланцами P80 желтый 150мм - 5 шт/кор | D36: Штука | E36: 1 | F36: 5 | G36: 104.196 | H36: =ROUND(G36*Курс_EUR,2) -> 10940.58 | J36: =G36*(1-Скидка_3M_AM) -> 104.196 | K36: =J36*I36 -> 0 | L36: =H36*(1-Скидка_3M_AM) -> 10940.58 | M36: =I36*L36 -> 0
A37: 0 | B37: 27621 | C37: 27621 Круг Scotch-Brite Bristle BB-ZB тип А P36 коричневый 150мм - 40 шт/уп | D37: Штука | E37: 40 | F37: 2 | G37: 14.07 | H37: =ROUND(G37*Курс_EUR,2) -> 1477.35 | J37: =G37*(1-Скидка_3M_AM) -> 14.07 | K37: =J37*I37 -> 0 | L37: =H37*(1-Скидка_3M_AM) -> 1477.35 | M37: =I37*L37 -> 0
A38: 0 | B38: 27623 | C38: 27623 Круг Scotch-Brite Bristle BB-ZB тип А P80 желтый 150мм - 40 шт/уп | D38: Штука | E38: 40 | F38: 2 | G38: 14.07 | H38: =ROUND(G38*Курс_EUR,2) -> 1477.35 | J38: =G38*(1-Скидка_3M_AM) -> 14.07 | K38: =J38*I38 -> 0 | L38: =H38*(1-Скидка_3M_AM) -> 1477.35 | M38: =I38*L38 -> 0
B39: Scotch-Brite® Bristle Тип C 150 мм
A40: 0 | B40: 33215 | C40: 33215 Круг Scotch-Brite Bristle BB-ZB тип С с фланцами P80 желтый 150мм - 5 шт/кор | D40: Штука | E40: 1 | F40: 5 | G40: 104.412 | H40: =ROUND(G40*Курс_EUR,2) -> 10963.26 | J40: =G40*(1-Скидка_3M_AM) -> 104.412 | K40: =J40*I40 -> 0 | L40: =H40*(1-Скидка_3M_AM) -> 10963.26 | M40: =I40*L40 -> 0
A41: 0 | B41: 33212 | C41: 33212 Круг Scotch-Brite Bristle BB-ZB тип С с фланцами P120 белый 150мм - 5 шт/кор | D41: Штука | E41: 1 | F41: 5 | G41: 104.4 | H41: =ROUND(G41*Курс_EUR,2) -> 10962 | J41: =G41*(1-Скидка_3M_AM) -> 104.4 | K41: =J41*I41 -> 0 | L41: =H41*(1-Скидка_3M_AM) -> 10962 | M41: =I41*L41 -> 0
A42: 0 | B42: 33213 | C42: 33213 Круг Scotch-Brite Bristle BB-ZB тип С с фланцами P220 красный 150мм - 5 шт/кор | D42: Штука | E42: 1 | F42: 5 | G42: 104.4 | H42: =ROUND(G42*Курс_EUR,2) -> 10962 | J42: =G42*(1-Скидка_3M_AM) -> 104.4 | K42: =J42*I42 -> 0 | L42: =H42*(1-Скидка_3M_AM) -> 10962 | M42: =I42*L42 -> 0
A43: 0 | B43: 33214 | C43: 33214 Круг Scotch-Brite Bristle BB-ZB тип С с фланцами P400 синий 150мм - 5 шт/кор | D43: Штука | E43: 1 | F43: 5 | G43: 104.4 | H43: =ROUND(G43*Курс_EUR,2) -> 10962 | J43: =G43*(1-Скидка_3M_AM) -> 104.4 | K43: =J43*I43 -> 0 | L43: =H43*(1-Скидка_3M_AM) -> 10962 | M43: =I43*L43 -> 0
A44: 0 | B44: 33055 | C44: 33055 Круг Scotch-Brite Bristle BB-ZB тип С P80 желтый 150мм - 40 шт/уп | D44: Штука | E44: 40 | F44: 2 | G44: 14.07 | H44: =ROUND(G44*Курс_EUR,2) -> 1477.35 | J44: =G44*(1-Скидка_3M_AM) -> 14.07 | K44: =J44*I44 -> 0 | L44: =H44*(1-Скидка_3M_AM) -> 1477.35 | M44: =I44*L44 -> 0
A45: 0 | B45: 33056 | C45: 33056 Круг Scotch-Brite Bristle BB-ZB тип С P120 белый 150мм - 40 шт/уп | D45: Штука | E45: 40 | F45: 2 | G45: 14.07 | H45: =ROUND(G45*Курс_EUR,2) -> 1477.35 | J45: =G45*(1-Скидка_3M_AM) -> 14.07 | K45: =J45*I45 -> 0 | L45: =H45*(1-Скидка_3M_AM) -> 1477.35 | M45: =I45*L45 -> 0
A46: 0 | B46: 33057 | C46: 33057 Круг Scotch-Brite Bristle BB-ZB тип С P220 красный 150мм - 40 шт/уп | D46: Штука | E46: 40 | F46: 2 | G46: 14.07 | H46: =ROUND(G46*Курс_EUR,2) -> 1477.35 | J46: =G46*(1-Скидка_3M_AM) -> 14.07 | K46: =J46*I46 -> 0 | L46: =H46*(1-Скидка_3M_AM) -> 1477.35 | M46: =I46*L46 -> 0
A47: 0 | B47: 33058 | C47: 33058 Круг Scotch-Brite Bristle BB-ZB тип С P400 синий 150мм - 40 шт/уп | D47: Штука | E47: 40 | F47: 2 | G47: 14.07 | H47: =ROUND(G47*Курс_EUR,2) -> 1477.35 | J47: =G47*(1-Скидка_3M_AM) -> 14.07 | K47: =J47*I47 -> 0 | L47: =H47*(1-Скидка_3M_AM) -> 1477.35 | M47: =I47*L47 -> 0
B48: Принадлежности для щеток Scotch-Brite® Bristle
A49: 0 | B49: 15012 | C49: 15012 Шпиндель 990 6мм для кругов с посадочным 9.5 толщиной 313мм - 5 шт/кор | D49: Штука | E49: 1 | F49: 5 | G49: 25.836 | H49: =ROUND(G49*Курс_EUR,2) -> 2712.78 | J49: =G49*(1-Скидка_3M_AM) -> 25.836 | K49: =J49*I49 -> 0 | L49: =H49*(1-Скидка_3M_AM) -> 2712.78 | M49: =I49*L49 -> 0
A50: 0 | B50: 7000028515 | C50: Фланцы для радиальных кругов Scotch-Brite BB-ZB 150мм - 25 пар/кор | D50: Штука | E50: 1 | F50: 25 | G50: 11.052 | H50: =ROUND(G50*Курс_EUR,2) -> 1160.46 | L50: =H50*(1-Скидка_3M_AM) -> 1160.46 | M50: =I50*L50 -> 0
B51: Круги Scotch-Brite® Clean & Strip
A52: 0 | B52: 61122 | C52: 61122 Круг Scotch-Brite CG-DC S XCS голубой 150мм х 13мм - 20 шт/кор | D52: Штука | E52: 1 | F52: 20 | G52: 15.73 | H52: =ROUND(G52*Курс_EUR,2) -> 1651.65 | J52: =G52*(1-Скидка_3M_AM) -> 15.73 | K52: =J52*I52 -> 0 | L52: =H52*(1-Скидка_3M_AM) -> 1651.65 | M52: =I52*L52 -> 0
B53: Прессованные круги Scotch-Brite™ CP-UW
A54: 0 | B54: 03714 | C54: Scotch-Brite™ CP-UW Круг, 7A MED 50 мм х 3 мм х 6 мм, № 03714, 60шт./кор. | D54: Штука | E54: 1 | F54: 60 | G54: 3.64 | H54: =ROUND(G54*Курс_EUR,2) -> 382.2 | J54: =G54*(1-Скидка_3M_AM) -> 3.64 | K54: =J54*I54 -> 0 | L54: =H54*(1-Скидка_3M_AM) -> 382.2 | M54: =I54*L54 -> 0
A55: 0 | B55: 03718 | C55: Scotch-Brite™ CP-UW Круг, 7A MED 50 мм х 13 мм х 6 мм, № 03718, 30шт./кор. | D55: Штука | E55: 1 | F55: 30 | G55: 10.35 | H55: =ROUND(G55*Курс_EUR,2) -> 1086.75 | J55: =G55*(1-Скидка_3M_AM) -> 10.35 | K55: =J55*I55 -> 0 | L55: =H55*(1-Скидка_3M_AM) -> 1086.75 | M55: =I55*L55 -> 0
B57: Существует гибкая система скидок для оптовых покупателей

Sheet Jtape
B2: Прайс - лист
B3: на маскирующие материалы JTAPE (Англия)
B4: Санкт-Петербург, 194362, пос.Парголово, Горское шоссе 6, логопарк "Осиновая Роща" | J4: Скидка: | K4: 0
B5: т./ф. + 7 (812) 640 4240 e-mail: info@lion-group.ru www.lion-group.ru | D5: Содержание | E5: =Курс_EUR -> 105 | H5: Сумма заказа, У.Е.: | I5: =SUM(I8:I20) -> 0 | J5: РУБ: | K5: =SUM(K8:K20) -> 0
A6: Изм. цены % | B6: Артикул | C6: Наименование продукта | D6: Кол-во в коробке | E6: Рекоменд. Цена У.Е. | F6: Рекоменд. Цена РУБ | G6: Заказ | H6: Цена со скидкой | I6: Сумма У.Е. | J6: Цена со скидкой | K6: Сумма РУБ
A8: 0 | B8: 1013.1350 | C8: JTAPE Поролоновый валик стандартный Smooth Edge для проёмов 13мм х 50м | D8: 1 | E8: 22.3 | F8: =ROUND(E8*Курс_EUR,2) -> 2341.5 | H8: =E8*(1-Скидка_JTAPE) -> 22.3 | I8: =H8*G8 -> 0 | J8: =F8*(1-Скидка_JTAPE) -> 2341.5 | K8: =G8*J8 -> 0
A9: 0 | B9: 1015.1535 | C9: JTAPE Поролоновый валик без клея Primeshield для проёмов 15мм х 35м | D9: 1 | E9: 15.82 | F9: =ROUND(E9*Курс_EUR,2) -> 1661.1 | H9: =E9*(1-Скидка_JTAPE) -> 15.82 | I9: =H9*G9 -> 0 | J9: =F9*(1-Скидка_JTAPE) -> 1661.1 | K9: =G9*J9 -> 0
A10: 0 | B10: 1015.2225 | C10: JTAPE Поролоновый валик без клея Primeshield без клея для проёмов 22мм х 25м | D10: 1 | E10: 15.82 | F10: =ROUND(E10*Курс_EUR,2) -> 1661.1 | H10: =E10*(1-Скидка_JTAPE) -> 15.82 | I10: =H10*G10 -> 0 | J10: =F10*(1-Скидка_JTAPE) -> 1661.1 | K10: =G10*J10 -> 0
A11: 0 | B11: 1016.3530 | C11: JTAPE Поролоновый валик для окраски мокрым по мокрому 35мм х 30м | D11: 1 | E11: 34.27 | F11: =ROUND(E11*Курс_EUR,2) -> 3598.35 | H11: =E11*(1-Скидка_JTAPE) -> 34.27 | I11: =H11*G11 -> 0 | J11: =F11*(1-Скидка_JTAPE) -> 3598.35 | K11: =G11*J11 -> 0
A12: 0 | B12: 1055.5010 | C12: JTAPE Маскирующая лента Perforated Trim для уплотнителей стёкол 50мм х 10м | D12: 10 | E12: 16.41 | F12: =ROUND(E12*Курс_EUR,2) -> 1723.05 | H12: =E12*(1-Скидка_JTAPE) -> 16.41 | I12: =H12*G12 -> 0 | J12: =F12*(1-Скидка_JTAPE) -> 1723.05 | K12: =G12*J12 -> 0
A14: 0 | B14: 1105.0355 | C14: JTAPE Лента для дизайн окраски эластичная 3мм х 55м, зелёная | D14: 10 | E14: 4.26 | F14: =ROUND(E14*Курс_EUR,2) -> 447.3 | H14: =E14*(1-Скидка_JTAPE) -> 4.26 | I14: =H14*G14 -> 0 | J14: =F14*(1-Скидка_JTAPE) -> 447.3 | K14: =G14*J14 -> 0
A15: 0 | B15: 1105.0655 | C15: JTAPE Лента для дизайн окраски эластичная 6мм х 55м, зелёная | D15: 10 | E15: 5.28 | F15: =ROUND(E15*Курс_EUR,2) -> 554.4 | H15: =E15*(1-Скидка_JTAPE) -> 5.28 | I15: =H15*G15 -> 0 | J15: =F15*(1-Скидка_JTAPE) -> 554.4 | K15: =G15*J15 -> 0
A17: 0 | B17: 2106.1910 | C17: JTAPE Двусторонняя клеящая монтажная лента, толщина 0,8мм, 19мм х 10м | D17: 10 | E17: 5.66 | F17: =ROUND(E17*Курс_EUR,2) -> 594.3 | H17: =E17*(1-Скидка_JTAPE) -> 5.66 | I17: =H17*G17 -> 0 | J17: =F17*(1-Скидка_JTAPE) -> 594.3 | K17: =G17*J17 -> 0
A18: 0 | B18: 2106.2510 | C18: JTAPE Двусторонняя клеящая монтажная лента, толщина 0,8мм, 25мм х 10м | D18: 10 | E18: 7.48 | F18: =ROUND(E18*Курс_EUR,2) -> 785.4 | H18: =E18*(1-Скидка_JTAPE) -> 7.48 | I18: =H18*G18 -> 0 | J18: =F18*(1-Скидка_JTAPE) -> 785.4 | K18: =G18*J18 -> 0
A20: 0 | B20: 2108.1210 | C20: JTAPE Двусторонняя акриловая лента высокой прочности, толщина 0,5мм, 12мм х 10м | D20: 10 | E20: 8.98 | F20: =ROUND(E20*Курс_EUR,2) -> 942.9 | H20: =E20*(1-Скидка_JTAPE) -> 8.98 | I20: =H20*G20 -> 0 | J20: =F20*(1-Скидка_JTAPE) -> 942.9 | K20: =G20*J20 -> 0
B23: Существует гибкая система скидок для оптовых покупателей

Sheet Abrex
B2: Прайс - лист
B3: на шлифовальный ручной инструмент "ABREX-SYSTEM" (Италия)
B4: Санкт-Петербург, 194362, пос.Парголово, Горское шоссе 6, логопарк "Осиновая Роща" | K4: Скидка: | L4: 0
B5: т./ф. + 7 (812) 640 4240 e-mail: info@lion-group.ru www.lion-group.ru | D5: Содержание | F5: =Курс_EUR -> 105 | I5: Сумма заказа, У.Е.: | J5: =SUM(J7:J14) -> 0 | K5: РУБ: | L5: =SUM(L7:L14) -> 0
A6: Изм. цены % | B6: Код | C6: Наименование товара | D6: Упаковка | E6: Ед.изм. | F6: Рекоменд. Цена У.Е. | G6: Рекоменд. Цена РУБ | H6: Заказ | I6: Цена со скидкой | J6: Сумма У.Е. | K6: Цена со скидкой | L6: Сумма РУБ
B7: Промежуточные прокладки
A8: 0 | B8: CMOD0815200 | C8: Мягкая прокладка 150мм на липучке, без пылеотвода, 10мм | D8: 10 шт. | E8: шт. | F8: 7.12 | G8: =ROUND(F8*Курс_EUR,2) -> 747.6 | I8: =F8*(1-Скидка_ABREX) -> 7.12 | J8: =I8*H8 -> 0 | K8: =G8*(1-Скидка_ABREX) -> 747.6 | L8: =H8*K8 -> 0
B9: Ручной шлифовальный инструмент
A10: 0 | B10: B57R0021121 | C10: Широкий шлифок 115 х 230мм на липучке, 10 отв. + адаптор для Ø29мм шланга | D10: 1 шт. | E10: шт. | F10: 38 | G10: =ROUND(F10*Курс_EUR,2) -> 3990 | I10: =F10*(1-Скидка_ABREX) -> 38 | J10: =I10*H10 -> 0 | K10: =G10*(1-Скидка_ABREX) -> 3990 | L10: =H10*K10 -> 0
A11: 0 | B11: B60R8190153 | C11: Набор для шлифования выпуклых и вогнутых поверхностей (широкий шлифок 115 х 230мм, 3 накладки, регулятор пылеотсоса) | D11: 1 шт. | E11: шт. | F11: 106 | G11: =ROUND(F11*Курс_EUR,2) -> 11130 | I11: =F11*(1-Скидка_ABREX) -> 106 | J11: =I11*H11 -> 0 | K11: =G11*(1-Скидка_ABREX) -> 11130 | L11: =H11*K11 -> 0
A12: 0 | B12: CMODA741227 | C12: Ручной шлифовальный блок жёсткий/мягкий на микролипучке для листов 70х125мм | D12: 1 шт. | E12: шт. | F12: 12 | G12: =ROUND(F12*Курс_EUR,2) -> 1260 | I12: =F12*(1-Скидка_ABREX) -> 12 | J12: =I12*H12 -> 0 | K12: =G12*(1-Скидка_ABREX) -> 1260 | L12: =H12*K12 -> 0
A13: 0 | B13: B1170007000 | C13: Устройство для очистки шпателей | D13: 1 шт. | E13: шт. | F13: 29 | G13: =ROUND(F13*Курс_EUR,2) -> 3045 | I13: =F13*(1-Скидка_ABREX) -> 29 | J13: =I13*H13 -> 0 | K13: =G13*(1-Скидка_ABREX) -> 3045 | L13: =H13*K13 -> 0
A14: 0 | B14: B1170008000 | C14: Настенный стенд для ручного шлифовального инструмента 690 х 580 мм | D14: 1 шт. | E14: шт. | F14: 25 | G14: =ROUND(F14*Курс_EUR,2) -> 2625 | I14: =F14*(1-Скидка_ABREX) -> 25 | J14: =I14*H14 -> 0 | K14: =G14*(1-Скидка_ABREX) -> 2625 | L14: =H14*K14 -> 0
B16: Существует гибкая система скидок для оптовых покупателей
